Workbook

Sheet Sources and Contents
A1: Item | B1: Source | C1: File link (internal) or URL (external) | D1: Notes
A2: 5-and-under population by age | B2: Stats NZ Infoshare | C2: Population 5 and under 2015-2024.csv
A3: Stats NZ projected births | B3: Stats NZ | C3: Stats_NZ_Population_Projections.xlsx
A4: ECE participation by age | B4: Ministry of Education | C4: Participation in ECE 2000-2024.xlsx
A5: ECE teaching staff by full or part time status | B5: Ministry of Education | C5: ECE teaching staff by full or part time status 2011-2024.xlsx
A6: Hours worked | B6: Stats NZ IDI | C6: CONFIDENTIALISED ANZSIC activity dimensions.xlsx | D6: Sheet idi.anzsic_x_hoursworked. Used to adjust for FTE.
A7: Playcentre ratios and qualified staffing | B7: Playcentre NZ | C7: Supervision Requirements | Playcentre.org.nz
A8: Home-based and Centre-based Teacher-led ratios | B8: Legislation.govt.nz | C8: Education (Early Childhood Services) Amendment Regulations 2011 (SR 2011/198) Schedule New Schedule 2 substituted – New Zealand Legislation
A9: ECE services directory | B9: Ministry of Education | C9: Early Childhood Services | Education Counts | D9: As at 12 June 2025. Used as basis for 2025 demand.
A10: Licensed places information | B10: Ministry of Education | C10: ECE Directory - Download the whole directory | D10: Used to forecast licensed places for Max Occupancy scenario.
A11: Market age breakdown | B11: Ministry of Education | C11: ECE participation 2021-2024 pivot - by age and service type.xlsx | D11: Used to calculate proportion of attendees in each age/age group.
A12: ECE teachers by qualification status | B12: Ministry of Education | C12: Number of teaching staff by qualification status (2011-2024) | D12: Used as base to calculate historic FTE workforce and qualified workforce.
A13: Observed adult:child ratios | B13: Ministry of Education | C13: ECE adult to child ratios 2023-2024.xlsx | D13: Used to calculate observed ratios for kindergarten + education & care services.
A14: 2025 roll numbers | B14: Ministry of Education | C14: ECE services directory.csv | D14: Live version should be the same. Proportions calculated in Power BI, exported then pasted in here.
A15: Stats NZ population forecast | B15: Statistics NZ Aotearoa Data Explorer | C15: Aotearoa Data Explorer • National population projections, by age and sex, 2024(base)-2078
A16: Regional population data | B16: Stats NZ Infoshare | C16: Infoshare Estimated Resident Population for Regional Council Areas, as at 30 June (1996+) (Annual-Jun)
A17: Estimated historic under-5 population in Auckland | B17: Stats NZ via Figure.nz | C17: Table: Population - Estimated population in Auckland by sex, age group, and local board area at June 1996–2024 - Figure.NZ
A20: Sheet label | B20: Type | C20: Description
A21: T1 | B21: Table | C21: Population under 5 2015-2024 with growth from migration values
A22: T2 | B22: Table | C22: Population forecast - Stats NZ
A23: T3 | B23: Table | C23: Population forecast for Auckland using Stats NZ forecast as base, and low, medium, and high observed proportion of population to extrapolate Auckland population forecast
A24: T5 | B24: Table | C24: ECE participation rate calculation by age
A25: T6 | B25: Table | C25: Demand forecast - low participation in ECE
A26: T7 | B26: Table | C26: Demand forecast - medium participation in ECE
A27: T8 | B27: Table | C27: Demand forecast - high participation in ECE
A28: T15 | B28: Table | C28: Demand forecast - low as low participation, medium as medium participation, high as high participation
... A46: Opportunities | B46: List | C46: List of opportunities to extend or improve this product.

Sheet Assumptions
A1: Assumption | B1: Assumption details
A2: Migration | B2: Our migration calculations assume that border controls like those seen in 2021 and 2022 will not occur again in the forecast period.
A3: Market share | B3: Teacher demand projections assume that each service type will hold the mean market share that it has held between 2021-2025. This may result in an overestimation of the number of qualified teachers needed, because kindergarten market share has significantly reduced over that period while education & care market share has significantly increased.
A4: Regulatory settings - ratios | B4: We assume that regulatory requirements for adult-to-child ratios will remain the same.
A5: FTE | B5: We assume that - the average weekly work hours for ECE workers reported in the census are a suitable approximation of hours actually worked - that prior to 2018, average weekly hours worked were the same as they were at the time of the 2018 census - that work demands will continue to change at the same rate that they did between 2018 and 2023
A6: Workforce demand | B6: We assume that workforce demand is influenced by regulated ratios, that the demand for qualified teachers within the overall workforce is influenced by funding levels, and that ratios are relevant to the number of children actually in attendance at any given time.
A7: All services are all-day | B7: To simplify estimations, our model applies all-day ratios for all services and participants. See the Limitations table for information about how this impacts the accuracy of our estimates.
A8: Service types | B8: For the purposes of forecasting in the scenario of all licensed places being used, we assume that Puna Reo, Reo Rua Education and Care, Leo o Fanau Moana Bilingual, and Leo o Fanau Moana Immersion services have previously fallen under the Education and Care service type.
A9: Licensed places | B9: The proportion of places licensed for under-2s will follow historic trends, regardless of low rates of participation by under-2s.
A10: Attendance | B10: We assume that attendance will continue at the same rate it was measured in 2024 for service types covered in the ECE census hours of participation data, and that attendance at other service types will average 24 hours per week.
A11: Service types | B11: For the purpose of forecasting market share for services that require enrolment, we assume that attendance at Casual Education and Care + Hospital-based services is not relevant.
A12: Max occupancy | B12: The max occupancy scenario assumes that licensed places will continue to grow at the mean rate observed from 2015-2024, and that all licensed places will be in use all of the time. It does not account for the relationship between licensed places and service numbers or population.
... A15: Ratios | B15: We assume that staffing ratios for services in the Auckland region are generally the same as they are in the rest of the country.

Sheet Limitations
A1: Limitation | B1: Description
A2: Sessional services are not accounted for | B2: We do not have data about how many services are all-day and how many are sessional. To simplify estimations, our model applies all-day ratios for all services and participants. In reality, many services are sessional. Ratios for sessional services are different to all-day centre-based services. This means that our model will overestimate the number of full-time equivalent staff needed to meet market demand.
A3: New service types' old categorisations are unknown | B3: Four new service types have been introduced in 2025. We do not know which categories the services were in before the new types were introduced, so our forecast has placed all of them into the prior-existing service type that required the lowest concentration of qualified staff.
A4: New categories are not accounted for | B4: We do not have historic data about services in the new service types, so we have not distinguished them in our forecasting model.
A5: 5-year-olds are not accounted for | B5: Our model does not account for 5-year-olds attending ECE services.
A6: No staffing information for Kōhanga Reo | B6: The Ministry of Education does not publish statistical or demographic data about teachers in Kōhanga Reo services. As such, we cannot build Kōhanga Reo into our model in the same way that other centre-based, teacher-led services can be built in.
A7: Licensed places forecasting | B7: Forecasting of licensed places considers only historic patterns in licensed places. It does not consider the relationship between the number of enrolled children or the number of active services with the number of licensed places.
A8: Market breakdown by age | B8: The total numbers returned by the Education Counts participation pivot table for age x service type are significantly higher than the total numbers returned in single-dimension tables from the ECE census. To mitigate this limitation, the proportions for each age are calculated using the pivot table, then applied over the total numbers from the participation by service type file.
A9: Accuracy differs between levels of detail | B9: This model has tested well when used as a high-level overview tool, but results are less accurate when looking at detailed parts. Model results for specific service types are likely to be further from reality due to our model's use of mean averages to predict potential future demand. For example, results for the number of children expected to attend home-based services will likely be well above actual attendance, and results for the number of children expected to attend education and care services will likely be below actual numbers. Both of these service types have strong and enduring trends that are not reflected when we use observed means to predict demand.

Sheet Definitions
A1: Term | B1: Description
A2: Low participation | B2: The lowest observed rate of participation in ECE for the period 2015-2024. Calculated using age-specific participation numbers.
A3: Medium participation | B3: The mean observed rate of participation in ECE for the period 2015-2024. Calculated using age-specific participation numbers.
A4: High participation | B4: The maximum observed rate of participation in ECE for the period 2015-2024. Calculated using age-specific participation numbers.
A5: Population | B5: The number of people of each age for each year. Source data was Aotearoa Data Explorer National Population Projection by year and age values.
A6: FTE | B6: Full-time (40 hours) equivalents. 'FTE' describes the number of people needed to do the work if each person worked 40 hours. In practice, FTE can be shared across multiple staff members, so headcounts are usually much higher than FTE.
A7: Low workforce demand | B7: Minimum required staffing assuming that the lowest-demand scenario occurs.
A8: Medium workforce demand | B8: Minimum required staffing assuming that the medium-demand scenario occurs.
A9: High workforce demand | B9: Minimum required staffing assuming that the high-demand scenario occurs.
A10: Realised demand | B10: The number of FTE that the model expects would have been needed to achieve minimum regulated ratios.
A11: Market share | B11: The percentage of participants in a specific service type. Calculated as (number of participants in service type)/(total number of participants)
A12: Low qualified workforce demand | B12: Minimum required staffing assuming that the lowest demand scenario occurs and providers choose to hire the minimum regulated or targeted amount of qualified teachers for their service type.
... A14: High qualified workforce demand | B14: Minimum required qualified FTE workforce assuming that the highest demand scenario occurs and providers choose to hire or train all of their staff to be qualified teachers.

Sheet Methodology
A1: METHODOLOGY
A2: Overview - flow chart
A5: Demand for ECE places
A6: Approach
A7: Stats NZ population estimates are used as the starting value. To estimate demand for ECE places for each age group (Under-2, 2, and 3+), observed rates of participation in ECE are applied to per-age population predictions. To estimate demand for places in each service type, the estimated demand is modified by the observed share of participation for each service type. Mean share of participation is used for this step, as mean shares sum to 1. To estimate the number of adult staff needed in the ECE industry, the estimated demand for service type is multiplied by the proportionalised adult-to-child ratio. To estimate the number of qualified teachers needed in the ECE industry, the estimated number of adult staff needed is multiplied by the service type's targeted (Kindergarten) or regulated (other service types) percentage of qualified teachers. 50% (or targeted (Kindergarten) or regulated (Home-based) minimum), 80%, and 100% scenarios are calculated to produce Low, Medium, and High demand scenarios. These percentages are based on the thresholds for funding bands. A fourth scenario, in which all service types operate at 100% occupancy, is also allowed for. This scenario is labelled 'Maximum occupancy'. The maximum occupancy scenario assumes that all licensed places in all services will be in use all of the time. It uses observed mean rates of change in the number of licensed places for each service type, and applies minimum ratios to predict the size of the workforce necessary to support the industry if every licensed place was occupied in every hour it was available. All numbers are rounded to the nearest multiple of 5, unless this would result in a zero. Where results would be zero, they are rounded to the nearest whole number.
A9: Starting variables
A10: Symbol | B10: Description | C10: Equation
A11: a1 | B11: Stats NZ actual population estimate by age for years 2015-2024
A12: a2 | B12: Stats NZ population estimate by age for years 2025-2035
A13: d | B13: Observed ECE participation rate for age (0-4) | C13: number of people participating in ECE ÷ number of people in population of interest
A14: e | B14: Market share for service type | C14: number of people participating in service type ÷ number of people participating in ECE
A15: f | B15: Total staff ratio multiplier | C15: stated number of adults ÷ stated number of children
A16: g | B16: Qualified staff percentage
A17: h | B17: Number of licensed places | C17: prior year's # licensed places * (1 + applicable change multiplier)
A18: i | B18: Average hours worked as reported in census for ANZSIC (either average or derived from average using straight-line method)
B20: FOR EACH age in {0, 1, 2, 3, 4}
A22: j | B22: Expected population = | C22: a1 for cohorts born prior to 2025 or a2 for future cohorts
A23: k | B23: Expected total demand for ECE places = | C23: j * d
B24: FOR EACH service type
A25: l | B25: Expected demand for ECE places = | C25: ( j * d ) * e
A26: m | B26: Expected FTE workforce needed = | C26: i * (sum all ( l * f ) results)
A27: n | B27: Expected qualified FTE teachers needed = | C27: i * ( sum all ( m * g ) results )
A29: Workforce supply
A30: ECE census data indicates steady growth in the workforce from 2016-2024 with all data points fitting well to a straight trend line. Because of this, our workforce supply estimates take a simple straight-line approach. Improving supply modelling is an opportunity identified in the Opportunities page.

Sheet T1
A1: Starting population | I1: year-on-year % change in cohort size
A2: Year | B2: 0 Years | C2: 1 Years | D2: 2 Years | E2: 3 Years | F2: 4 Years | G2: 5 Years | H2: Total | I2: 0 Years | J2: 1 Years | K2: 2 Years | L2: 3 Years | M2: 4 Years | N2: 5 Years
A3: 2015 | B3: 58870 | C3: 59020 | D3: 61290 | E3: 62450 | F3: 63580 | G3: 65080 | H3: =SUM(B3:G3) -> 370290
A4: 2016 | B4: 59400 | C4: 59550 | D4: 59980 | E4: 62440 | F4: 63340 | G4: 64400 | H4: =SUM(B4:G4) -> 369110 | I4: =(B4/B3)-1 -> 0.0090028877 | J4: =(C4/C3)-1 -> 0.0089800068 | K4: =(D4/D3)-1 -> -0.021373797 | L4: =(E4/E3)-1 -> -0.0001601281 | M4: =(F4/F3)-1 -> -0.0037747719 | N4: =(G4/G3)-1 -> -0.010448679 | P4: =SUM(B4:C4) -> 118950 | Q4: =SUM(D4:F4) -> 185760 | S4: 185760
A5: 2017 | B5: 60150 | C5: 59970 | D5: 60760 | E5: 61180 | F5: 63460 | G5: 64350 | H5: =SUM(B5:G5) -> 369870 | I5: =(B5/B4)-1 -> 0.012626263 | J5: =(C5/C4)-1 -> 0.0070528967 | K5: =(D5/D4)-1 -> 0.013004335 | L5: =(E5/E4)-1 -> -0.020179372 | M5: =(F5/F4)-1 -> 0.0018945374 | N5: =(G5/G4)-1 -> -0.00077639752 | P5: =SUM(B5:C5) -> 120120 | Q5: =SUM(D5:F5) -> 185400 | S5: 185400
A6: 2018 | B6: 59530 | C6: 60520 | D6: 60890 | E6: 61880 | F6: 62210 | G6: 64430 | H6: =SUM(B6:G6) -> 369460 | I6: =(B6/B5)-1 -> -0.010307564 | J6: =(C6/C5)-1 -> 0.0091712523 | K6: =(D6/D5)-1 -> 0.0021395655 | L6: =(E6/E5)-1 -> 0.011441648 | M6: =(F6/F5)-1 -> -0.019697447 | N6: =(G6/G5)-1 -> 0.0012432012 | P6: =SUM(B6:C6) -> 120050 | Q6: =SUM(D6:F6) -> 184980 | S6: 184980
A7: 2019 | B7: 59640 | C7: 59750 | D7: 61290 | E7: 61790 | F7: 62860 | G7: 63270 | H7: =SUM(B7:G7) -> 368600 | I7: =(B7/B6)-1 -> 0.0018478078 | J7: =(C7/C6)-1 -> -0.012723067 | K7: =(D7/D6)-1 -> 0.0065692232 | L7: =(E7/E6)-1 -> -0.0014544279 | M7: =(F7/F6)-1 -> 0.010448481 | N7: =(G7/G6)-1 -> -0.018004035 | P7: =SUM(B7:C7) -> 119390 | Q7: =SUM(D7:F7) -> 185940 | S7: 185940
A8: 2020 | B8: 59330 | C8: 60080 | D8: 60610 | E8: 62410 | F8: 62770 | G8: 63900 | H8: =SUM(B8:G8) -> 369100 | I8: =(B8/B7)-1 -> -0.0051978538 | J8: =(C8/C7)-1 -> 0.0055230126 | K8: =(D8/D7)-1 -> -0.011094795 | L8: =(E8/E7)-1 -> 0.010033986 | M8: =(F8/F7)-1 -> -0.0014317531 | N8: =(G8/G7)-1 -> 0.0099573257 | P8: =SUM(B8:C8) -> 119410 | Q8: =SUM(D8:F8) -> 185790 | S8: 185790
A9: 2021 | B9: 60860 | C9: 59520 | D9: 60420 | E9: 60930 | F9: 62640 | G9: 62990 | H9: =SUM(B9:G9) -> 367360 | I9: =(B9/B8)-1 -> 0.025787966 | J9: =(C9/C8)-1 -> -0.0093209055 | K9: =(D9/D8)-1 -> -0.0031347962 | L9: =(E9/E8)-1 -> -0.023714148 | M9: =(F9/F8)-1 -> -0.0020710531 | N9: =(G9/G8)-1 -> -0.014241002 | P9: =SUM(B9:C9) -> 120380 | Q9: =SUM(D9:F9) -> 183990 | S9: 183990
A10: 2022 | B10: 60340 | C10: 60720 | D10: 59670 | E10: 60840 | F10: 61160 | G10: 62710 | H10: =SUM(B10:G10) -> 365440 | I10: =(B10/B9)-1 -> -0.0085441998 | J10: =(C10/C9)-1 -> 0.02016129 | K10: =(D10/D9)-1 -> -0.012413108 | L10: =(E10/E9)-1 -> -0.0014771049 | M10: =(F10/F9)-1 -> -0.023627075 | N10: =(G10/G9)-1 -> -0.00444515 | P10: =SUM(B10:C10) -> 121060 | Q10: =SUM(D10:F10) -> 181670 | S10: 181670
A11: 2023 | B11: 56840 | C11: 60790 | D11: 61490 | E11: 60840 | F11: 62350 | G11: 62620 | H11: =SUM(B11:G11) -> 364930 | I11: =(B11/B10)-1 -> -0.05800464 | J11: =(C11/C10)-1 -> 0.0011528327 | K11: =(D11/D10)-1 -> 0.030501089 | L11: =(E11/E10)-1 -> 0 | M11: =(F11/F10)-1 -> 0.019457162 | N11: =(G11/G10)-1 -> -0.0014351778 | P11: =SUM(B11:C11) -> 117630 | Q11: =SUM(D11:F11) -> 184680 | S11: 184680
A12: 2024 | B12: 57070 | C12: 57190 | D12: 61700 | E12: 62510 | F12: 62230 | G12: 63930 | H12: =SUM(B12:G12) -> 364630 | I12: =(B12/B11)-1 -> 0.0040464462 | J12: =(C12/C11)-1 -> -0.059220266 | K12: =(D12/D11)-1 -> 0.0034151895 | L12: =(E12/E11)-1 -> 0.027449047 | M12: =(F12/F11)-1 -> -0.0019246191 | N12: =(G12/G11)-1 -> 0.020919834 | P12: =SUM(B12:C12) -> 114260 | Q12: =SUM(D12:F12) -> 186440 | S12: 186440
A14: Net migration increase
A15: 2015
A16: 2016 | C16: =C4-B3 -> 680 | D16: =D4-C3 -> 960 | E16: =E4-D3 -> 1150 | F16: =F4-E3 -> 890 | G16: =G4-F3 -> 820
A17: 2017 | C17: =C5-B4 -> 570 | D17: =D5-C4 -> 1210 | E17: =E5-D4 -> 1200 | F17: =F5-E4 -> 1020 | G17: =G5-F4 -> 1010
A18: 2018 | C18: =C6-B5 -> 370 | D18: =D6-C5 -> 920 | E18: =E6-D5 -> 1120 | F18: =F6-E5 -> 1030 | G18: =G6-F5 -> 970
A19: 2019 | C19: =C7-B6 -> 220 | D19: =D7-C6 -> 770 | E19: =E7-D6 -> 900 | F19: =F7-E6 -> 980 | G19: =G7-F6 -> 1060
A20: 2020 | C20: =C8-B7 -> 440 | D20: =D8-C7 -> 860 | E20: =E8-D7 -> 1120 | F20: =F8-E7 -> 980 | G20: =G8-F7 -> 1040
A21: 2021 | C21: =C9-B8 -> 190 | D21: =D9-C8 -> 340 | E21: =E9-D8 -> 320 | F21: =F9-E8 -> 230 | G21: =G9-F8 -> 220
A22: 2022 | C22: =C10-B9 -> -140 | D22: =D10-C9 -> 150 | E22: =E10-D9 -> 420 | F22: =F10-E9 -> 230 | G22: =G10-F9 -> 70
A23: 2023 | C23: =C11-B10 -> 450 | D23: =D11-C10 -> 770 | E23: =E11-D10 -> 1170 | F23: =F11-E10 -> 1510 | G23: =G11-F10 -> 1460
A24: 2024 | C24: =C12-B11 -> 350 | D24: =D12-C11 -> 910 | E24: =E12-D11 -> 1020 | F24: =F12-E11 -> 1390 | G24: =G12-F11 -> 1580
G25: Estimated total increase in under-6 population arising from migration | H25: =SUM(C16:G24) -> 34930
A27: Net % increase from migration
A28: 2015
A29: 2016 | C29: =C16/B3 -> 0.011550875 | D29: =D16/C3 -> 0.016265673 | E29: =E16/D3 -> 0.018763257 | F29: =F16/E3 -> 0.014251401 | G29: =G16/F3 -> 0.012897137
A30: 2017 | C30: =C17/B4 -> 0.0095959596 | D30: =D17/C4 -> 0.02031906 | E30: =E17/D4 -> 0.020006669 | F30: =F17/E4 -> 0.016335682 | G30: =G17/F4 -> 0.01594569
A31: 2018 | C31: =C18/B5 -> 0.0061512884 | D31: =D18/C5 -> 0.015341004 | E31: =E18/D5 -> 0.01843318 | F31: =F18/E5 -> 0.016835567 | G31: =G18/F5 -> 0.015285219
A32: 2019 | C32: =C19/B6 -> 0.0036956157 | D32: =D19/C6 -> 0.012723067 | E32: =E19/D6 -> 0.014780752 | F32: =F19/E6 -> 0.015837104 | G32: =G19/F6 -> 0.017039061
A33: 2020 | C33: =C20/B7 -> 0.0073775989 | D33: =D20/C7 -> 0.014393305 | E33: =E20/D7 -> 0.01827378 | F33: =F20/E7 -> 0.015860172 | G33: =G20/F7 -> 0.016544703
A34: 2021 | C34: =C21/B8 -> 0.0032024271 | D34: =D21/C8 -> 0.0056591212 | E34: =E21/D8 -> 0.0052796568 | F34: =F21/E8 -> 0.0036853068 | G34: =G21/F8 -> 0.003504859
A35: 2022 | C35: =C22/B9 -> -0.0023003615 | D35: =D22/C9 -> 0.0025201613 | E35: =E22/D9 -> 0.0069513406 | F35: =F22/E9 -> 0.0037748236 | G35: =G22/F9 -> 0.0011174968
A36: 2023 | C36: =C23/B10 -> 0.0074577395 | D36: =D23/C10 -> 0.012681159 | E36: =E23/D10 -> 0.019607843 | F36: =F23/E10 -> 0.024819198 | G36: =G23/F10 -> 0.023871812
A37: 2024 | C37: =C24/B11 -> 0.0061576355 | D37: =D24/C11 -> 0.014969567 | E37: =E24/D11 -> 0.016588063 | F37: =F24/E11 -> 0.022846811 | G37: =G24/F11 -> 0.025340818
A41: Min | C41: =MIN(C29:C37) -> -0.0023003615 | D41: =MIN(D29:D37) -> 0.0025201613 | E41: =MIN(E29:E37) -> 0.0052796568 | F41: =MIN(F29:F37) -> 0.0036853068 | G41: =MIN(G29:G37) -> 0.0011174968
A42: Mean | C42: =AVERAGE(C29:C37) -> 0.0058765309 | D42: =AVERAGE(D29:D37) -> 0.012763569 | E42: =AVERAGE(E29:E37) -> 0.015409394 | F42: =AVERAGE(F29:F37) -> 0.01491623 | G42: =AVERAGE(G29:G37) -> 0.014616311
A43: Median | C43: =MEDIAN(C29:C37) -> 0.0061576355 | D43: =MEDIAN(D29:D37) -> 0.014393305 | E43: =MEDIAN(E29:E37) -> 0.01827378 | F43: =MEDIAN(F29:F37) -> 0.015860172 | G43: =MEDIAN(G29:G37) -> 0.01594569
A44: Max | C44: =MAX(C29:C37) -> 0.011550875 | D44: =MAX(D29:D37) -> 0.02031906 | E44: =MAX(E29:E37) -> 0.020006669 | F44: =MAX(F29:F37) -> 0.024819198 | G44: =MAX(G29:G37) -> 0.025340818

Sheet T2
A1: POPULATION FORECAST: STATS NZ GRANULAR POPULATION FORECASTS
A2: Applied rate of increase | F2: 0.0036956157 | I2: 0.012681159 | L2: 0.014780752 | O2: 0.014251401
B3: 0 years* | E3: 1 years | H3: 2 years | K3: 3 years | N3: 4 years | Q3: Total | U3: Total under 2s | Y3: Total 2+s
A4: Year | B4: Low | C4: Median | D4: High | E4: Low | F4: Median | G4: High | H4: Low | I4: Median | J4: High | K4: Low | L4: Median | M4: High | N4: Low | O4: Median | P4: High | Q4: Low | R4: Actual | S4: Median | T4: High | U4: Low | V4: Actual | W4: Medium | X4: High | Y4: Low | Z4: Actual | AA4: Medium | AB4: High
A5: 2015 | C5: 58870 | F5: 59020 | I5: 61290 | L5: 62450 | O5: 63580 | R5: =SUM(C5,F5,I5,L5,O5) -> 305210 | V5: =SUM(C5,F5) -> 117890 | Z5: =SUM(I5,L5,O5) -> 187320
A6: 2016 | C6: 59400 | F6: 59550 | I6: 59980 | L6: 62440 | O6: 63340 | R6: =SUM(C6,F6,I6,L6,O6) -> 304710 | V6: =SUM(C6,F6) -> 118950 | Z6: =SUM(I6,L6,O6) -> 185760
A7: 2017 | C7: 60150 | F7: 59970 | I7: 60760 | L7: 61180 | O7: 63460 | R7: =SUM(C7,F7,I7,L7,O7) -> 305520 | V7: =SUM(C7,F7) -> 120120 | Z7: =SUM(I7,L7,O7) -> 185400
A8: 2018 | C8: 59530 | F8: 60520 | I8: 60890 | L8: 61880 | O8: 62210 | R8: =SUM(C8,F8,I8,L8,O8) -> 305030 | V8: =SUM(C8,F8) -> 120050 | Z8: =SUM(I8,L8,O8) -> 184980
A9: 2019 | C9: 59640 | F9: 59750 | I9: 61290 | L9: 61790 | O9: 62860 | R9: =SUM(C9,F9,I9,L9,O9) -> 305330 | V9: =SUM(C9,F9) -> 119390 | Z9: =SUM(I9,L9,O9) -> 185940
A10: 2020 | C10: 59330 | F10: 60080 | I10: 60610 | L10: 62410 | O10: 62770 | R10: =SUM(C10,F10,I10,L10,O10) -> 305200 | V10: =SUM(C10,F10) -> 119410 | Z10: =SUM(I10,L10,O10) -> 185790
A11: 2021 | C11: 60860 | F11: 59520 | I11: 60420 | L11: 60930 | O11: 62640 | R11: =SUM(C11,F11,I11,L11,O11) -> 304370 | V11: =SUM(C11,F11) -> 120380 | Z11: =SUM(I11,L11,O11) -> 183990
A12: 2022 | C12: 60340 | F12: 60720 | I12: 59670 | L12: 60840 | O12: 61160 | R12: =SUM(C12,F12,I12,L12,O12) -> 302730 | V12: =SUM(C12,F12) -> 121060 | Z12: =SUM(I12,L12,O12) -> 181670
A13: 2023 | C13: 56840 | F13: 60790 | I13: 61490 | L13: 60840 | O13: 62350 | R13: =SUM(C13,F13,I13,L13,O13) -> 302310 | V13: =SUM(C13,F13) -> 117630 | Z13: =SUM(I13,L13,O13) -> 184680
A14: 2024 | C14: 57070 | F14: 57190 | I14: 61700 | L14: 62510 | O14: 62230 | Q14: 300700 | R14: =SUM(C14,F14,I14,L14,O14) -> 300700 | S14: 300700 | T14: 300700 | U14: =V14 -> 114260 | V14: =SUM(C14,F14) -> 114260 | W14: =V14 -> 114260 | X14: =V14 -> 114260 | Y14: =Z14 -> 186440 | Z14: =SUM(I14,L14,O14) -> 186440 | AA14: =Z14 -> 186440 | AB14: =Z14 -> 186440
A15: 2025 | B15: 56850 | C15: 58130 | D15: 59320 | E15: 56790 | F15: 57030 | G15: 57240 | H15: 57140 | I15: 57380 | J15: 57570 | K15: 61720 | L15: 61980 | M15: 62170 | N15: 62610 | O15: 62890 | P15: 63050 | Q15: =SUM(B15,E15,H15,K15,N15) -> 295110 | S15: =SUM(C15,F15,I15,L15,O15) -> 297410 | T15: =SUM(D15,G15,J15,M15,P15) -> 299350 | U15: =SUM(B15,E15) -> 113640 | W15: =SUM(C15,F15) -> 115160 | X15: =SUM(D15,F15) -> 116350 | Y15: =SUM(I15,L15,O15) -> 182250 | AA15: =SUM(I15,L15,O15) -> 182250 | AB15: =SUM(I15,L15,O15) -> 182250
A16: 2026 | B16: 56100 | C16: 58140 | D16: 59990 | E16: 56510 | F16: 58120 | G16: 59390 | H16: 56880 | I16: 57260 | J16: 57580 | K16: 57290 | L16: 57700 | M16: 58050 | N16: 61950 | O16: 62400 | P16: 62760 | Q16: =SUM(B16,E16,H16,K16,N16) -> 288730 | S16: =SUM(C16,F16,I16,L16,O16) -> 293620 | T16: =SUM(O16,L16,I16,G16,D16) -> 296740 | U16: =SUM(B16,E16) -> 112610 | W16: =SUM(C16,F16) -> 116260 | X16: =SUM(D16,G16) -> 119380 | Y16: =SUM(I16,L16,O16) -> 177360 | AA16: =SUM(I16,L16,O16) -> 177360 | AB16: =SUM(I16,L16,O16) -> 177360
A17: 2027 | B17: 55500 | C17: 58130 | D17: 60480 | E17: 56090 | F17: 58160 | G17: 60080 | H17: 56750 | I17: 58380 | J17: 59670 | K17: 57060 | L17: 57620 | M17: 58130 | N17: 57540 | O17: 58160 | P17: 58710 | Q17: =SUM(B17,E17,H17,K17,N17) -> 282940 | S17: =SUM(C17,F17,I17,L17,O17) -> 290450 | T17: =SUM(O17,L17,J17,G17,D17) -> 296010 | U17: =SUM(B17,E17) -> 111590 | W17: =SUM(C17,F17) -> 116290 | X17: =SUM(D17,G17) -> 120560 | Y17: =SUM(H17,L17,O17) -> 172530 | AA17: =SUM(I17,L17,O17) -> 174160 | AB17: =SUM(J17,L17,O17) -> 175450
A18: 2028 | B18: 55090 | C18: 58100 | D18: 60960 | E18: 55470 | F18: 58170 | G18: 60580 | H18: 56360 | I18: 58450 | J18: 60380 | K18: 57080 | L18: 58770 | M18: 60140 | N18: 57370 | O18: 58110 | P18: 58750 | Q18: =SUM(B18,E18,H18,K18,N18) -> 281370 | S18: =SUM(C18,F18,I18,L18,O18) -> 291600 | T18: =SUM(O18,M18,J18,G18,D18) -> 300170 | U18: =SUM(B18,E18) -> 110560 | W18: =SUM(C18,F18) -> 116270 | X18: =SUM(D18,G18) -> 121540 | Y18: =SUM(H18,K18,O18) -> 171550 | AA18: =SUM(I18,L18,O18) -> 175330 | AB18: =SUM(J18,M18,O18) -> 178630
A19: 2029 | B19: 54710 | C19: 58070 | D19: 61270 | E19: 55080 | F19: 58160 | G19: 61040 | H19: 55840 | I19: 58480 | J19: 60890 | K19: 56710 | L19: 58860 | M19: 60930 | N19: 57560 | O19: 59280 | P19: 60690 | Q19: =SUM(B19,E19,H19,K19,N19) -> 279900 | S19: =SUM(C19,F19,I19,L19,O19) -> 292850 | T19: =SUM(P19,M19,J19,G19,D19) -> 304820 | U19: =SUM(B19,E19) -> 109790 | W19: =SUM(C19,F19) -> 116230 | X19: =SUM(D19,G19) -> 122310 | Y19: =SUM(H19,K19,N19) -> 170110 | AA19: =SUM(I19,L19,O19) -> 176620 | AB19: =SUM(J19,M19,P19) -> 182510
A20: 2030 | B20: 54380 | C20: 58050 | D20: 61580 | E20: 54780 | F20: 58140 | G20: 61390 | H20: 55390 | I20: 58480 | J20: 61390 | K20: 56270 | L20: 58900 | M20: 61310 | N20: 57170 | O20: 59390 | P20: 61590 | Q20: =SUM(B20,E20,H20,K20,N20) -> 277990 | S20: =SUM(C20,F20,I20,L20,O20) -> 292960 | T20: =SUM(P20,M20,J20,G20,D20) -> 307260 | U20: =SUM(B20,E20) -> 109160 | W20: =SUM(C20,F20) -> 116190 | X20: =SUM(D20,G20) -> 122970 | Y20: =SUM(H20,K20,N20) -> 168830 | AA20: =SUM(I20,L20,O20) -> 176770 | AB20: =SUM(J20,M20,P20) -> 184290
A21: 2031 | B21: 53950 | C21: 58060 | D21: 61880 | E21: 54460 | F21: 58130 | G21: 61620 | H21: 55050 | I21: 58460 | J21: 61650 | K21: 55820 | L21: 58910 | M21: 61830 | N21: 56810 | O21: 59440 | P21: 61910 | Q21: =SUM(B21,E21,H21,K21,N21) -> 276090 | S21: =SUM(C21,F21,I21,L21,O21) -> 293000 | T21: =SUM(P21,M21,J21,G21,D21) -> 308890 | U21: =SUM(B21,E21) -> 108410 | W21: =SUM(C21,F21) -> 116190 | X21: =SUM(D21,G21) -> 123500 | Y21: =SUM(H21,K21,N21) -> 167680 | AA21: =SUM(I21,L21,O21) -> 176810 | AB21: =SUM(J21,M21,P21) -> 185390
A22: 2032 | B22: 53760 | C22: 58100 | D22: 62280 | E22: 54010 | F22: 58140 | G22: 61970 | H22: 54790 | I22: 58450 | J22: 62010 | K22: 55470 | L22: 58900 | M22: 62200 | N22: 56310 | O22: 59450 | P22: 62410 | Q22: =SUM(B22,E22,H22,K22,N22) -> 274340 | S22: =SUM(C22,F22,I22,L22,O22) -> 293040 | T22: =SUM(P22,M22,J22,G22,D22) -> 310870 | U22: =SUM(B22,E22) -> 107770 | W22: =SUM(C22,F22) -> 116240 | X22: =SUM(D22,G22) -> 124250 | Y22: =SUM(H22,K22,N22) -> 166570 | AA22: =SUM(I22,L22,O22) -> 176800 | AB22: =SUM(J22,M22,P22) -> 186620
A23: 2033 | B23: 53570 | C23: 58210 | D23: 62710 | E23: 53870 | F23: 58190 | G23: 62280 | H23: 54370 | I23: 58470 | J23: 62300 | K23: 55180 | L23: 58890 | M23: 62620 | N23: 55930 | O23: 59440 | P23: 62770 | Q23: =SUM(B23,E23,H23,K23,N23) -> 272920 | S23: =SUM(C23,F23,I23,L23,O23) -> 293200 | T23: =SUM(P23,M23,J23,G23,D23) -> 312680 | U23: =SUM(B23,E23) -> 107440 | W23: =SUM(C23,F23) -> 116400 | X23: =SUM(D23,G23) -> 124990 | Y23: =SUM(H23,K23,N23) -> 165480 | AA23: =SUM(I23,L23,O23) -> 176800 | AB23: =SUM(J23,M23,P23) -> 187690
A24: 2034 | B24: 53610 | C24: 58380 | D24: 62970 | E24: 53690 | F24: 58300 | G24: 62780 | H24: 54180 | I24: 58520 | J24: 62600 | K24: 54800 | L24: 58910 | M24: 62800 | N24: 55660 | O24: 59440 | P24: 63130 | Q24: =SUM(B24,E24,H24,K24,N24) -> 271940 | S24: =SUM(C24,F24,I24,L24,O24) -> 293550 | T24: =SUM(P24,M24,J24,G24,D24) -> 314280 | U24: =SUM(B24,E24) -> 107300 | W24: =SUM(C24,F24) -> 116680 | X24: =SUM(D24,G24) -> 125750 | Y24: =SUM(H24,K24,N24) -> 164640 | AA24: =SUM(I24,L24,O24) -> 176870 | AB24: =SUM(J24,M24,P24) -> 188530
A25: 2035 | B25: 53470 | C25: 58620 | D25: 63520 | E25: 53660 | F25: 58470 | G25: 63090 | H25: 54120 | I25: 58630 | J25: 63070 | K25: 54660 | L25: 58970 | M25: 63030 | N25: 55310 | O25: 59460 | P25: 63380 | Q25: =SUM(B25,E25,H25,K25,N25) -> 271220 | S25: =SUM(C25,F25,I25,L25,O25) -> 294150 | T25: =SUM(P25,M25,J25,G25,D25) -> 316090 | U25: =SUM(B25,E25) -> 107130 | W25: =SUM(C25,F25) -> 117090 | X25: =SUM(D25,G25) -> 126610 | Y25: =SUM(H25,K25,N25) -> 164090 | AA25: =SUM(I25,L25,O25) -> 177060 | AB25: =SUM(J25,M25,P25) -> 189480
A26: 2036 | B26: 53560 | C26: 58940 | D26: 64060 | E26: 53620 | F26: 58720 | G26: 63690 | H26: 53970 | I26: 58810 | J26: 63430 | K26: 54540 | L26: 59080 | M26: 63480 | N26: 55150 | O26: 59530 | P26: 63620 | Q26: =SUM(B26,E26,H26,K26,N26) -> 270840 | S26: =SUM(C26,F26,I26,L26,O26) -> 295080 | T26: =SUM(P26,M26,J26,G26,D26) -> 318280 | U26: =SUM(B26,E26) -> 107180 | W26: =SUM(C26,F26) -> 117660 | X26: =SUM(D26,G26) -> 127750 | Y26: =SUM(H26,K26,N26) -> 163660 | AA26: =SUM(I26,L26,O26) -> 177420 | AB26: =SUM(J26,M26,P26) -> 190530
A27: 2037 | B27: 53700 | C27: 59320 | D27: 64680 | E27: 53570 | F27: 59050 | G27: 64150 | H27: 53950 | I27: 59060 | J27: 63950 | K27: 54390 | L27: 59270 | M27: 63930 | N27: 55100 | O27: 59640 | P27: 63950 | Q27: =SUM(B27,E27,H27,K27,N27) -> 270710 | S27: =SUM(C27,F27,I27,L27,O27) -> 296340 | T27: =SUM(P27,M27,J27,G27,D27) -> 320660 | U27: =SUM(B27,E27) -> 107270 | W27: =SUM(C27,F27) -> 118370 | X27: =SUM(D27,G27) -> 128830 | Y27: =SUM(H27,K27,N27) -> 163440 | AA27: =SUM(I27,L27,O27) -> 177970 | AB27: =SUM(J27,M27,P27) -> 191830
A28: 2038 | B28: 53990 | C28: 59750 | D28: 65300 | E28: 53910 | F28: 59430 | G28: 64750 | H28: 53980 | I28: 59390 | J28: 64480 | K28: 54380 | L28: 59520 | M28: 64420 | N28: 54980 | O28: 59830 | P28: 64430 | Q28: =SUM(B28,E28,H28,K28,N28) -> 271240 | S28: =SUM(C28,F28,I28,L28,O28) -> 297920 | T28: =SUM(P28,M28,J28,G28,D28) -> 323380 | U28: =SUM(B28,E28) -> 107900 | W28: =SUM(C28,F28) -> 119180 | X28: =SUM(D28,G28) -> 130050 | Y28: =SUM(H28,K28,N28) -> 163340 | AA28: =SUM(I28,L28,O28) -> 178740 | AB28: =SUM(J28,M28,P28) -> 193330
A30: Values are from Stats NZ population projections

Sheet T3
A1: POPULATION FORECAST: STATS NZ GRANULAR POPULATION FORECASTS
A2: Applied rate of increase | F2: 0.0036956157 | I2: 0.012681159 | L2: 0.014780752 | O2: 0.014251401
B3: 0 years* | E3: 1 years | H3: 2 years | K3: 3 years | N3: 4 years | Q3: Total | U3: Total under 2s | Y3: Total 2+s
A4: Year | B4: Low | C4: Median | D4: High | E4: Low | F4: Median | G4: High | H4: Low | I4: Median | J4: High | K4: Low | L4: Median | M4: High | N4: Low | O4: Median | P4: High | Q4: Low | R4: Actual | S4: Median | T4: High | U4: Low | V4: Actual | W4: Medium | X4: High | Y4: Low | Z4: Actual | AA4: Medium | AB4: High
A5: 2015 | C5: ='T2'!C5*'Transformed-pop_x_region'!$E2 -> 19853.53 | F5: ='T2'!F5*'Transformed-pop_x_region'!$E2 -> 19904.117 | I5: ='T2'!I5*'Transformed-pop_x_region'!$E2 -> 20669.66 | L5: ='T2'!L5*'Transformed-pop_x_region'!$E2 -> 21060.862 | O5: ='T2'!O5*'Transformed-pop_x_region'!$E2 -> 21441.947 | R5: =SUM(C5,F5,I5,L5,O5) -> 102930.12 | V5: =SUM(C5,F5) -> 39757.647 | Z5: =SUM(I5,L5,O5) -> 63172.469
A6: 2016 | C6: ='T2'!C6*'Transformed-pop_x_region'!$E3 -> 20053.793 | F6: ='T2'!F6*'Transformed-pop_x_region'!$E3 -> 20104.434 | I6: ='T2'!I6*'Transformed-pop_x_region'!$E3 -> 20249.605 | L6: ='T2'!L6*'Transformed-pop_x_region'!$E3 -> 21080.116 | O6: ='T2'!O6*'Transformed-pop_x_region'!$E3 -> 21383.961 | R6: =SUM(C6,F6,I6,L6,O6) -> 102871.91 | V6: =SUM(C6,F6) -> 40158.228 | Z6: =SUM(I6,L6,O6) -> 62713.681
A7: 2017 | C7: ='T2'!C7*'Transformed-pop_x_region'!$E4 -> 20311.027 | F7: ='T2'!F7*'Transformed-pop_x_region'!$E4 -> 20250.246 | I7: ='T2'!I7*'Transformed-pop_x_region'!$E4 -> 20517.008 | L7: ='T2'!L7*'Transformed-pop_x_region'!$E4 -> 20658.83 | O7: ='T2'!O7*'Transformed-pop_x_region'!$E4 -> 21428.725 | R7: =SUM(C7,F7,I7,L7,O7) -> 103165.84 | V7: =SUM(C7,F7) -> 40561.273 | Z7: =SUM(I7,L7,O7) -> 62604.563
A8: 2018 | C8: ='T2'!C8*'Transformed-pop_x_region'!$E5 -> 20127.591 | F8: ='T2'!F8*'Transformed-pop_x_region'!$E5 -> 20462.318 | I8: ='T2'!I8*'Transformed-pop_x_region'!$E5 -> 20587.418 | L8: ='T2'!L8*'Transformed-pop_x_region'!$E5 -> 20922.146 | O8: ='T2'!O8*'Transformed-pop_x_region'!$E5 -> 21033.721 | R8: =SUM(C8,F8,I8,L8,O8) -> 103133.19 | V8: =SUM(C8,F8) -> 40589.909 | Z8: =SUM(I8,L8,O8) -> 62543.285
A9: 2019 | C9: ='T2'!C9*'Transformed-pop_x_region'!$E6 -> 20129.264 | F9: ='T2'!F9*'Transformed-pop_x_region'!$E6 -> 20166.391 | I9: ='T2'!I9*'Transformed-pop_x_region'!$E6 -> 20686.16 | L9: ='T2'!L9*'Transformed-pop_x_region'!$E6 -> 20854.917 | O9: ='T2'!O9*'Transformed-pop_x_region'!$E6 -> 21216.056 | R9: =SUM(C9,F9,I9,L9,O9) -> 103052.79 | V9: =SUM(C9,F9) -> 40295.655 | Z9: =SUM(I9,L9,O9) -> 62757.133
A10: 2020 | C10: ='T2'!C10*'Transformed-pop_x_region'!$E7 -> 19883.24 | F10: ='T2'!F10*'Transformed-pop_x_region'!$E7 -> 20134.587 | I10: ='T2'!I10*'Transformed-pop_x_region'!$E7 -> 20312.205 | L10: ='T2'!L10*'Transformed-pop_x_region'!$E7 -> 20915.439 | O10: ='T2'!O10*'Transformed-pop_x_region'!$E7 -> 21036.085 | R10: =SUM(C10,F10,I10,L10,O10) -> 102281.56 | V10: =SUM(C10,F10) -> 40017.826 | Z10: =SUM(I10,L10,O10) -> 62263.73
A11: 2021 | C11: ='T2'!C11*'Transformed-pop_x_region'!$E8 -> 20292.655 | F11: ='T2'!F11*'Transformed-pop_x_region'!$E8 -> 19845.856 | I11: ='T2'!I11*'Transformed-pop_x_region'!$E8 -> 20145.945 | L11: ='T2'!L11*'Transformed-pop_x_region'!$E8 -> 20315.995 | O11: ='T2'!O11*'Transformed-pop_x_region'!$E8 -> 20886.163 | R11: =SUM(C11,F11,I11,L11,O11) -> 101486.61 | V11: =SUM(C11,F11) -> 40138.511 | Z11: =SUM(I11,L11,O11) -> 61348.103
A12: 2022 | C12: ='T2'!C12*'Transformed-pop_x_region'!$E9 -> 20367.071 | F12: ='T2'!F12*'Transformed-pop_x_region'!$E9 -> 20495.335 | I12: ='T2'!I12*'Transformed-pop_x_region'!$E9 -> 20140.92 | L12: ='T2'!L12*'Transformed-pop_x_region'!$E9 -> 20535.84 | O12: ='T2'!O12*'Transformed-pop_x_region'!$E9 -> 20643.852 | R12: =SUM(C12,F12,I12,L12,O12) -> 102183.02 | V12: =SUM(C12,F12) -> 40862.406 | Z12: =SUM(I12,L12,O12) -> 61320.612
A13: 2023 | C13: ='T2'!C13*'Transformed-pop_x_region'!$E10 -> 19322.377 | F13: ='T2'!F13*'Transformed-pop_x_region'!$E10 -> 20665.153 | I13: ='T2'!I13*'Transformed-pop_x_region'!$E10 -> 20903.113 | L13: ='T2'!L13*'Transformed-pop_x_region'!$E10 -> 20682.15 | O13: ='T2'!O13*'Transformed-pop_x_region'!$E10 -> 21195.464 | R13: =SUM(C13,F13,I13,L13,O13) -> 102768.26 | V13: =SUM(C13,F13) -> 39987.529 | Z13: =SUM(I13,L13,O13) -> 62780.727
A14: 2024 | C14: ='T2'!C14*'Transformed-pop_x_region'!$E11 -> 19463.842 | F14: ='T2'!F14*'Transformed-pop_x_region'!$E11 -> 19504.768 | I14: ='T2'!I14*'Transformed-pop_x_region'!$E11 -> 21042.913 | L14: ='T2'!L14*'Transformed-pop_x_region'!$E11 -> 21319.165 | O14: ='T2'!O14*'Transformed-pop_x_region'!$E11 -> 21223.671 | Q14: 300700 | R14: =SUM(C14,F14,I14,L14,O14) -> 102554.36 | S14: 300700 | T14: 300700 | U14: =V14 -> 38968.61 | V14: =SUM(C14,F14) -> 38968.61 | W14: =V14 -> 38968.61 | X14: =V14 -> 38968.61 | Y14: =Z14 -> 63585.749 | Z14: =SUM(I14,L14,O14) -> 63585.749 | AA14: =Z14 -> 63585.749 | AB14: =Z14 -> 63585.749
A15: 2025 | B15: ='T2'!B15*'Transformed-pop_x_region'!$L$4 -> 18955.594 | C15: ='T2'!C15*'Transformed-pop_x_region'!$M$4 -> 19620.263 | D15: ='T2'!C15*'Transformed-pop_x_region'!$O$4 -> 19825.357 | E15: ='T2'!E15*'Transformed-pop_x_region'!$L$4 -> 18935.588 | F15: ='T2'!F15*'Transformed-pop_x_region'!$M$4 -> 19248.987 | G15: ='T2'!F15*'Transformed-pop_x_region'!$O$4 -> 19450.2 | H15: ='T2'!H15*'Transformed-pop_x_region'!$L$4 -> 19052.289 | I15: ='T2'!I15*'Transformed-pop_x_region'!$M$4 -> 19367.12 | J15: ='T2'!I15*'Transformed-pop_x_region'!$O$4 -> 19569.568 | K15: ='T2'!K15*'Transformed-pop_x_region'!$L$4 -> 20579.406 | L15: ='T2'!L15*'Transformed-pop_x_region'!$M$4 -> 20919.73 | M15: ='T2'!L15*'Transformed-pop_x_region'!$O$4 -> 21138.408 | N15: ='T2'!N15*'Transformed-pop_x_region'!$L$4 -> 20876.16 | O15: ='T2'!O15*'Transformed-pop_x_region'!$M$4 -> 21226.877 | P15: ='T2'!O15*'Transformed-pop_x_region'!$O$4 -> 21448.765 | Q15: =SUM(B15,E15,H15,K15,N15) -> 98399.037 | S15: =SUM(C15,F15,I15,L15,O15) -> 100382.98 | T15: =SUM(D15,G15,J15,M15,P15) -> 101432.3 | U15: =SUM(B15,E15) -> 37891.181 | W15: =SUM(C15,F15) -> 38869.25 | X15: =SUM(D15,F15) -> 39074.344 | Y15: =SUM(I15,L15,O15) -> 61513.727 | AA15: =SUM(I15,L15,O15) -> 61513.727 | AB15: =SUM(I15,L15,O15) -> 61513.727
A16: 2026 | B16: ='T2'!B16*'Transformed-pop_x_region'!$L$4 -> 18705.52 | C16: ='T2'!C16*'Transformed-pop_x_region'!$M$4 -> 19623.638 | D16: ='T2'!C16*'Transformed-pop_x_region'!$O$4 -> 19828.768 | E16: ='T2'!E16*'Transformed-pop_x_region'!$L$4 -> 18842.227 | F16: ='T2'!F16*'Transformed-pop_x_region'!$M$4 -> 19616.888 | G16: ='T2'!F16*'Transformed-pop_x_region'!$O$4 -> 19821.947 | H16: ='T2'!H16*'Transformed-pop_x_region'!$L$4 -> 18965.597 | I16: ='T2'!I16*'Transformed-pop_x_region'!$M$4 -> 19326.617 | J16: ='T2'!I16*'Transformed-pop_x_region'!$O$4 -> 19528.642 | K16: ='T2'!K16*'Transformed-pop_x_region'!$L$4 -> 19102.304 | L16: ='T2'!L16*'Transformed-pop_x_region'!$M$4 -> 19475.128 | M16: ='T2'!L16*'Transformed-pop_x_region'!$O$4 -> 19678.705 | N16: ='T2'!N16*'Transformed-pop_x_region'!$L$4 -> 20656.095 | O16: ='T2'!O16*'Transformed-pop_x_region'!$M$4 -> 21061.49 | P16: ='T2'!O16*'Transformed-pop_x_region'!$O$4 -> 21281.65 | Q16: =SUM(B16,E16,H16,K16,N16) -> 96271.742 | S16: =SUM(C16,F16,I16,L16,O16) -> 99103.762 | T16: =SUM(O16,L16,I16,G16,D16) -> 99513.95 | U16: =SUM(B16,E16) -> 37547.747 | W16: =SUM(C16,F16) -> 39240.526 | X16: =SUM(D16,G16) -> 39650.715 | Y16: =SUM(I16,L16,O16) -> 59863.236 | AA16: =SUM(I16,L16,O16) -> 59863.236 | AB16: =SUM(I16,L16,O16) -> 59863.236
A17: 2027 | B17: ='T2'!B17*'Transformed-pop_x_region'!$L$4 -> 18505.461 | C17: ='T2'!C17*'Transformed-pop_x_region'!$M$4 -> 19620.263 | D17: ='T2'!C17*'Transformed-pop_x_region'!$O$4 -> 19825.357 | E17: ='T2'!E17*'Transformed-pop_x_region'!$L$4 -> 18702.185 | F17: ='T2'!F17*'Transformed-pop_x_region'!$M$4 -> 19630.389 | G17: ='T2'!F17*'Transformed-pop_x_region'!$O$4 -> 19835.589 | H17: ='T2'!H17*'Transformed-pop_x_region'!$L$4 -> 18922.25 | I17: ='T2'!I17*'Transformed-pop_x_region'!$M$4 -> 19704.644 | J17: ='T2'!I17*'Transformed-pop_x_region'!$O$4 -> 19910.62 | K17: ='T2'!K17*'Transformed-pop_x_region'!$L$4 -> 19025.614 | L17: ='T2'!L17*'Transformed-pop_x_region'!$M$4 -> 19448.126 | M17: ='T2'!L17*'Transformed-pop_x_region'!$O$4 -> 19651.421 | N17: ='T2'!N17*'Transformed-pop_x_region'!$L$4 -> 19185.661 | O17: ='T2'!O17*'Transformed-pop_x_region'!$M$4 -> 19630.389 | P17: ='T2'!O17*'Transformed-pop_x_region'!$O$4 -> 19835.589 | Q17: =SUM(B17,E17,H17,K17,N17) -> 94341.172 | S17: =SUM(C17,F17,I17,L17,O17) -> 98033.811 | T17: =SUM(O17,L17,J17,G17,D17) -> 98650.081 | U17: =SUM(B17,E17) -> 37207.646 | W17: =SUM(C17,F17) -> 39250.652 | X17: =SUM(D17,G17) -> 39660.946 | Y17: =SUM(H17,L17,O17) -> 58000.765 | AA17: =SUM(I17,L17,O17) -> 58783.159 | AB17: =SUM(J17,L17,O17) -> 58989.135
A18: 2028 | B18: ='T2'!B18*'Transformed-pop_x_region'!$L$4 -> 18368.754 | C18: ='T2'!C18*'Transformed-pop_x_region'!$M$4 -> 19610.138 | D18: ='T2'!C18*'Transformed-pop_x_region'!$O$4 -> 19815.126 | E18: ='T2'!E18*'Transformed-pop_x_region'!$L$4 -> 18495.458 | F18: ='T2'!F18*'Transformed-pop_x_region'!$M$4 -> 19633.764 | G18: ='T2'!F18*'Transformed-pop_x_region'!$O$4 -> 19838.999 | H18: ='T2'!H18*'Transformed-pop_x_region'!$L$4 -> 18792.212 | I18: ='T2'!I18*'Transformed-pop_x_region'!$M$4 -> 19728.271 | J18: ='T2'!I18*'Transformed-pop_x_region'!$O$4 -> 19934.494 | K18: ='T2'!K18*'Transformed-pop_x_region'!$L$4 -> 19032.283 | L18: ='T2'!L18*'Transformed-pop_x_region'!$M$4 -> 19836.279 | M18: ='T2'!L18*'Transformed-pop_x_region'!$O$4 -> 20043.631 | N18: ='T2'!N18*'Transformed-pop_x_region'!$L$4 -> 19128.978 | O18: ='T2'!O18*'Transformed-pop_x_region'!$M$4 -> 19613.513 | P18: ='T2'!O18*'Transformed-pop_x_region'!$O$4 -> 19818.536 | Q18: =SUM(B18,E18,H18,K18,N18) -> 93817.685 | S18: =SUM(C18,F18,I18,L18,O18) -> 98421.964 | T18: =SUM(O18,M18,J18,G18,D18) -> 99245.762 | U18: =SUM(B18,E18) -> 36864.212 | W18: =SUM(C18,F18) -> 39243.902 | X18: =SUM(D18,G18) -> 39654.125 | Y18: =SUM(H18,K18,O18) -> 57438.008 | AA18: =SUM(I18,L18,O18) -> 59178.062 | AB18: =SUM(J18,M18,O18) -> 59591.637
A19: 2029 | B19: ='T2'!B19*'Transformed-pop_x_region'!$L$4 -> 18242.05 | C19: ='T2'!C19*'Transformed-pop_x_region'!$M$4 -> 19600.012 | D19: ='T2'!C19*'Transformed-pop_x_region'!$O$4 -> 19804.894 | E19: ='T2'!E19*'Transformed-pop_x_region'!$L$4 -> 18365.419 | F19: ='T2'!F19*'Transformed-pop_x_region'!$M$4 -> 19630.389 | G19: ='T2'!F19*'Transformed-pop_x_region'!$O$4 -> 19835.589 | H19: ='T2'!H19*'Transformed-pop_x_region'!$L$4 -> 18618.828 | I19: ='T2'!I19*'Transformed-pop_x_region'!$M$4 -> 19738.397 | J19: ='T2'!I19*'Transformed-pop_x_region'!$O$4 -> 19944.726 | K19: ='T2'!K19*'Transformed-pop_x_region'!$L$4 -> 18908.913 | L19: ='T2'!L19*'Transformed-pop_x_region'!$M$4 -> 19866.656 | M19: ='T2'!L19*'Transformed-pop_x_region'!$O$4 -> 20074.325 | N19: ='T2'!N19*'Transformed-pop_x_region'!$L$4 -> 19192.33 | O19: ='T2'!O19*'Transformed-pop_x_region'!$M$4 -> 20008.416 | P19: ='T2'!O19*'Transformed-pop_x_region'!$O$4 -> 20217.567 | Q19: =SUM(B19,E19,H19,K19,N19) -> 93327.54 | S19: =SUM(C19,F19,I19,L19,O19) -> 98843.869 | T19: =SUM(P19,M19,J19,G19,D19) -> 99877.101 | U19: =SUM(B19,E19) -> 36607.469 | W19: =SUM(C19,F19) -> 39230.401 | X19: =SUM(D19,G19) -> 39640.483 | Y19: =SUM(H19,K19,N19) -> 56720.071 | AA19: =SUM(I19,L19,O19) -> 59613.468 | AB19: =SUM(J19,M19,P19) -> 60236.618
A20: 2030 | B20: ='T2'!B20*'Transformed-pop_x_region'!$L$4 -> 18132.017 | C20: ='T2'!C20*'Transformed-pop_x_region'!$M$4 -> 19593.261 | D20: ='T2'!C20*'Transformed-pop_x_region'!$O$4 -> 19798.073 | E20: ='T2'!E20*'Transformed-pop_x_region'!$L$4 -> 18265.39 | F20: ='T2'!F20*'Transformed-pop_x_region'!$M$4 -> 19623.638 | G20: ='T2'!F20*'Transformed-pop_x_region'!$O$4 -> 19828.768 | H20: ='T2'!H20*'Transformed-pop_x_region'!$L$4 -> 18468.783 | I20: ='T2'!I20*'Transformed-pop_x_region'!$M$4 -> 19738.397 | J20: ='T2'!I20*'Transformed-pop_x_region'!$O$4 -> 19944.726 | K20: ='T2'!K20*'Transformed-pop_x_region'!$L$4 -> 18762.203 | L20: ='T2'!L20*'Transformed-pop_x_region'!$M$4 -> 19880.157 | M20: ='T2'!L20*'Transformed-pop_x_region'!$O$4 -> 20087.967 | N20: ='T2'!N20*'Transformed-pop_x_region'!$L$4 -> 19062.292 | O20: ='T2'!O20*'Transformed-pop_x_region'!$M$4 -> 20045.543 | P20: ='T2'!O20*'Transformed-pop_x_region'!$O$4 -> 20255.083 | Q20: =SUM(B20,E20,H20,K20,N20) -> 92690.685 | S20: =SUM(C20,F20,I20,L20,O20) -> 98880.996 | T20: =SUM(P20,M20,J20,G20,D20) -> 99914.617 | U20: =SUM(B20,E20) -> 36397.407 | W20: =SUM(C20,F20) -> 39216.9 | X20: =SUM(D20,G20) -> 39626.841 | Y20: =SUM(H20,K20,N20) -> 56293.278 | AA20: =SUM(I20,L20,O20) -> 59664.097 | AB20: =SUM(J20,M20,P20) -> 60287.776
A21: 2031 | B21: ='T2'!B21*'Transformed-pop_x_region'!$L$4 -> 17988.642 | C21: ='T2'!C21*'Transformed-pop_x_region'!$M$4 -> 19596.637 | D21: ='T2'!C21*'Transformed-pop_x_region'!$O$4 -> 19801.484 | E21: ='T2'!E21*'Transformed-pop_x_region'!$L$4 -> 18158.692 | F21: ='T2'!F21*'Transformed-pop_x_region'!$M$4 -> 19620.263 | G21: ='T2'!F21*'Transformed-pop_x_region'!$O$4 -> 19825.357 | H21: ='T2'!H21*'Transformed-pop_x_region'!$L$4 -> 18355.416 | I21: ='T2'!I21*'Transformed-pop_x_region'!$M$4 -> 19731.646 | J21: ='T2'!I21*'Transformed-pop_x_region'!$O$4 -> 19937.904 | K21: ='T2'!K21*'Transformed-pop_x_region'!$L$4 -> 18612.159 | L21: ='T2'!L21*'Transformed-pop_x_region'!$M$4 -> 19883.532 | M21: ='T2'!L21*'Transformed-pop_x_region'!$O$4 -> 20091.378 | N21: ='T2'!N21*'Transformed-pop_x_region'!$L$4 -> 18942.256 | O21: ='T2'!O21*'Transformed-pop_x_region'!$M$4 -> 20062.42 | P21: ='T2'!O21*'Transformed-pop_x_region'!$O$4 -> 20272.136 | Q21: =SUM(B21,E21,H21,K21,N21) -> 92057.165 | S21: =SUM(C21,F21,I21,L21,O21) -> 98894.497 | T21: =SUM(P21,M21,J21,G21,D21) -> 99928.259 | U21: =SUM(B21,E21) -> 36147.333 | W21: =SUM(C21,F21) -> 39216.9 | X21: =SUM(D21,G21) -> 39626.841 | Y21: =SUM(H21,K21,N21) -> 55909.832 | AA21: =SUM(I21,L21,O21) -> 59677.598 | AB21: =SUM(J21,M21,P21) -> 60301.418
A22: 2032 | B22: ='T2'!B22*'Transformed-pop_x_region'!$L$4 -> 17925.29 | C22: ='T2'!C22*'Transformed-pop_x_region'!$M$4 -> 19610.138 | D22: ='T2'!C22*'Transformed-pop_x_region'!$O$4 -> 19815.126 | E22: ='T2'!E22*'Transformed-pop_x_region'!$L$4 -> 18008.647 | F22: ='T2'!F22*'Transformed-pop_x_region'!$M$4 -> 19623.638 | G22: ='T2'!F22*'Transformed-pop_x_region'!$O$4 -> 19828.768 | H22: ='T2'!H22*'Transformed-pop_x_region'!$L$4 -> 18268.724 | I22: ='T2'!I22*'Transformed-pop_x_region'!$M$4 -> 19728.271 | J22: ='T2'!I22*'Transformed-pop_x_region'!$O$4 -> 19934.494 | K22: ='T2'!K22*'Transformed-pop_x_region'!$L$4 -> 18495.458 | L22: ='T2'!L22*'Transformed-pop_x_region'!$M$4 -> 19880.157 | M22: ='T2'!L22*'Transformed-pop_x_region'!$O$4 -> 20087.967 | N22: ='T2'!N22*'Transformed-pop_x_region'!$L$4 -> 18775.54 | O22: ='T2'!O22*'Transformed-pop_x_region'!$M$4 -> 20065.795 | P22: ='T2'!O22*'Transformed-pop_x_region'!$O$4 -> 20275.546 | Q22: =SUM(B22,E22,H22,K22,N22) -> 91473.66 | S22: =SUM(C22,F22,I22,L22,O22) -> 98907.998 | T22: =SUM(P22,M22,J22,G22,D22) -> 99941.901 | U22: =SUM(B22,E22) -> 35933.937 | W22: =SUM(C22,F22) -> 39233.776 | X22: =SUM(D22,G22) -> 39643.894 | Y22: =SUM(H22,K22,N22) -> 55539.723 | AA22: =SUM(I22,L22,O22) -> 59674.222 | AB22: =SUM(J22,M22,P22) -> 60298.007
A23: 2033 | B23: ='T2'!B23*'Transformed-pop_x_region'!$L$4 -> 17861.938 | C23: ='T2'!C23*'Transformed-pop_x_region'!$M$4 -> 19647.265 | D23: ='T2'!C23*'Transformed-pop_x_region'!$O$4 -> 19852.641 | E23: ='T2'!E23*'Transformed-pop_x_region'!$L$4 -> 17961.967 | F23: ='T2'!F23*'Transformed-pop_x_region'!$M$4 -> 19640.515 | G23: ='T2'!F23*'Transformed-pop_x_region'!$O$4 -> 19845.82 | H23: ='T2'!H23*'Transformed-pop_x_region'!$L$4 -> 18128.683 | I23: ='T2'!I23*'Transformed-pop_x_region'!$M$4 -> 19735.021 | J23: ='T2'!I23*'Transformed-pop_x_region'!$O$4 -> 19941.315 | K23: ='T2'!K23*'Transformed-pop_x_region'!$L$4 -> 18398.763 | L23: ='T2'!L23*'Transformed-pop_x_region'!$M$4 -> 19876.781 | M23: ='T2'!L23*'Transformed-pop_x_region'!$O$4 -> 20084.557 | N23: ='T2'!N23*'Transformed-pop_x_region'!$L$4 -> 18648.836 | O23: ='T2'!O23*'Transformed-pop_x_region'!$M$4 -> 20062.42 | P23: ='T2'!O23*'Transformed-pop_x_region'!$O$4 -> 20272.136 | Q23: =SUM(B23,E23,H23,K23,N23) -> 91000.187 | S23: =SUM(C23,F23,I23,L23,O23) -> 98962.002 | T23: =SUM(P23,M23,J23,G23,D23) -> 99996.469 | U23: =SUM(B23,E23) -> 35823.905 | W23: =SUM(C23,F23) -> 39287.78 | X23: =SUM(D23,G23) -> 39698.462 | Y23: =SUM(H23,K23,N23) -> 55176.282 | AA23: =SUM(I23,L23,O23) -> 59674.222 | AB23: =SUM(J23,M23,P23) -> 60298.007
A24: 2034 | B24: ='T2'!B24*'Transformed-pop_x_region'!$L$4 -> 17875.275 | C24: ='T2'!C24*'Transformed-pop_x_region'!$M$4 -> 19704.644 | D24: ='T2'!C24*'Transformed-pop_x_region'!$O$4 -> 19910.62 | E24: ='T2'!E24*'Transformed-pop_x_region'!$L$4 -> 17901.949 | F24: ='T2'!F24*'Transformed-pop_x_region'!$M$4 -> 19677.642 | G24: ='T2'!F24*'Transformed-pop_x_region'!$O$4 -> 19883.336 | H24: ='T2'!H24*'Transformed-pop_x_region'!$L$4 -> 18065.331 | I24: ='T2'!I24*'Transformed-pop_x_region'!$M$4 -> 19751.898 | J24: ='T2'!I24*'Transformed-pop_x_region'!$O$4 -> 19958.368 | K24: ='T2'!K24*'Transformed-pop_x_region'!$L$4 -> 18272.059 | L24: ='T2'!L24*'Transformed-pop_x_region'!$M$4 -> 19883.532 | M24: ='T2'!L24*'Transformed-pop_x_region'!$O$4 -> 20091.378 | N24: ='T2'!N24*'Transformed-pop_x_region'!$L$4 -> 18558.81 | O24: ='T2'!O24*'Transformed-pop_x_region'!$M$4 -> 20062.42 | P24: ='T2'!O24*'Transformed-pop_x_region'!$O$4 -> 20272.136 | Q24: =SUM(B24,E24,H24,K24,N24) -> 90673.423 | S24: =SUM(C24,F24,I24,L24,O24) -> 99080.135 | T24: =SUM(P24,M24,J24,G24,D24) -> 100115.84 | U24: =SUM(B24,E24) -> 35777.224 | W24: =SUM(C24,F24) -> 39382.287 | X24: =SUM(D24,G24) -> 39793.956 | Y24: =SUM(H24,K24,N24) -> 54896.199 | AA24: =SUM(I24,L24,O24) -> 59697.849 | AB24: =SUM(J24,M24,P24) -> 60321.881
A25: 2035 | B25: ='T2'!B25*'Transformed-pop_x_region'!$L$4 -> 17828.594 | C25: ='T2'!C25*'Transformed-pop_x_region'!$M$4 -> 19785.65 | D25: ='T2'!C25*'Transformed-pop_x_region'!$O$4 -> 19992.473 | E25: ='T2'!E25*'Transformed-pop_x_region'!$L$4 -> 17891.946 | F25: ='T2'!F25*'Transformed-pop_x_region'!$M$4 -> 19735.021 | G25: ='T2'!F25*'Transformed-pop_x_region'!$O$4 -> 19941.315 | H25: ='T2'!H25*'Transformed-pop_x_region'!$L$4 -> 18045.325 | I25: ='T2'!I25*'Transformed-pop_x_region'!$M$4 -> 19789.025 | J25: ='T2'!I25*'Transformed-pop_x_region'!$O$4 -> 19995.883 | K25: ='T2'!K25*'Transformed-pop_x_region'!$L$4 -> 18225.378 | L25: ='T2'!L25*'Transformed-pop_x_region'!$M$4 -> 19903.783 | M25: ='T2'!L25*'Transformed-pop_x_region'!$O$4 -> 20111.841 | N25: ='T2'!N25*'Transformed-pop_x_region'!$L$4 -> 18442.109 | O25: ='T2'!O25*'Transformed-pop_x_region'!$M$4 -> 20069.17 | P25: ='T2'!O25*'Transformed-pop_x_region'!$O$4 -> 20278.957 | Q25: =SUM(B25,E25,H25,K25,N25) -> 90433.353 | S25: =SUM(C25,F25,I25,L25,O25) -> 99282.65 | T25: =SUM(P25,M25,J25,G25,D25) -> 100320.47 | U25: =SUM(B25,E25) -> 35720.541 | W25: =SUM(C25,F25) -> 39520.671 | X25: =SUM(D25,G25) -> 39933.788 | Y25: =SUM(H25,K25,N25) -> 54712.812 | AA25: =SUM(I25,L25,O25) -> 59761.978 | AB25: =SUM(J25,M25,P25) -> 60386.681
A26: 2036 | B26: ='T2'!B26*'Transformed-pop_x_region'!$L$4 -> 17858.603 | C26: ='T2'!C26*'Transformed-pop_x_region'!$M$4 -> 19893.658 | D26: ='T2'!C26*'Transformed-pop_x_region'!$O$4 -> 20101.609 | E26: ='T2'!E26*'Transformed-pop_x_region'!$L$4 -> 17878.609 | F26: ='T2'!F26*'Transformed-pop_x_region'!$M$4 -> 19819.402 | G26: ='T2'!F26*'Transformed-pop_x_region'!$O$4 -> 20026.578 | H26: ='T2'!H26*'Transformed-pop_x_region'!$L$4 -> 17995.31 | I26: ='T2'!I26*'Transformed-pop_x_region'!$M$4 -> 19849.779 | J26: ='T2'!I26*'Transformed-pop_x_region'!$O$4 -> 20057.273 | K26: ='T2'!K26*'Transformed-pop_x_region'!$L$4 -> 18185.366 | L26: ='T2'!L26*'Transformed-pop_x_region'!$M$4 -> 19940.911 | M26: ='T2'!L26*'Transformed-pop_x_region'!$O$4 -> 20149.357 | N26: ='T2'!N26*'Transformed-pop_x_region'!$L$4 -> 18388.76 | O26: ='T2'!O26*'Transformed-pop_x_region'!$M$4 -> 20092.797 | P26: ='T2'!O26*'Transformed-pop_x_region'!$O$4 -> 20302.83 | Q26: =SUM(B26,E26,H26,K26,N26) -> 90306.649 | S26: =SUM(C26,F26,I26,L26,O26) -> 99596.547 | T26: =SUM(P26,M26,J26,G26,D26) -> 100637.65 | U26: =SUM(B26,E26) -> 35737.212 | W26: =SUM(C26,F26) -> 39713.06 | X26: =SUM(D26,G26) -> 40128.188 | Y26: =SUM(H26,K26,N26) -> 54569.436 | AA26: =SUM(I26,L26,O26) -> 59883.487 | AB26: =SUM(J26,M26,P26) -> 60509.46
A27: 2037 | B27: ='T2'!B27*'Transformed-pop_x_region'!$L$4 -> 17905.284 | C27: ='T2'!C27*'Transformed-pop_x_region'!$M$4 -> 20021.917 | D27: ='T2'!C27*'Transformed-pop_x_region'!$O$4 -> 20231.209 | E27: ='T2'!E27*'Transformed-pop_x_region'!$L$4 -> 17861.938 | F27: ='T2'!F27*'Transformed-pop_x_region'!$M$4 -> 19930.785 | G27: ='T2'!F27*'Transformed-pop_x_region'!$O$4 -> 20139.125 | H27: ='T2'!H27*'Transformed-pop_x_region'!$L$4 -> 17988.642 | I27: ='T2'!I27*'Transformed-pop_x_region'!$M$4 -> 19934.16 | J27: ='T2'!I27*'Transformed-pop_x_region'!$O$4 -> 20142.536 | K27: ='T2'!K27*'Transformed-pop_x_region'!$L$4 -> 18135.352 | L27: ='T2'!L27*'Transformed-pop_x_region'!$M$4 -> 20005.04 | M27: ='T2'!L27*'Transformed-pop_x_region'!$O$4 -> 20214.157 | N27: ='T2'!N27*'Transformed-pop_x_region'!$L$4 -> 18372.088 | O27: ='T2'!O27*'Transformed-pop_x_region'!$M$4 -> 20129.924 | P27: ='T2'!O27*'Transformed-pop_x_region'!$O$4 -> 20340.346 | Q27: =SUM(B27,E27,H27,K27,N27) -> 90263.302 | S27: =SUM(C27,F27,I27,L27,O27) -> 100021.83 | T27: =SUM(P27,M27,J27,G27,D27) -> 101067.37 | U27: =SUM(B27,E27) -> 35767.221 | W27: =SUM(C27,F27) -> 39952.702 | X27: =SUM(D27,G27) -> 40370.334 | Y27: =SUM(H27,K27,N27) -> 54496.081 | AA27: =SUM(I27,L27,O27) -> 60069.125 | AB27: =SUM(J27,M27,P27) -> 60697.038
A28: 2038 | B28: ='T2'!B28*'Transformed-pop_x_region'!$L$4 -> 18001.979 | C28: ='T2'!C28*'Transformed-pop_x_region'!$M$4 -> 20167.052 | D28: ='T2'!C28*'Transformed-pop_x_region'!$O$4 -> 20377.862 | E28: ='T2'!E28*'Transformed-pop_x_region'!$L$4 -> 17975.304 | F28: ='T2'!F28*'Transformed-pop_x_region'!$M$4 -> 20059.044 | G28: ='T2'!F28*'Transformed-pop_x_region'!$O$4 -> 20268.725 | H28: ='T2'!H28*'Transformed-pop_x_region'!$L$4 -> 17998.645 | I28: ='T2'!I28*'Transformed-pop_x_region'!$M$4 -> 20045.543 | J28: ='T2'!I28*'Transformed-pop_x_region'!$O$4 -> 20255.083 | K28: ='T2'!K28*'Transformed-pop_x_region'!$L$4 -> 18132.017 | L28: ='T2'!L28*'Transformed-pop_x_region'!$M$4 -> 20089.421 | M28: ='T2'!L28*'Transformed-pop_x_region'!$O$4 -> 20299.42 | N28: ='T2'!N28*'Transformed-pop_x_region'!$L$4 -> 18332.076 | O28: ='T2'!O28*'Transformed-pop_x_region'!$M$4 -> 20194.054 | P28: ='T2'!O28*'Transformed-pop_x_region'!$O$4 -> 20405.146 | Q28: =SUM(B28,E28,H28,K28,N28) -> 90440.021 | S28: =SUM(C28,F28,I28,L28,O28) -> 100555.11 | T28: =SUM(P28,M28,J28,G28,D28) -> 101606.24 | U28: =SUM(B28,E28) -> 35977.283 | W28: =SUM(C28,F28) -> 40226.096 | X28: =SUM(D28,G28) -> 40646.587 | Y28: =SUM(H28,K28,N28) -> 54462.738 | AA28: =SUM(I28,L28,O28) -> 60329.019 | AB28: =SUM(J28,M28,P28) -> 60959.648

Sheet T5
A1: Population aged 4 and under | H1: Estimated resident population of Auckland age 0-4 as at June
B2: 0 Years | C2: 1 Years | D2: 2 Years | E2: 3 Years | F2: 4 Years | H2: Year | I2: Total | L2: 0 | M2: 1 | N2: 2 | O2: 3 | P2: 4
A3: 2015 | B3: =MROUND(FigureNZAKLU5PopEstimates[[#This Row],[Total]]*NationalU5Proportions[[#This Row],[0]],5) -> 21105 | C3: =MROUND(FigureNZAKLU5PopEstimates[[#This Row],[Total]]*NationalU5Proportions[[#This Row],[1]],5) -> 21155 | D3: =MROUND(FigureNZAKLU5PopEstimates[[#This Row],[Total]]*NationalU5Proportions[[#This Row],[2]],5) -> 21970 | E3: =MROUND(FigureNZAKLU5PopEstimates[[#This Row],[Total]]*NationalU5Proportions[[#This Row],[3]],5) -> 22385 | F3: =MROUND(FigureNZAKLU5PopEstimates[[#This Row],[Total]]*NationalU5Proportions[[#This Row],[4]],5) -> 22790 | H3: 2015 | I3: 109410 | L3: 0.19288359 | M3: 0.19337505 | N3: 0.20081256 | O3: 0.20461322 | P3: 0.20831559
A4: 2016 | B4: =MROUND(FigureNZAKLU5PopEstimates[[#This Row],[Total]]*NationalU5Proportions[[#This Row],[0]],5) -> 21315 | C4: =MROUND(FigureNZAKLU5PopEstimates[[#This Row],[Total]]*NationalU5Proportions[[#This Row],[1]],5) -> 21370 | D4: =MROUND(FigureNZAKLU5PopEstimates[[#This Row],[Total]]*NationalU5Proportions[[#This Row],[2]],5) -> 21525 | E4: =MROUND(FigureNZAKLU5PopEstimates[[#This Row],[Total]]*NationalU5Proportions[[#This Row],[3]],5) -> 22405 | F4: =MROUND(FigureNZAKLU5PopEstimates[[#This Row],[Total]]*NationalU5Proportions[[#This Row],[4]],5) -> 22730 | H4: 2016 | I4: 109340 | L4: 0.19493945 | M4: 0.19543172 | N4: 0.1968429 | O4: 0.20491615 | P4: 0.20786978
A5: 2017 | B5: =MROUND(FigureNZAKLU5PopEstimates[[#This Row],[Total]]*NationalU5Proportions[[#This Row],[0]],5) -> 21490 | C5: =MROUND(FigureNZAKLU5PopEstimates[[#This Row],[Total]]*NationalU5Proportions[[#This Row],[1]],5) -> 21425 | D5: =MROUND(FigureNZAKLU5PopEstimates[[#This Row],[Total]]*NationalU5Proportions[[#This Row],[2]],5) -> 21710 | E5: =MROUND(FigureNZAKLU5PopEstimates[[#This Row],[Total]]*NationalU5Proportions[[#This Row],[3]],5) -> 21860 | F5: =MROUND(FigureNZAKLU5PopEstimates[[#This Row],[Total]]*NationalU5Proportions[[#This Row],[4]],5) -> 22675 | H5: 2017 | I5: 109160 | L5: 0.19687745 | M5: 0.1962883 | N5: 0.19887405 | O5: 0.20024876 | P5: 0.20771144
A6: 2018 | B6: =MROUND(FigureNZAKLU5PopEstimates[[#This Row],[Total]]*NationalU5Proportions[[#This Row],[0]],5) -> 20970 | C6: =MROUND(FigureNZAKLU5PopEstimates[[#This Row],[Total]]*NationalU5Proportions[[#This Row],[1]],5) -> 21315 | D6: =MROUND(FigureNZAKLU5PopEstimates[[#This Row],[Total]]*NationalU5Proportions[[#This Row],[2]],5) -> 21445 | E6: =MROUND(FigureNZAKLU5PopEstimates[[#This Row],[Total]]*NationalU5Proportions[[#This Row],[3]],5) -> 21795 | F6: =MROUND(FigureNZAKLU5PopEstimates[[#This Row],[Total]]*NationalU5Proportions[[#This Row],[4]],5) -> 21910 | H6: 2018 | I6: 107440 | L6: 0.19516113 | M6: 0.19840671 | N6: 0.19961971 | O6: 0.20286529 | P6: 0.20394715
A7: 2019 | B7: =MROUND(FigureNZAKLU5PopEstimates[[#This Row],[Total]]*NationalU5Proportions[[#This Row],[0]],5) -> 21010 | C7: =MROUND(FigureNZAKLU5PopEstimates[[#This Row],[Total]]*NationalU5Proportions[[#This Row],[1]],5) -> 21050 | D7: =MROUND(FigureNZAKLU5PopEstimates[[#This Row],[Total]]*NationalU5Proportions[[#This Row],[2]],5) -> 21590 | E7: =MROUND(FigureNZAKLU5PopEstimates[[#This Row],[Total]]*NationalU5Proportions[[#This Row],[3]],5) -> 21765 | F7: =MROUND(FigureNZAKLU5PopEstimates[[#This Row],[Total]]*NationalU5Proportions[[#This Row],[4]],5) -> 22145 | H7: 2019 | I7: 107560 | L7: 0.19532964 | M7: 0.19568991 | N7: 0.20073363 | O7: 0.2023712 | P7: 0.20587561
A8: 2020 | B8: =MROUND(FigureNZAKLU5PopEstimates[[#This Row],[Total]]*NationalU5Proportions[[#This Row],[0]],5) -> 20810 | C8: =MROUND(FigureNZAKLU5PopEstimates[[#This Row],[Total]]*NationalU5Proportions[[#This Row],[1]],5) -> 21070 | D8: =MROUND(FigureNZAKLU5PopEstimates[[#This Row],[Total]]*NationalU5Proportions[[#This Row],[2]],5) -> 21255 | E8: =MROUND(FigureNZAKLU5PopEstimates[[#This Row],[Total]]*NationalU5Proportions[[#This Row],[3]],5) -> 21890 | F8: =MROUND(FigureNZAKLU5PopEstimates[[#This Row],[Total]]*NationalU5Proportions[[#This Row],[4]],5) -> 22015 | H8: 2020 | I8: 107040 | L8: 0.19439712 | M8: 0.19685452 | N8: 0.19859109 | O8: 0.20448886 | P8: 0.20566841
A9: 2021 | B9: =MROUND(FigureNZAKLU5PopEstimates[[#This Row],[Total]]*NationalU5Proportions[[#This Row],[0]],5) -> 21155 | C9: =MROUND(FigureNZAKLU5PopEstimates[[#This Row],[Total]]*NationalU5Proportions[[#This Row],[1]],5) -> 20685 | D9: =MROUND(FigureNZAKLU5PopEstimates[[#This Row],[Total]]*NationalU5Proportions[[#This Row],[2]],5) -> 21000 | E9: =MROUND(FigureNZAKLU5PopEstimates[[#This Row],[Total]]*NationalU5Proportions[[#This Row],[3]],5) -> 21175 | F9: =MROUND(FigureNZAKLU5PopEstimates[[#This Row],[Total]]*NationalU5Proportions[[#This Row],[4]],5) -> 21770 | H9: 2021 | I9: 105790 | L9: 0.199954 | M9: 0.19555147 | N9: 0.19850839 | O9: 0.20018399 | P9: 0.20580215
A10: 2022 | B10: =MROUND(FigureNZAKLU5PopEstimates[[#This Row],[Total]]*NationalU5Proportions[[#This Row],[0]],5) -> 20755 | C10: =MROUND(FigureNZAKLU5PopEstimates[[#This Row],[Total]]*NationalU5Proportions[[#This Row],[1]],5) -> 20885 | D10: =MROUND(FigureNZAKLU5PopEstimates[[#This Row],[Total]]*NationalU5Proportions[[#This Row],[2]],5) -> 20525 | E10: =MROUND(FigureNZAKLU5PopEstimates[[#This Row],[Total]]*NationalU5Proportions[[#This Row],[3]],5) -> 20925 | F10: =MROUND(FigureNZAKLU5PopEstimates[[#This Row],[Total]]*NationalU5Proportions[[#This Row],[4]],5) -> 21035 | H10: 2022 | I10: 104130 | L10: 0.19931953 | M10: 0.20057477 | N10: 0.19710633 | O10: 0.20097116 | P10: 0.20202821
A11: 2023 | B11: =MROUND(FigureNZAKLU5PopEstimates[[#This Row],[Total]]*NationalU5Proportions[[#This Row],[0]],5) -> 19700 | C11: =MROUND(FigureNZAKLU5PopEstimates[[#This Row],[Total]]*NationalU5Proportions[[#This Row],[1]],5) -> 21070 | D11: =MROUND(FigureNZAKLU5PopEstimates[[#This Row],[Total]]*NationalU5Proportions[[#This Row],[2]],5) -> 21310 | E11: =MROUND(FigureNZAKLU5PopEstimates[[#This Row],[Total]]*NationalU5Proportions[[#This Row],[3]],5) -> 21085 | F11: =MROUND(FigureNZAKLU5PopEstimates[[#This Row],[Total]]*NationalU5Proportions[[#This Row],[4]],5) -> 21610 | H11: 2023 | I11: 104780 | L11: 0.18801892 | M11: 0.20108498 | N11: 0.20340048 | O11: 0.20125037 | P11: 0.20624524
A12: 2024 | B12: =MROUND(FigureNZAKLU5PopEstimates[[#This Row],[Total]]*NationalU5Proportions[[#This Row],[0]],5) -> 19965 | C12: =MROUND(FigureNZAKLU5PopEstimates[[#This Row],[Total]]*NationalU5Proportions[[#This Row],[1]],5) -> 20005 | D12: =MROUND(FigureNZAKLU5PopEstimates[[#This Row],[Total]]*NationalU5Proportions[[#This Row],[2]],5) -> 21585 | E12: =MROUND(FigureNZAKLU5PopEstimates[[#This Row],[Total]]*NationalU5Proportions[[#This Row],[3]],5) -> 21865 | F12: =MROUND(FigureNZAKLU5PopEstimates[[#This Row],[Total]]*NationalU5Proportions[[#This Row],[4]],5) -> 21770 | H12: 2024 | I12: 105190 | L12: 0.18979049 | M12: 0.19018956 | N12: 0.20518789 | O12: 0.20788161 | P12: 0.20695045
A14: Number of children participating in ECE | H14: % of demand from age
B15: Less than 1 years old | C15: 1 years old | D15: 2 years old | E15: 3 years old | F15: 4 years old | H15: Less than 1 years old | I15: 1 years old | J15: 2 years old | K15: 3 years old | L15: 4 years old
A16: 2015 | B16: 3382 | C16: 8632 | D16: 13342 | E16: 19543 | F16: 21050 | H16: =B16/SUM($B16:$F16) -> 0.051282051 | I16: =C16/SUM($B16:$F16) -> 0.13088902 | J16: =D16/SUM($B16:$F16) -> 0.20230784 | K16: =E16/SUM($B16:$F16) -> 0.29633505 | L16: =F16/SUM($B16:$F16) -> 0.31918604
A17: 2016 | B17: 3126 | C17: 9347 | D17: 13603 | E17: 20047 | F17: 21220 | H17: =B17/SUM($B17:$F17) -> 0.046419078 | I17: =C17/SUM($B17:$F17) -> 0.13879691 | J17: =D17/SUM($B17:$F17) -> 0.20199575 | K17: =E17/SUM($B17:$F17) -> 0.29768499 | L17: =F17/SUM($B17:$F17) -> 0.31510328
A18: 2017 | B18: 3490 | C18: 9261 | D18: 14333 | E18: 19477 | F18: 21397 | H18: =B18/SUM($B18:$F18) -> 0.051355249 | I18: =C18/SUM($B18:$F18) -> 0.13627535 | J18: =D18/SUM($B18:$F18) -> 0.21090968 | K18: =E18/SUM($B18:$F18) -> 0.28660349 | L18: =F18/SUM($B18:$F18) -> 0.31485623
A19: 2018 | B19: 3111 | C19: 9727 | D19: 14107 | E19: 19821 | F19: 20744 | H19: =B19/SUM($B19:$F19) -> 0.046082062 | I19: =C19/SUM($B19:$F19) -> 0.14408236 | J19: =D19/SUM($B19:$F19) -> 0.20896164 | K19: =E19/SUM($B19:$F19) -> 0.29360095 | L19: =F19/SUM($B19:$F19) -> 0.307273
A20: 2019 | B20: 3138 | C20: 9531 | D20: 14641 | E20: 19007 | F20: 20996 | H20: =B20/SUM($B20:$F20) -> 0.046618038 | I20: =C20/SUM($B20:$F20) -> 0.14159226 | J20: =D20/SUM($B20:$F20) -> 0.21750628 | K20: =E20/SUM($B20:$F20) -> 0.28236745 | L20: =F20/SUM($B20:$F20) -> 0.31191597
A21: 2020 | B21: 2632 | C21: 8699 | D21: 13175 | E21: 18522 | F21: 19617 | H21: =B21/SUM($B21:$F21) -> 0.042014526 | I21: =C21/SUM($B21:$F21) -> 0.13886184 | J21: =D21/SUM($B21:$F21) -> 0.21031208 | K21: =E21/SUM($B21:$F21) -> 0.29566605 | L21: =F21/SUM($B21:$F21) -> 0.3131455
A22: 2021 | B22: 3386 | C22: 9942 | D22: 13654 | E22: 17563 | F22: 19626 | H22: =B22/SUM($B22:$F22) -> 0.052765268 | I22: =C22/SUM($B22:$F22) -> 0.1549298 | J22: =D22/SUM($B22:$F22) -> 0.21277524 | K22: =E22/SUM($B22:$F22) -> 0.27369061 | L22: =F22/SUM($B22:$F22) -> 0.30583909
A23: 2022 | B23: 3226 | C23: 9542 | D23: 12891 | E23: 16046 | F23: 17231 | H23: =B23/SUM($B23:$F23) -> 0.054737342 | I23: =C23/SUM($B23:$F23) -> 0.16190444 | J23: =D23/SUM($B23:$F23) -> 0.21872879 | K23: =E23/SUM($B23:$F23) -> 0.27226144 | L23: =F23/SUM($B23:$F23) -> 0.29236799
A24: 2023 | B24: 3063 | C24: 10484 | D24: 14290 | E24: 17651 | F24: 18366 | H24: =B24/SUM($B24:$F24) -> 0.047968804 | I24: =C24/SUM($B24:$F24) -> 0.16418705 | J24: =D24/SUM($B24:$F24) -> 0.22379177 | K24: =E24/SUM($B24:$F24) -> 0.27642748 | L24: =F24/SUM($B24:$F24) -> 0.28762489
A25: 2024 | B25: 3141 | C25: 9703 | D25: 15203 | E25: 18447 | F25: 19561 | H25: =B25/SUM($B25:$F25) -> 0.047551283 | I25: =C25/SUM($B25:$F25) -> 0.14689274 | J25: =D25/SUM($B25:$F25) -> 0.23015669 | K25: =E25/SUM($B25:$F25) -> 0.27926728 | L25: =F25/SUM($B25:$F25) -> 0.29613201
A27: Rate of participation in ECE
B28: Less than 1 years old | C28: 1 years old | D28: 2 years old | E28: 3 years old | F28: 4 years old | G28: Overall
A29: 2015 | B29: =B16/B3 -> 0.16024639 | C29: =C16/C3 -> 0.40803593 | D29: =D16/D3 -> 0.60728266 | E29: =E16/E3 -> 0.87303998 | F29: =F16/F3 -> 0.92365072 | G29: =SUM(B16:F16)/SUM(B3:F3) -> 0.60279695
A30: 2016 | B30: =B17/B4 -> 0.14665728 | C30: =C17/C4 -> 0.43738886 | D30: =D17/D4 -> 0.63196283 | E30: =E17/E4 -> 0.89475563 | F30: =F17/F4 -> 0.93356797 | G30: =SUM(B17:F17)/SUM(B4:F4) -> 0.61587635
A31: 2017 | B31: =B18/B5 -> 0.16240112 | C31: =C18/C5 -> 0.43225204 | D31: =D18/D5 -> 0.66020267 | E31: =E18/E5 -> 0.89098811 | F31: =F18/F5 -> 0.94363837 | G31: =SUM(B18:F18)/SUM(B5:F5) -> 0.62255405
A32: 2018 | B32: =B19/B6 -> 0.14835479 | C32: =C19/C6 -> 0.4563453 | D32: =D19/D6 -> 0.65782234 | E32: =E19/E6 -> 0.90942877 | F32: =F19/F6 -> 0.94678229 | G32: =SUM(B19:F19)/SUM(B6:F6) -> 0.62837995
A33: 2019 | B33: =B20/B7 -> 0.14935745 | C33: =C20/C7 -> 0.4527791 | D33: =D20/D7 -> 0.67813803 | E33: =E20/E7 -> 0.87328279 | F33: =F20/F7 -> 0.9481147 | G33: =SUM(B20:F20)/SUM(B7:F7) -> 0.62581815
A34: 2020 | B34: =B21/B8 -> 0.12647765 | C34: =C21/C8 -> 0.41286189 | D34: =D21/D8 -> 0.61985415 | E34: =E21/E8 -> 0.84613979 | F34: =F21/F8 -> 0.89107427 | G34: =SUM(B21:F21)/SUM(B8:F8) -> 0.58524851
A35: 2021 | B35: =B22/B9 -> 0.16005672 | C35: =C22/C9 -> 0.48063814 | D35: =D22/D9 -> 0.65019048 | E35: =E22/E9 -> 0.82942149 | F35: =F22/F9 -> 0.90151585 | G35: =SUM(B22:F22)/SUM(B9:F9) -> 0.6066172
A36: 2022 | B36: =B23/B10 -> 0.15543243 | C36: =C23/C10 -> 0.45688293 | D36: =D23/D10 -> 0.62806334 | E36: =E23/E10 -> 0.76683393 | F36: =F23/F10 -> 0.81915855 | G36: =SUM(B23:F23)/SUM(B10:F10) -> 0.566012
A37: 2023 | B37: =B24/B11 -> 0.15548223 | C37: =C24/C11 -> 0.4975795 | D37: =D24/D11 -> 0.67057719 | E37: =E24/E11 -> 0.8371354 | F37: =F24/F11 -> 0.84988431 | G37: =SUM(B24:F24)/SUM(B11:F11) -> 0.60943927
A38: 2024 | B38: =B25/B12 -> 0.15732532 | C38: =C25/C12 -> 0.48502874 | D38: =D25/D12 -> 0.70433171 | E38: =E25/E12 -> 0.84367711 | F38: =F25/F12 -> 0.89853009 | G38: =SUM(B25:F25)/SUM(B12:F12) -> 0.62795893
A40: Min | B40: =MIN(B29:B38) -> 0.12647765 | C40: =MIN(C29:C38) -> 0.40803593 | D40: =MIN(D29:D38) -> 0.60728266 | E40: =MIN(E29:E38) -> 0.76683393 | F40: =MIN(F29:F38) -> 0.81915855 | G40: =MIN(G29:G38) -> 0.566012 | H40: =MIN(H16:H24) -> 0.042014526 | I40: =MIN(I16:I24) -> 0.13088902 | J40: =MIN(J16:J24) -> 0.20199575 | K40: =MIN(K16:K24) -> 0.27226144 | L40: =MIN(L16:L24) -> 0.28762489 | N40: =SUM(H40:L40) -> 0.93478563
A41: Median | B41: =MEDIAN(B29:B38) -> 0.15545733 | C41: =MEDIAN(C29:C38) -> 0.4545622 | D41: =MEDIAN(D29:D38) -> 0.65400641 | E41: =MEDIAN(E29:E38) -> 0.85958989 | F41: =MEDIAN(F29:F38) -> 0.91258329 | G41: =MEDIAN(G29:G38) -> 0.61265781 | H41: =MEDIAN(H16:H25) -> 0.047760043 | I41: =MEDIAN(I16:I25) -> 0.14283731 | J41: =MEDIAN(J16:J25) -> 0.21184246 | K41: =MEDIAN(K16:K25) -> 0.28448547 | L41: =MEDIAN(L16:L25) -> 0.30959449 | N41: =SUM(H41:L41) -> 0.99651977
A42: Mean | B42: =AVERAGE(B29:B38) -> 0.15217914 | C42: =AVERAGE(C29:C38) -> 0.45197924 | D42: =AVERAGE(D29:D38) -> 0.65084254 | E42: =AVERAGE(E29:E38) -> 0.8564703 | F42: =AVERAGE(F29:F38) -> 0.90559171 | G42: =AVERAGE(G29:G38) -> 0.60907014 | H42: =AVERAGE(H16:H25) -> 0.04867937 | I42: =AVERAGE(I16:I25) -> 0.14584118 | J42: =AVERAGE(J16:J25) -> 0.21374458 | K42: =AVERAGE(K16:K25) -> 0.28539048 | L42: =AVERAGE(L16:L25) -> 0.3063444 | N42: =SUM(H42:L42) -> 1
A43: Max | B43: =MAX(B29:B38) -> 0.16240112 | C43: =MAX(C29:C38) -> 0.4975795 | D43: =MAX(D29:D38) -> 0.70433171 | E43: =MAX(E29:E38) -> 0.90942877 | F43: =MAX(F29:F38) -> 0.9481147 | G43: =MAX(G29:G38) -> 0.62837995 | H43: =MAX(H16:H24) -> 0.054737342 | I43: =MAX(I16:I24) -> 0.16418705 | J43: =MAX(J16:J24) -> 0.22379177 | K43: =MAX(K16:K24) -> 0.29768499 | L43: =MAX(L16:L24) -> 0.31918604 | N43: =SUM(H43:L43) -> 1.0595872
A44: Range | B44: =B43-B40 -> 0.035923462 | C44: =C43-C40 -> 0.089543572 | D44: =D43-D40 -> 0.097049054 | E44: =E43-E40 -> 0.14259484 | F44: =F43-F40 -> 0.12895615 | G44: =G43-G40 -> 0.062367946 | H44: =H43-H40 -> 0.012722816 | I44: =I43-I40 -> 0.033298031 | ... L44: =L43-L40 -> 0.031561143
A46: Mean (exc. Covid years) | B46: =AVERAGE(B29:B33,B37:B38) -> 0.15426065 | C46: =AVERAGE(C29:C33,C37:C38) -> 0.45277278 | D46: =AVERAGE(D29:D33,D37:D38) -> 0.65861678 | E46: =AVERAGE(E29:E33,E37:E38) -> 0.8746154 | F46: =AVERAGE(F29:F33,F37:F38) -> 0.92059549 | G46: =AVERAGE(G29:G33,G37:G38) -> 0.61897481

Sheet T6
A1: LOW PARTICIPATION IN ECE
A2: Applied rate of participation | C2: 0.12647765 | F2: 0.40803593 | I2: 0.60728266 | L2: 0.76683393 | O2: 0.81915855
B3: 0 years* | E3: 1 years | H3: 2 years | K3: 3 years | N3: 4 years | Q3: Total
A4: Year | B4: Low | C4: Medium | D4: High | E4: Low | F4: Medium | G4: High | H4: Low | I4: Medium | J4: High | K4: Low | L4: Medium | M4: High | N4: Low | O4: Medium | P4: High | Q4: Low | R4: Actual | S4: Medium | T4: High
A5: 2015 | B5: =IF(MROUND('T2'!B5*'T6'!$C$2,1)=0,"",MROUND('T2'!B5*'T6'!C$2,5)) | C5: 3382 | D5: =IF(MROUND('T2'!D5*'T6'!$C$2,1)<1,"",MROUND('T2'!D5*'T6'!$C$2,5)) | E5: =IF(MROUND('T2'!E5*'T6'!F$2,1)=0,"",MROUND('T2'!E5*'T6'!F$2,5)) | F5: 8632 | G5: =IF(MROUND('T2'!G5*'T6'!$C$2,1)<1,"",MROUND('T2'!G5*'T6'!$C$2,5)) | H5: =IF(MROUND('T2'!H5*'T6'!I$2,1)=0,"",MROUND('T2'!H5*'T6'!I$2,5)) | I5: 13342 | J5: =IF(MROUND('T2'!J5*'T6'!$C$2,1)<1,"",MROUND('T2'!J5*'T6'!$C$2,5)) | L5: 19543 | O5: 21050 | R5: =SUM(C5,F5,I5,L5,O5) -> 65949
A6: 2016 | B6: =IF(MROUND('T2'!B6*'T6'!$C$2,1)=0,"",MROUND('T2'!B6*'T6'!C$2,5)) | C6: 3126 | D6: =IF(MROUND('T2'!D6*'T6'!$C$2,1)<1,"",MROUND('T2'!D6*'T6'!$C$2,5)) | E6: =IF(MROUND('T2'!E6*'T6'!F$2,1)=0,"",MROUND('T2'!E6*'T6'!F$2,5)) | F6: 9347 | G6: =IF(MROUND('T2'!G6*'T6'!$C$2,1)<1,"",MROUND('T2'!G6*'T6'!$C$2,5)) | H6: =IF(MROUND('T2'!H6*'T6'!I$2,1)=0,"",MROUND('T2'!H6*'T6'!I$2,5)) | I6: 13603 | J6: =IF(MROUND('T2'!J6*'T6'!$C$2,1)<1,"",MROUND('T2'!J6*'T6'!$C$2,5)) | L6: 20047 | O6: 21220 | R6: =SUM(C6,F6,I6,L6,O6) -> 67343
A7: 2017 | B7: =IF(MROUND('T2'!B7*'T6'!$C$2,1)=0,"",MROUND('T2'!B7*'T6'!C$2,5)) | C7: 3490 | D7: =IF(MROUND('T2'!D7*'T6'!$C$2,1)<1,"",MROUND('T2'!D7*'T6'!$C$2,5)) | E7: =IF(MROUND('T2'!E7*'T6'!F$2,1)=0,"",MROUND('T2'!E7*'T6'!F$2,5)) | F7: 9261 | G7: =IF(MROUND('T2'!G7*'T6'!$C$2,1)<1,"",MROUND('T2'!G7*'T6'!$C$2,5)) | H7: =IF(MROUND('T2'!H7*'T6'!I$2,1)=0,"",MROUND('T2'!H7*'T6'!I$2,5)) | I7: 14333 | J7: =IF(MROUND('T2'!J7*'T6'!$C$2,1)<1,"",MROUND('T2'!J7*'T6'!$C$2,5)) | L7: 19477 | O7: 21397 | R7: =SUM(C7,F7,I7,L7,O7) -> 67958
A8: 2018 | B8: =IF(MROUND('T2'!B8*'T6'!$C$2,1)=0,"",MROUND('T2'!B8*'T6'!C$2,5)) | C8: 3111 | D8: =IF(MROUND('T2'!D8*'T6'!$C$2,1)<1,"",MROUND('T2'!D8*'T6'!$C$2,5)) | E8: =IF(MROUND('T2'!E8*'T6'!F$2,1)=0,"",MROUND('T2'!E8*'T6'!F$2,5)) | F8: 9727 | G8: =IF(MROUND('T2'!G8*'T6'!$C$2,1)<1,"",MROUND('T2'!G8*'T6'!$C$2,5)) | H8: =IF(MROUND('T2'!H8*'T6'!I$2,1)=0,"",MROUND('T2'!H8*'T6'!I$2,5)) | I8: 14107 | J8: =IF(MROUND('T2'!J8*'T6'!$C$2,1)<1,"",MROUND('T2'!J8*'T6'!$C$2,5)) | L8: 19821 | O8: 20744 | R8: =SUM(C8,F8,I8,L8,O8) -> 67510
A9: 2019 | B9: =IF(MROUND('T2'!B9*'T6'!$C$2,1)=0,"",MROUND('T2'!B9*'T6'!C$2,5)) | C9: 3138 | D9: =IF(MROUND('T2'!D9*'T6'!$C$2,1)<1,"",MROUND('T2'!D9*'T6'!$C$2,5)) | E9: =IF(MROUND('T2'!E9*'T6'!F$2,1)=0,"",MROUND('T2'!E9*'T6'!F$2,5)) | F9: 9531 | G9: =IF(MROUND('T2'!G9*'T6'!$C$2,1)<1,"",MROUND('T2'!G9*'T6'!$C$2,5)) | H9: =IF(MROUND('T2'!H9*'T6'!I$2,1)=0,"",MROUND('T2'!H9*'T6'!I$2,5)) | I9: 14641 | J9: =IF(MROUND('T2'!J9*'T6'!$C$2,1)<1,"",MROUND('T2'!J9*'T6'!$C$2,5)) | L9: 19007 | O9: 20996 | R9: =SUM(C9,F9,I9,L9,O9) -> 67313
A10: 2020 | B10: =IF(MROUND('T2'!B10*'T6'!$C$2,1)=0,"",MROUND('T2'!B10*'T6'!C$2,5)) | C10: 2632 | D10: =IF(MROUND('T2'!D10*'T6'!$C$2,1)<1,"",MROUND('T2'!D10*'T6'!$C$2,5)) | E10: =IF(MROUND('T2'!E10*'T6'!F$2,1)=0,"",MROUND('T2'!E10*'T6'!F$2,5)) | F10: 8699 | G10: =IF(MROUND('T2'!G10*'T6'!$C$2,1)<1,"",MROUND('T2'!G10*'T6'!$C$2,5)) | H10: =IF(MROUND('T2'!H10*'T6'!I$2,1)=0,"",MROUND('T2'!H10*'T6'!I$2,5)) | I10: 13175 | J10: =IF(MROUND('T2'!J10*'T6'!$C$2,1)<1,"",MROUND('T2'!J10*'T6'!$C$2,5)) | L10: 18522 | O10: 19617 | R10: =SUM(C10,F10,I10,L10,O10) -> 62645
A11: 2021 | B11: =IF(MROUND('T2'!B11*'T6'!$C$2,1)=0,"",MROUND('T2'!B11*'T6'!C$2,5)) | C11: 3386 | D11: =IF(MROUND('T2'!D11*'T6'!$C$2,1)<1,"",MROUND('T2'!D11*'T6'!$C$2,5)) | E11: =IF(MROUND('T2'!E11*'T6'!F$2,1)=0,"",MROUND('T2'!E11*'T6'!F$2,5)) | F11: 9942 | G11: =IF(MROUND('T2'!G11*'T6'!$C$2,1)<1,"",MROUND('T2'!G11*'T6'!$C$2,5)) | H11: =IF(MROUND('T2'!H11*'T6'!I$2,1)=0,"",MROUND('T2'!H11*'T6'!I$2,5)) | I11: 13654 | J11: =IF(MROUND('T2'!J11*'T6'!$C$2,1)<1,"",MROUND('T2'!J11*'T6'!$C$2,5)) | L11: 17563 | O11: 19626 | R11: =SUM(C11,F11,I11,L11,O11) -> 64171
A12: 2022 | B12: =IF(MROUND('T2'!B12*'T6'!$C$2,1)=0,"",MROUND('T2'!B12*'T6'!C$2,5)) | C12: 3226 | D12: =IF(MROUND('T2'!D12*'T6'!$C$2,1)<1,"",MROUND('T2'!D12*'T6'!$C$2,5)) | E12: =IF(MROUND('T2'!E12*'T6'!F$2,1)=0,"",MROUND('T2'!E12*'T6'!F$2,5)) | F12: 9542 | G12: =IF(MROUND('T2'!G12*'T6'!$C$2,1)<1,"",MROUND('T2'!G12*'T6'!$C$2,5)) | H12: =IF(MROUND('T2'!H12*'T6'!I$2,1)=0,"",MROUND('T2'!H12*'T6'!I$2,5)) | I12: 12891 | J12: =IF(MROUND('T2'!J12*'T6'!$C$2,1)<1,"",MROUND('T2'!J12*'T6'!$C$2,5)) | L12: 16046 | O12: 17231 | R12: =SUM(C12,F12,I12,L12,O12) -> 58936
A13: 2023 | B13: =IF(MROUND('T2'!B13*'T6'!$C$2,1)=0,"",MROUND('T2'!B13*'T6'!C$2,5)) | C13: 3063 | D13: =IF(MROUND('T2'!D13*'T6'!$C$2,1)<1,"",MROUND('T2'!D13*'T6'!$C$2,5)) | E13: =IF(MROUND('T2'!E13*'T6'!F$2,1)=0,"",MROUND('T2'!E13*'T6'!F$2,5)) | F13: 10484 | G13: =IF(MROUND('T2'!G13*'T6'!$C$2,1)<1,"",MROUND('T2'!G13*'T6'!$C$2,5)) | H13: =IF(MROUND('T2'!H13*'T6'!I$2,1)=0,"",MROUND('T2'!H13*'T6'!I$2,5)) | I13: 14290 | J13: =IF(MROUND('T2'!J13*'T6'!$C$2,1)<1,"",MROUND('T2'!J13*'T6'!$C$2,5)) | L13: 17651 | O13: 18366 | R13: =SUM(C13,F13,I13,L13,O13) -> 63854
A14: 2024 | B14: =IF(MROUND('T2'!B14*'T6'!$C$2,1)=0,"",MROUND('T2'!B14*'T6'!C$2,5)) | C14: 3141 | D14: =IF(MROUND('T2'!D14*'T6'!$C$2,1)<1,"",MROUND('T2'!D14*'T6'!$C$2,5)) | E14: =IF(MROUND('T2'!E14*'T6'!F$2,1)=0,"",MROUND('T2'!E14*'T6'!F$2,5)) | F14: 9703 | G14: =IF(MROUND('T2'!G14*'T6'!$C$2,1)<1,"",MROUND('T2'!G14*'T6'!$C$2,5)) | H14: =IF(MROUND('T2'!H14*'T6'!I$2,1)=0,"",MROUND('T2'!H14*'T6'!I$2,5)) | I14: 15203 | J14: =IF(MROUND('T2'!J14*'T6'!$C$2,1)<1,"",MROUND('T2'!J14*'T6'!$C$2,5)) | L14: 18447 | O14: 19561 | Q14: =R14 -> 66055 | R14: =SUM(C14,F14,I14,L14,O14) -> 66055 | S14: =R14 -> 66055 | T14: =R14 -> 66055
A15: 2025 | B15: =IF(MROUND('T3'!B15*'T6'!$C$2,1)=0,"",MROUND('T3'!B15*'T6'!C$2,5)) -> 2395 | C15: =IF(MROUND('T3'!C15*'T6'!$C$2,1)<1,"",MROUND('T3'!C15*'T6'!$C$2,5)) -> 2480 | D15: =IF(MROUND('T3'!D15*'T6'!$C$2,1)<1,"",MROUND('T3'!D15*'T6'!$C$2,5)) -> 2505 | E15: =IF(MROUND('T3'!E15*'T6'!F$2,1)=0,"",MROUND('T3'!E15*'T6'!F$2,5)) -> 7725 | F15: =IF(MROUND('T3'!F15*'T6'!F$2,1)<1,"",MROUND('T3'!F15*'T6'!F$2,5)) -> 7855 | G15: =IF(MROUND('T3'!G15*'T6'!$C$2,1)<1,"",MROUND('T3'!G15*'T6'!$C$2,5)) -> 2460 | H15: =IF(MROUND('T3'!H15*'T6'!I$2,1)=0,"",MROUND('T3'!H15*'T6'!I$2,5)) -> 11570 | I15: =IF(MROUND('T3'!I15*'T6'!I$2,1)<1,"",MROUND('T3'!I15*'T6'!I$2,5)) -> 11760 | J15: =IF(MROUND('T3'!J15*'T6'!$C$2,1)<1,"",MROUND('T3'!J15*'T6'!$C$2,5)) -> 2475 | K15: =IF(MROUND('T3'!K15*'T6'!L$2,1)=0,"",MROUND('T3'!K15*'T6'!L$2,5)) -> 15780 | L15: =IF(MROUND('T3'!L15*'T6'!L$2,1)<1,"",MROUND('T3'!L15*'T6'!L$2,5)) -> 16040 | M15: =IF(MROUND('T3'!M15*'T6'!$C$2,1)<1,"",MROUND('T3'!M15*'T6'!$C$2,5)) -> 2675 | N15: =IF(MROUND('T3'!N15*'T6'!O$2,1)=0,"",MROUND('T3'!N15*'T6'!O$2,5)) -> 17100 | O15: =IF(MROUND('T3'!O15*'T6'!O$2,1)<1,"",MROUND('T3'!O15*'T6'!O$2,5)) -> 17390 | P15: =IF(MROUND('T3'!P15*'T6'!$C$2,1)<1,"",MROUND('T3'!P15*'T6'!$C$2,5)) -> 2715 | Q15: =SUM(B15,F15,I15,L15,O15) -> 55440 | S15: =SUM(C15,F15,I15,L15,O15) -> 55525 | T15: =SUM(O15,L15,I15,F15,D15) -> 55550
A16: 2026 | B16: =IF(MROUND('T3'!B16*'T6'!$C$2,1)=0,"",MROUND('T3'!B16*'T6'!C$2,5)) -> 2365 | C16: =IF(MROUND('T3'!C16*'T6'!$C$2,1)<1,"",MROUND('T3'!C16*'T6'!$C$2,5)) -> 2480 | D16: =IF(MROUND('T3'!D16*'T6'!$C$2,1)<1,"",MROUND('T3'!D16*'T6'!$C$2,5)) -> 2510 | E16: =IF(MROUND('T3'!E16*'T6'!F$2,1)=0,"",MROUND('T3'!E16*'T6'!F$2,5)) -> 7690 | F16: =IF(MROUND('T3'!F16*'T6'!F$2,1)<1,"",MROUND('T3'!F16*'T6'!F$2,5)) -> 8005 | G16: =IF(MROUND('T3'!G16*'T6'!F$2,1)<1,"",MROUND('T3'!G16*'T6'!F$2,5)) -> 8090 | H16: =IF(MROUND('T3'!H16*'T6'!I$2,1)=0,"",MROUND('T3'!H16*'T6'!I$2,5)) -> 11515 | I16: =IF(MROUND('T3'!I16*'T6'!I$2,1)<1,"",MROUND('T3'!I16*'T6'!I$2,5)) -> 11735 | J16: =IF(MROUND('T3'!J16*'T6'!I$2,1)<1,"",MROUND('T3'!J16*'T6'!I$2,5)) -> 11860 | K16: =IF(MROUND('T3'!K16*'T6'!L$2,1)=0,"",MROUND('T3'!K16*'T6'!L$2,5)) -> 14650 | L16: =IF(MROUND('T3'!L16*'T6'!L$2,1)<1,"",MROUND('T3'!L16*'T6'!L$2,5)) -> 14935 | M16: =IF(MROUND('T3'!M16*'T6'!L$2,1)<1,"",MROUND('T3'!M16*'T6'!L$2,5)) -> 15090 | N16: =IF(MROUND('T3'!N16*'T6'!O$2,1)=0,"",MROUND('T3'!N16*'T6'!O$2,5)) -> 16920 | O16: =IF(MROUND('T3'!O16*'T6'!O$2,1)<1,"",MROUND('T3'!O16*'T6'!O$2,5)) -> 17255 | P16: =IF(MROUND('T3'!P16*'T6'!O$2,1)<1,"",MROUND('T3'!P16*'T6'!O$2,5)) -> 17435 | Q16: =SUM(B16,E16,I16,L16,O16) -> 53980 | S16: =SUM(C16,F16,I16,L16,O16) -> 54410 | T16: =SUM(O16,L16,I16,G16,D16) -> 54525
A17: 2027 | B17: =IF(MROUND('T3'!B17*'T6'!$C$2,1)=0,"",MROUND('T3'!B17*'T6'!C$2,5)) -> 2340 | C17: =IF(MROUND('T3'!C17*'T6'!$C$2,1)<1,"",MROUND('T3'!C17*'T6'!$C$2,5)) -> 2480 | D17: =IF(MROUND('T3'!D17*'T6'!$C$2,1)<1,"",MROUND('T3'!D17*'T6'!$C$2,5)) -> 2505 | E17: =IF(MROUND('T3'!E17*'T6'!F$2,1)=0,"",MROUND('T3'!E17*'T6'!F$2,5)) -> 7630 | F17: =IF(MROUND('T3'!F17*'T6'!F$2,1)<1,"",MROUND('T3'!F17*'T6'!F$2,5)) -> 8010 | G17: =IF(MROUND('T3'!G17*'T6'!F$2,1)<1,"",MROUND('T3'!G17*'T6'!F$2,5)) -> 8095 | H17: =IF(MROUND('T3'!H17*'T6'!I$2,1)=0,"",MROUND('T3'!H17*'T6'!I$2,5)) -> 11490 | I17: =IF(MROUND('T3'!I17*'T6'!I$2,1)<1,"",MROUND('T3'!I17*'T6'!I$2,5)) -> 11965 | J17: =IF(MROUND('T3'!J17*'T6'!I$2,1)<1,"",MROUND('T3'!J17*'T6'!I$2,5)) -> 12090 | K17: =IF(MROUND('T3'!K17*'T6'!L$2,1)=0,"",MROUND('T3'!K17*'T6'!L$2,5)) -> 14590 | L17: =IF(MROUND('T3'!L17*'T6'!L$2,1)<1,"",MROUND('T3'!L17*'T6'!L$2,5)) -> 14915 | M17: =IF(MROUND('T3'!M17*'T6'!L$2,1)<1,"",MROUND('T3'!M17*'T6'!L$2,5)) -> 15070 | N17: =IF(MROUND('T3'!N17*'T6'!O$2,1)=0,"",MROUND('T3'!N17*'T6'!O$2,5)) -> 15715 | O17: =IF(MROUND('T3'!O17*'T6'!O$2,1)<1,"",MROUND('T3'!O17*'T6'!O$2,5)) -> 16080 | P17: =IF(MROUND('T3'!P17*'T6'!O$2,1)<1,"",MROUND('T3'!P17*'T6'!O$2,5)) -> 16250 | Q17: =SUM(O17,L17,H17,E17,B17) -> 52455 | S17: =SUM(C17,F17,I17,L17,O17) -> 53450 | T17: =SUM(O17,L17,J17,G17,D17) -> 53685
A18: 2028 | B18: =IF(MROUND('T3'!B18*'T6'!$C$2,1)=0,"",MROUND('T3'!B18*'T6'!C$2,5)) -> 2325 | C18: =IF(MROUND('T3'!C18*'T6'!$C$2,1)<1,"",MROUND('T3'!C18*'T6'!$C$2,5)) -> 2480 | D18: =IF(MROUND('T3'!D18*'T6'!$C$2,1)<1,"",MROUND('T3'!D18*'T6'!$C$2,5)) -> 2505 | E18: =IF(MROUND('T3'!E18*'T6'!F$2,1)=0,"",MROUND('T3'!E18*'T6'!F$2,5)) -> 7545 | F18: =IF(MROUND('T3'!F18*'T6'!F$2,1)<1,"",MROUND('T3'!F18*'T6'!F$2,5)) -> 8010 | G18: =IF(MROUND('T3'!G18*'T6'!F$2,1)<1,"",MROUND('T3'!G18*'T6'!F$2,5)) -> 8095 | H18: =IF(MROUND('T3'!H18*'T6'!I$2,1)=0,"",MROUND('T3'!H18*'T6'!I$2,5)) -> 11410 | I18: =IF(MROUND('T3'!I18*'T6'!I$2,1)<1,"",MROUND('T3'!I18*'T6'!I$2,5)) -> 11980 | J18: =IF(MROUND('T3'!J18*'T6'!I$2,1)<1,"",MROUND('T3'!J18*'T6'!I$2,5)) -> 12105 | K18: =IF(MROUND('T3'!K18*'T6'!L$2,1)=0,"",MROUND('T3'!K18*'T6'!L$2,5)) -> 14595 | L18: =IF(MROUND('T3'!L18*'T6'!L$2,1)<1,"",MROUND('T3'!L18*'T6'!L$2,5)) -> 15210 | M18: =IF(MROUND('T3'!M18*'T6'!L$2,1)<1,"",MROUND('T3'!M18*'T6'!L$2,5)) -> 15370 | N18: =IF(MROUND('T3'!N18*'T6'!O$2,1)=0,"",MROUND('T3'!N18*'T6'!O$2,5)) -> 15670 | O18: =IF(MROUND('T3'!O18*'T6'!O$2,1)<1,"",MROUND('T3'!O18*'T6'!O$2,5)) -> 16065 | P18: =IF(MROUND('T3'!P18*'T6'!O$2,1)<1,"",MROUND('T3'!P18*'T6'!O$2,5)) -> 16235 | Q18: =SUM(O18,K18,H18,E18,B18) -> 51940 | S18: =SUM(C18,F18,I18,L18,O18) -> 53745 | T18: =SUM(O18,M18,J18,G18,D18) -> 54140
A19: 2029 | B19: =IF(MROUND('T3'!B19*'T6'!$C$2,1)=0,"",MROUND('T3'!B19*'T6'!C$2,5)) -> 2305 | C19: =IF(MROUND('T3'!C19*'T6'!$C$2,1)<1,"",MROUND('T3'!C19*'T6'!$C$2,5)) -> 2480 | D19: =IF(MROUND('T3'!D19*'T6'!$C$2,1)<1,"",MROUND('T3'!D19*'T6'!$C$2,5)) -> 2505 | E19: =IF(MROUND('T3'!E19*'T6'!F$2,1)=0,"",MROUND('T3'!E19*'T6'!F$2,5)) -> 7495 | F19: =IF(MROUND('T3'!F19*'T6'!F$2,1)<1,"",MROUND('T3'!F19*'T6'!F$2,5)) -> 8010 | G19: =IF(MROUND('T3'!G19*'T6'!F$2,1)<1,"",MROUND('T3'!G19*'T6'!F$2,5)) -> 8095 | H19: =IF(MROUND('T3'!H19*'T6'!I$2,1)=0,"",MROUND('T3'!H19*'T6'!I$2,5)) -> 11305 | I19: =IF(MROUND('T3'!I19*'T6'!I$2,1)<1,"",MROUND('T3'!I19*'T6'!I$2,5)) -> 11985 | J19: =IF(MROUND('T3'!J19*'T6'!I$2,1)<1,"",MROUND('T3'!J19*'T6'!I$2,5)) -> 12110 | K19: =IF(MROUND('T3'!K19*'T6'!L$2,1)=0,"",MROUND('T3'!K19*'T6'!L$2,5)) -> 14500 | L19: =IF(MROUND('T3'!L19*'T6'!L$2,1)<1,"",MROUND('T3'!L19*'T6'!L$2,5)) -> 15235 | M19: =IF(MROUND('T3'!M19*'T6'!L$2,1)<1,"",MROUND('T3'!M19*'T6'!L$2,5)) -> 15395 | N19: =IF(MROUND('T3'!N19*'T6'!O$2,1)=0,"",MROUND('T3'!N19*'T6'!O$2,5)) -> 15720 | O19: =IF(MROUND('T3'!O19*'T6'!O$2,1)<1,"",MROUND('T3'!O19*'T6'!O$2,5)) -> 16390 | P19: =IF(MROUND('T3'!P19*'T6'!O$2,1)<1,"",MROUND('T3'!P19*'T6'!O$2,5)) -> 16560 | Q19: =SUM(N19,K19,H19,E19,B19) -> 51325 | S19: =SUM(C19,F19,I19,L19,O19) -> 54100 | T19: =SUM(P19,M19,J19,G19,D19) -> 54665
A20: 2030 | B20: =IF(MROUND('T3'!B20*'T6'!$C$2,1)=0,"",MROUND('T3'!B20*'T6'!C$2,5)) -> 2295 | C20: =IF(MROUND('T3'!C20*'T6'!$C$2,1)<1,"",MROUND('T3'!C20*'T6'!$C$2,5)) -> 2480 | D20: =IF(MROUND('T3'!D20*'T6'!$C$2,1)<1,"",MROUND('T3'!D20*'T6'!$C$2,5)) -> 2505 | E20: =IF(MROUND('T3'!E20*'T6'!F$2,1)=0,"",MROUND('T3'!E20*'T6'!F$2,5)) -> 7455 | F20: =IF(MROUND('T3'!F20*'T6'!F$2,1)<1,"",MROUND('T3'!F20*'T6'!F$2,5)) -> 8005 | G20: =IF(MROUND('T3'!G20*'T6'!F$2,1)<1,"",MROUND('T3'!G20*'T6'!F$2,5)) -> 8090 | H20: =IF(MROUND('T3'!H20*'T6'!I$2,1)=0,"",MROUND('T3'!H20*'T6'!I$2,5)) -> 11215 | I20: =IF(MROUND('T3'!I20*'T6'!I$2,1)<1,"",MROUND('T3'!I20*'T6'!I$2,5)) -> 11985 | J20: =IF(MROUND('T3'!J20*'T6'!I$2,1)<1,"",MROUND('T3'!J20*'T6'!I$2,5)) -> 12110 | K20: =IF(MROUND('T3'!K20*'T6'!L$2,1)=0,"",MROUND('T3'!K20*'T6'!L$2,5)) -> 14385 | L20: =IF(MROUND('T3'!L20*'T6'!L$2,1)<1,"",MROUND('T3'!L20*'T6'!L$2,5)) -> 15245 | M20: =IF(MROUND('T3'!M20*'T6'!L$2,1)<1,"",MROUND('T3'!M20*'T6'!L$2,5)) -> 15405 | N20: =IF(MROUND('T3'!N20*'T6'!O$2,1)=0,"",MROUND('T3'!N20*'T6'!O$2,5)) -> 15615 | O20: =IF(MROUND('T3'!O20*'T6'!O$2,1)<1,"",MROUND('T3'!O20*'T6'!O$2,5)) -> 16420 | P20: =IF(MROUND('T3'!P20*'T6'!O$2,1)<1,"",MROUND('T3'!P20*'T6'!O$2,5)) -> 16590 | Q20: =SUM(N20,K20,H20,E20,B20) -> 50965 | S20: =SUM(C20,F20,I20,L20,O20) -> 54135 | T20: =SUM(P20,M20,J20,G20,D20) -> 54700
A21: 2031 | B21: =IF(MROUND('T3'!B21*'T6'!$C$2,1)=0,"",MROUND('T3'!B21*'T6'!C$2,5)) -> 2275 | C21: =IF(MROUND('T3'!C21*'T6'!$C$2,1)<1,"",MROUND('T3'!C21*'T6'!$C$2,5)) -> 2480 | D21: =IF(MROUND('T3'!D21*'T6'!$C$2,1)<1,"",MROUND('T3'!D21*'T6'!$C$2,5)) -> 2505 | E21: =IF(MROUND('T3'!E21*'T6'!F$2,1)=0,"",MROUND('T3'!E21*'T6'!F$2,5)) -> 7410 | F21: =IF(MROUND('T3'!F21*'T6'!F$2,1)<1,"",MROUND('T3'!F21*'T6'!F$2,5)) -> 8005 | G21: =IF(MROUND('T3'!G21*'T6'!F$2,1)<1,"",MROUND('T3'!G21*'T6'!F$2,5)) -> 8090 | H21: =IF(MROUND('T3'!H21*'T6'!I$2,1)=0,"",MROUND('T3'!H21*'T6'!I$2,5)) -> 11145 | I21: =IF(MROUND('T3'!I21*'T6'!I$2,1)<1,"",MROUND('T3'!I21*'T6'!I$2,5)) -> 11985 | J21: =IF(MROUND('T3'!J21*'T6'!I$2,1)<1,"",MROUND('T3'!J21*'T6'!I$2,5)) -> 12110 | K21: =IF(MROUND('T3'!K21*'T6'!L$2,1)=0,"",MROUND('T3'!K21*'T6'!L$2,5)) -> 14270 | L21: =IF(MROUND('T3'!L21*'T6'!L$2,1)<1,"",MROUND('T3'!L21*'T6'!L$2,5)) -> 15245 | M21: =IF(MROUND('T3'!M21*'T6'!L$2,1)<1,"",MROUND('T3'!M21*'T6'!L$2,5)) -> 15405 | N21: =IF(MROUND('T3'!N21*'T6'!O$2,1)=0,"",MROUND('T3'!N21*'T6'!O$2,5)) -> 15515 | O21: =IF(MROUND('T3'!O21*'T6'!O$2,1)<1,"",MROUND('T3'!O21*'T6'!O$2,5)) -> 16435 | P21: =IF(MROUND('T3'!P21*'T6'!O$2,1)<1,"",MROUND('T3'!P21*'T6'!O$2,5)) -> 16605 | Q21: =SUM(N21,K21,H21,E21,B21) -> 50615 | S21: =SUM(C21,F21,I21,L21,O21) -> 54150 | T21: =SUM(P21,M21,J21,G21,D21) -> 54715
A22: 2032 | B22: =IF(MROUND('T3'!B22*'T6'!$C$2,1)=0,"",MROUND('T3'!B22*'T6'!C$2,5)) -> 2265 | C22: =IF(MROUND('T3'!C22*'T6'!$C$2,1)<1,"",MROUND('T3'!C22*'T6'!$C$2,5)) -> 2480 | D22: =IF(MROUND('T3'!D22*'T6'!$C$2,1)<1,"",MROUND('T3'!D22*'T6'!$C$2,5)) -> 2505 | E22: =IF(MROUND('T3'!E22*'T6'!F$2,1)=0,"",MROUND('T3'!E22*'T6'!F$2,5)) -> 7350 | F22: =IF(MROUND('T3'!F22*'T6'!F$2,1)<1,"",MROUND('T3'!F22*'T6'!F$2,5)) -> 8005 | G22: =IF(MROUND('T3'!G22*'T6'!F$2,1)<1,"",MROUND('T3'!G22*'T6'!F$2,5)) -> 8090 | H22: =IF(MROUND('T3'!H22*'T6'!I$2,1)=0,"",MROUND('T3'!H22*'T6'!I$2,5)) -> 11095 | I22: =IF(MROUND('T3'!I22*'T6'!I$2,1)<1,"",MROUND('T3'!I22*'T6'!I$2,5)) -> 11980 | J22: =IF(MROUND('T3'!J22*'T6'!I$2,1)<1,"",MROUND('T3'!J22*'T6'!I$2,5)) -> 12105 | K22: =IF(MROUND('T3'!K22*'T6'!L$2,1)=0,"",MROUND('T3'!K22*'T6'!L$2,5)) -> 14185 | L22: =IF(MROUND('T3'!L22*'T6'!L$2,1)<1,"",MROUND('T3'!L22*'T6'!L$2,5)) -> 15245 | M22: =IF(MROUND('T3'!M22*'T6'!L$2,1)<1,"",MROUND('T3'!M22*'T6'!L$2,5)) -> 15405 | N22: =IF(MROUND('T3'!N22*'T6'!O$2,1)=0,"",MROUND('T3'!N22*'T6'!O$2,5)) -> 15380 | O22: =IF(MROUND('T3'!O22*'T6'!O$2,1)<1,"",MROUND('T3'!O22*'T6'!O$2,5)) -> 16435 | P22: =IF(MROUND('T3'!P22*'T6'!O$2,1)<1,"",MROUND('T3'!P22*'T6'!O$2,5)) -> 16610 | Q22: =SUM(N22,K22,H22,E22,B22) -> 50275 | S22: =SUM(C22,F22,I22,L22,O22) -> 54145 | T22: =SUM(P22,M22,J22,G22,D22) -> 54715
A23: 2033 | B23: =IF(MROUND('T3'!B23*'T6'!$C$2,1)=0,"",MROUND('T3'!B23*'T6'!C$2,5)) -> 2260 | C23: =IF(MROUND('T3'!C23*'T6'!$C$2,1)<1,"",MROUND('T3'!C23*'T6'!$C$2,5)) -> 2485 | D23: =IF(MROUND('T3'!D23*'T6'!$C$2,1)<1,"",MROUND('T3'!D23*'T6'!$C$2,5)) -> 2510 | E23: =IF(MROUND('T3'!E23*'T6'!F$2,1)=0,"",MROUND('T3'!E23*'T6'!F$2,5)) -> 7330 | F23: =IF(MROUND('T3'!F23*'T6'!F$2,1)<1,"",MROUND('T3'!F23*'T6'!F$2,5)) -> 8015 | G23: =IF(MROUND('T3'!G23*'T6'!F$2,1)<1,"",MROUND('T3'!G23*'T6'!F$2,5)) -> 8100 | H23: =IF(MROUND('T3'!H23*'T6'!I$2,1)=0,"",MROUND('T3'!H23*'T6'!I$2,5)) -> 11010 | I23: =IF(MROUND('T3'!I23*'T6'!I$2,1)<1,"",MROUND('T3'!I23*'T6'!I$2,5)) -> 11985 | J23: =IF(MROUND('T3'!J23*'T6'!I$2,1)<1,"",MROUND('T3'!J23*'T6'!I$2,5)) -> 12110 | K23: =IF(MROUND('T3'!K23*'T6'!L$2,1)=0,"",MROUND('T3'!K23*'T6'!L$2,5)) -> 14110 | L23: =IF(MROUND('T3'!L23*'T6'!L$2,1)<1,"",MROUND('T3'!L23*'T6'!L$2,5)) -> 15240 | M23: =IF(MROUND('T3'!M23*'T6'!L$2,1)<1,"",MROUND('T3'!M23*'T6'!L$2,5)) -> 15400 | N23: =IF(MROUND('T3'!N23*'T6'!O$2,1)=0,"",MROUND('T3'!N23*'T6'!O$2,5)) -> 15275 | O23: =IF(MROUND('T3'!O23*'T6'!O$2,1)<1,"",MROUND('T3'!O23*'T6'!O$2,5)) -> 16435 | P23: =IF(MROUND('T3'!P23*'T6'!O$2,1)<1,"",MROUND('T3'!P23*'T6'!O$2,5)) -> 16605 | Q23: =SUM(N23,K23,H23,E23,B23) -> 49985 | S23: =SUM(C23,F23,I23,L23,O23) -> 54160 | T23: =SUM(P23,M23,J23,G23,D23) -> 54725
A24: 2034 | B24: =IF(MROUND('T3'!B24*'T6'!$C$2,1)=0,"",MROUND('T3'!B24*'T6'!C$2,5)) -> 2260 | C24: =IF(MROUND('T3'!C24*'T6'!$C$2,1)<1,"",MROUND('T3'!C24*'T6'!$C$2,5)) -> 2490 | D24: =IF(MROUND('T3'!D24*'T6'!$C$2,1)<1,"",MROUND('T3'!D24*'T6'!$C$2,5)) -> 2520 | E24: =IF(MROUND('T3'!E24*'T6'!F$2,1)=0,"",MROUND('T3'!E24*'T6'!F$2,5)) -> 7305 | F24: =IF(MROUND('T3'!F24*'T6'!F$2,1)<1,"",MROUND('T3'!F24*'T6'!F$2,5)) -> 8030 | G24: =IF(MROUND('T3'!G24*'T6'!F$2,1)<1,"",MROUND('T3'!G24*'T6'!F$2,5)) -> 8115 | H24: =IF(MROUND('T3'!H24*'T6'!I$2,1)=0,"",MROUND('T3'!H24*'T6'!I$2,5)) -> 10970 | I24: =IF(MROUND('T3'!I24*'T6'!I$2,1)<1,"",MROUND('T3'!I24*'T6'!I$2,5)) -> 11995 | J24: =IF(MROUND('T3'!J24*'T6'!I$2,1)<1,"",MROUND('T3'!J24*'T6'!I$2,5)) -> 12120 | K24: =IF(MROUND('T3'!K24*'T6'!L$2,1)=0,"",MROUND('T3'!K24*'T6'!L$2,5)) -> 14010 | L24: =IF(MROUND('T3'!L24*'T6'!L$2,1)<1,"",MROUND('T3'!L24*'T6'!L$2,5)) -> 15245 | M24: =IF(MROUND('T3'!M24*'T6'!L$2,1)<1,"",MROUND('T3'!M24*'T6'!L$2,5)) -> 15405 | N24: =IF(MROUND('T3'!N24*'T6'!O$2,1)=0,"",MROUND('T3'!N24*'T6'!O$2,5)) -> 15205 | O24: =IF(MROUND('T3'!O24*'T6'!O$2,1)<1,"",MROUND('T3'!O24*'T6'!O$2,5)) -> 16435 | P24: =IF(MROUND('T3'!P24*'T6'!O$2,1)<1,"",MROUND('T3'!P24*'T6'!O$2,5)) -> 16605 | Q24: =SUM(N24,K24,H24,E24,B24) -> 49750 | S24: =SUM(C24,F24,I24,L24,O24) -> 54195 | T24: =SUM(P24,M24,J24,G24,D24) -> 54765
A25: 2035 | B25: =IF(MROUND('T3'!B25*'T6'!$C$2,1)=0,"",MROUND('T3'!B25*'T6'!C$2,5)) -> 2255 | C25: =IF(MROUND('T3'!C25*'T6'!$C$2,1)<1,"",MROUND('T3'!C25*'T6'!$C$2,5)) -> 2500 | D25: =IF(MROUND('T3'!D25*'T6'!$C$2,1)<1,"",MROUND('T3'!D25*'T6'!$C$2,5)) -> 2530 | E25: =IF(MROUND('T3'!E25*'T6'!F$2,1)=0,"",MROUND('T3'!E25*'T6'!F$2,5)) -> 7300 | F25: =IF(MROUND('T3'!F25*'T6'!F$2,1)<1,"",MROUND('T3'!F25*'T6'!F$2,5)) -> 8055 | G25: =IF(MROUND('T3'!G25*'T6'!F$2,1)<1,"",MROUND('T3'!G25*'T6'!F$2,5)) -> 8135 | H25: =IF(MROUND('T3'!H25*'T6'!I$2,1)=0,"",MROUND('T3'!H25*'T6'!I$2,5)) -> 10960 | I25: =IF(MROUND('T3'!I25*'T6'!I$2,1)<1,"",MROUND('T3'!I25*'T6'!I$2,5)) -> 12020 | J25: =IF(MROUND('T3'!J25*'T6'!I$2,1)<1,"",MROUND('T3'!J25*'T6'!I$2,5)) -> 12145 | K25: =IF(MROUND('T3'!K25*'T6'!L$2,1)=0,"",MROUND('T3'!K25*'T6'!L$2,5)) -> 13975 | L25: =IF(MROUND('T3'!L25*'T6'!L$2,1)<1,"",MROUND('T3'!L25*'T6'!L$2,5)) -> 15265 | M25: =IF(MROUND('T3'!M25*'T6'!L$2,1)<1,"",MROUND('T3'!M25*'T6'!L$2,5)) -> 15420 | N25: =IF(MROUND('T3'!N25*'T6'!O$2,1)=0,"",MROUND('T3'!N25*'T6'!O$2,5)) -> 15105 | O25: =IF(MROUND('T3'!O25*'T6'!O$2,1)<1,"",MROUND('T3'!O25*'T6'!O$2,5)) -> 16440 | P25: =IF(MROUND('T3'!P25*'T6'!O$2,1)<1,"",MROUND('T3'!P25*'T6'!O$2,5)) -> 16610 | Q25: =SUM(N25,K25,H25,E25,B25) -> 49595 | S25: =SUM(C25,F25,I25,L25,O25) -> 54280 | T25: =SUM(P25,M25,J25,G25,D25) -> 54840
A26: 2036 | B26: =IF(MROUND('T3'!B26*'T6'!$C$2,1)=0,"",MROUND('T3'!B26*'T6'!C$2,5)) -> 2260 | C26: =IF(MROUND('T3'!C26*'T6'!$C$2,1)<1,"",MROUND('T3'!C26*'T6'!$C$2,5)) -> 2515 | D26: =IF(MROUND('T3'!D26*'T6'!$C$2,1)<1,"",MROUND('T3'!D26*'T6'!$C$2,5)) -> 2540 | E26: =IF(MROUND('T3'!E26*'T6'!F$2,1)=0,"",MROUND('T3'!E26*'T6'!F$2,5)) -> 7295 | F26: =IF(MROUND('T3'!F26*'T6'!F$2,1)<1,"",MROUND('T3'!F26*'T6'!F$2,5)) -> 8085 | G26: =IF(MROUND('T3'!G26*'T6'!F$2,1)<1,"",MROUND('T3'!G26*'T6'!F$2,5)) -> 8170 | H26: =IF(MROUND('T3'!H26*'T6'!I$2,1)=0,"",MROUND('T3'!H26*'T6'!I$2,5)) -> 10930 | I26: =IF(MROUND('T3'!I26*'T6'!I$2,1)<1,"",MROUND('T3'!I26*'T6'!I$2,5)) -> 12055 | J26: =IF(MROUND('T3'!J26*'T6'!I$2,1)<1,"",MROUND('T3'!J26*'T6'!I$2,5)) -> 12180 | K26: =IF(MROUND('T3'!K26*'T6'!L$2,1)=0,"",MROUND('T3'!K26*'T6'!L$2,5)) -> 13945 | L26: =IF(MROUND('T3'!L26*'T6'!L$2,1)<1,"",MROUND('T3'!L26*'T6'!L$2,5)) -> 15290 | M26: =IF(MROUND('T3'!M26*'T6'!L$2,1)<1,"",MROUND('T3'!M26*'T6'!L$2,5)) -> 15450 | N26: =IF(MROUND('T3'!N26*'T6'!O$2,1)=0,"",MROUND('T3'!N26*'T6'!O$2,5)) -> 15065 | O26: =IF(MROUND('T3'!O26*'T6'!O$2,1)<1,"",MROUND('T3'!O26*'T6'!O$2,5)) -> 16460 | P26: =IF(MROUND('T3'!P26*'T6'!O$2,1)<1,"",MROUND('T3'!P26*'T6'!O$2,5)) -> 16630 | Q26: =SUM(N26,K26,H26,E26,B26) -> 49495 | S26: =SUM(C26,F26,I26,L26,O26) -> 54405 | T26: =SUM(P26,M26,J26,G26,D26) -> 54970
A27: 2037 | B27: =IF(MROUND('T3'!B27*'T6'!$C$2,1)=0,"",MROUND('T3'!B27*'T6'!C$2,5)) -> 2265 | C27: =IF(MROUND('T3'!C27*'T6'!$C$2,1)<1,"",MROUND('T3'!C27*'T6'!$C$2,5)) -> 2530 | D27: =IF(MROUND('T3'!D27*'T6'!$C$2,1)<1,"",MROUND('T3'!D27*'T6'!$C$2,5)) -> 2560 | E27: =IF(MROUND('T3'!E27*'T6'!F$2,1)=0,"",MROUND('T3'!E27*'T6'!F$2,5)) -> 7290 | F27: =IF(MROUND('T3'!F27*'T6'!F$2,1)<1,"",MROUND('T3'!F27*'T6'!F$2,5)) -> 8130 | G27: =IF(MROUND('T3'!G27*'T6'!F$2,1)<1,"",MROUND('T3'!G27*'T6'!F$2,5)) -> 8215 | H27: =IF(MROUND('T3'!H27*'T6'!I$2,1)=0,"",MROUND('T3'!H27*'T6'!I$2,5)) -> 10925 | I27: =IF(MROUND('T3'!I27*'T6'!I$2,1)<1,"",MROUND('T3'!I27*'T6'!I$2,5)) -> 12105 | J27: =IF(MROUND('T3'!J27*'T6'!I$2,1)<1,"",MROUND('T3'!J27*'T6'!I$2,5)) -> 12230 | K27: =IF(MROUND('T3'!K27*'T6'!L$2,1)=0,"",MROUND('T3'!K27*'T6'!L$2,5)) -> 13905 | L27: =IF(MROUND('T3'!L27*'T6'!L$2,1)<1,"",MROUND('T3'!L27*'T6'!L$2,5)) -> 15340 | M27: =IF(MROUND('T3'!M27*'T6'!L$2,1)<1,"",MROUND('T3'!M27*'T6'!L$2,5)) -> 15500 | N27: =IF(MROUND('T3'!N27*'T6'!O$2,1)=0,"",MROUND('T3'!N27*'T6'!O$2,5)) -> 15050 | O27: =IF(MROUND('T3'!O27*'T6'!O$2,1)<1,"",MROUND('T3'!O27*'T6'!O$2,5)) -> 16490 | P27: =IF(MROUND('T3'!P27*'T6'!O$2,1)<1,"",MROUND('T3'!P27*'T6'!O$2,5)) -> 16660 | Q27: =SUM(N27,K27,H27,E27,B27) -> 49435 | S27: =SUM(C27,F27,I27,L27,O27) -> 54595 | T27: =SUM(P27,M27,J27,G27,D27) -> 55165
A28: 2038 | B28: =IF(MROUND('T3'!B28*'T6'!$C$2,1)=0,"",MROUND('T3'!B28*'T6'!C$2,5)) -> 2275 | C28: =IF(MROUND('T3'!C28*'T6'!$C$2,1)<1,"",MROUND('T3'!C28*'T6'!$C$2,5)) -> 2550 | D28: =IF(MROUND('T3'!D28*'T6'!$C$2,1)<1,"",MROUND('T3'!D28*'T6'!$C$2,5)) -> 2575 | E28: =IF(MROUND('T3'!E28*'T6'!F$2,1)=0,"",MROUND('T3'!E28*'T6'!F$2,5)) -> 7335 | F28: =IF(MROUND('T3'!F28*'T6'!F$2,1)<1,"",MROUND('T3'!F28*'T6'!F$2,5)) -> 8185 | G28: =IF(MROUND('T3'!G28*'T6'!F$2,1)<1,"",MROUND('T3'!G28*'T6'!F$2,5)) -> 8270 | H28: =IF(MROUND('T3'!H28*'T6'!I$2,1)=0,"",MROUND('T3'!H28*'T6'!I$2,5)) -> 10930 | I28: =IF(MROUND('T3'!I28*'T6'!I$2,1)<1,"",MROUND('T3'!I28*'T6'!I$2,5)) -> 12175 | J28: =IF(MROUND('T3'!J28*'T6'!I$2,1)<1,"",MROUND('T3'!J28*'T6'!I$2,5)) -> 12300 | K28: =IF(MROUND('T3'!K28*'T6'!L$2,1)=0,"",MROUND('T3'!K28*'T6'!L$2,5)) -> 13905 | L28: =IF(MROUND('T3'!L28*'T6'!L$2,1)<1,"",MROUND('T3'!L28*'T6'!L$2,5)) -> 15405 | M28: =IF(MROUND('T3'!M28*'T6'!L$2,1)<1,"",MROUND('T3'!M28*'T6'!L$2,5)) -> 15565 | N28: =IF(MROUND('T3'!N28*'T6'!O$2,1)=0,"",MROUND('T3'!N28*'T6'!O$2,5)) -> 15015 | O28: =IF(MROUND('T3'!O28*'T6'!O$2,1)<1,"",MROUND('T3'!O28*'T6'!O$2,5)) -> 16540 | P28: =IF(MROUND('T3'!P28*'T6'!O$2,1)<1,"",MROUND('T3'!P28*'T6'!O$2,5)) -> 16715 | Q28: =SUM(N28,K28,H28,E28,B28) -> 49460 | S28: =SUM(C28,F28,I28,L28,O28) -> 54855 | T28: =SUM(P28,M28,J28,G28,D28) -> 55425

Sheet T7
A1: MEDIUM PARTICIPATION IN ECE
A2: Applied rate of participation | C2: 0.15217914 | F2: 0.45197924 | I2: 0.65084254 | L2: 0.8564703 | O2: 0.90559171
B3: 0 years* | E3: 1 years | H3: 2 years | K3: 3 years | N3: 4 years | Q3: Total
A4: Year | B4: Low | C4: Medium | D4: High | E4: Low | F4: Medium | G4: High | H4: Low | I4: Medium | J4: High | K4: Low | L4: Medium | M4: High | N4: Low | O4: Medium | P4: High | Q4: Low | R4: Actual | S4: Medium | T4: High
A5: 2015 | B5: =IF(MROUND('T2'!B5*'T6'!$C$2,1)=0,"",MROUND('T2'!B5*'T6'!C$2,5)) | C5: 3382 | D5: =IF(MROUND('T2'!D5*'T6'!$C$2,1)<1,"",MROUND('T2'!D5*'T6'!$C$2,5)) | E5: =IF(MROUND('T2'!E5*'T6'!F$2,1)=0,"",MROUND('T2'!E5*'T6'!F$2,5)) | F5: 8632 | G5: =IF(MROUND('T2'!G5*'T6'!$C$2,1)<1,"",MROUND('T2'!G5*'T6'!$C$2,5)) | H5: =IF(MROUND('T2'!H5*'T6'!I$2,1)=0,"",MROUND('T2'!H5*'T6'!I$2,5)) | I5: 13342 | J5: =IF(MROUND('T2'!J5*'T6'!$C$2,1)<1,"",MROUND('T2'!J5*'T6'!$C$2,5)) | L5: 19543 | O5: 21050 | R5: =SUM(C5,F5,I5,L5,O5) -> 65949
A6: 2016 | B6: =IF(MROUND('T2'!B6*'T6'!$C$2,1)=0,"",MROUND('T2'!B6*'T6'!C$2,5)) | C6: 3126 | D6: =IF(MROUND('T2'!D6*'T6'!$C$2,1)<1,"",MROUND('T2'!D6*'T6'!$C$2,5)) | E6: =IF(MROUND('T2'!E6*'T6'!F$2,1)=0,"",MROUND('T2'!E6*'T6'!F$2,5)) | F6: 9347 | G6: =IF(MROUND('T2'!G6*'T6'!$C$2,1)<1,"",MROUND('T2'!G6*'T6'!$C$2,5)) | H6: =IF(MROUND('T2'!H6*'T6'!I$2,1)=0,"",MROUND('T2'!H6*'T6'!I$2,5)) | I6: 13603 | J6: =IF(MROUND('T2'!J6*'T6'!$C$2,1)<1,"",MROUND('T2'!J6*'T6'!$C$2,5)) | L6: 20047 | O6: 21220 | R6: =SUM(C6,F6,I6,L6,O6) -> 67343
A7: 2017 | B7: =IF(MROUND('T2'!B7*'T6'!$C$2,1)=0,"",MROUND('T2'!B7*'T6'!C$2,5)) | C7: 3490 | D7: =IF(MROUND('T2'!D7*'T6'!$C$2,1)<1,"",MROUND('T2'!D7*'T6'!$C$2,5)) | E7: =IF(MROUND('T2'!E7*'T6'!F$2,1)=0,"",MROUND('T2'!E7*'T6'!F$2,5)) | F7: 9261 | G7: =IF(MROUND('T2'!G7*'T6'!$C$2,1)<1,"",MROUND('T2'!G7*'T6'!$C$2,5)) | H7: =IF(MROUND('T2'!H7*'T6'!I$2,1)=0,"",MROUND('T2'!H7*'T6'!I$2,5)) | I7: 14333 | J7: =IF(MROUND('T2'!J7*'T6'!$C$2,1)<1,"",MROUND('T2'!J7*'T6'!$C$2,5)) | L7: 19477 | O7: 21397 | R7: =SUM(C7,F7,I7,L7,O7) -> 67958
A8: 2018 | B8: =IF(MROUND('T2'!B8*'T6'!$C$2,1)=0,"",MROUND('T2'!B8*'T6'!C$2,5)) | C8: 3111 | D8: =IF(MROUND('T2'!D8*'T6'!$C$2,1)<1,"",MROUND('T2'!D8*'T6'!$C$2,5)) | E8: =IF(MROUND('T2'!E8*'T6'!F$2,1)=0,"",MROUND('T2'!E8*'T6'!F$2,5)) | F8: 9727 | G8: =IF(MROUND('T2'!G8*'T6'!$C$2,1)<1,"",MROUND('T2'!G8*'T6'!$C$2,5)) | H8: =IF(MROUND('T2'!H8*'T6'!I$2,1)=0,"",MROUND('T2'!H8*'T6'!I$2,5)) | I8: 14107 | J8: =IF(MROUND('T2'!J8*'T6'!$C$2,1)<1,"",MROUND('T2'!J8*'T6'!$C$2,5)) | L8: 19821 | O8: 20744 | R8: =SUM(C8,F8,I8,L8,O8) -> 67510
A9: 2019 | B9: =IF(MROUND('T2'!B9*'T6'!$C$2,1)=0,"",MROUND('T2'!B9*'T6'!C$2,5)) | C9: 3138 | D9: =IF(MROUND('T2'!D9*'T6'!$C$2,1)<1,"",MROUND('T2'!D9*'T6'!$C$2,5)) | E9: =IF(MROUND('T2'!E9*'T6'!F$2,1)=0,"",MROUND('T2'!E9*'T6'!F$2,5)) | F9: 9531 | G9: =IF(MROUND('T2'!G9*'T6'!$C$2,1)<1,"",MROUND('T2'!G9*'T6'!$C$2,5)) | H9: =IF(MROUND('T2'!H9*'T6'!I$2,1)=0,"",MROUND('T2'!H9*'T6'!I$2,5)) | I9: 14641 | J9: =IF(MROUND('T2'!J9*'T6'!$C$2,1)<1,"",MROUND('T2'!J9*'T6'!$C$2,5)) | L9: 19007 | O9: 20996 | R9: =SUM(C9,F9,I9,L9,O9) -> 67313
A10: 2020 | B10: =IF(MROUND('T2'!B10*'T6'!$C$2,1)=0,"",MROUND('T2'!B10*'T6'!C$2,5)) | C10: 2632 | D10: =IF(MROUND('T2'!D10*'T6'!$C$2,1)<1,"",MROUND('T2'!D10*'T6'!$C$2,5)) | E10: =IF(MROUND('T2'!E10*'T6'!F$2,1)=0,"",MROUND('T2'!E10*'T6'!F$2,5)) | F10: 8699 | G10: =IF(MROUND('T2'!G10*'T6'!$C$2,1)<1,"",MROUND('T2'!G10*'T6'!$C$2,5)) | H10: =IF(MROUND('T2'!H10*'T6'!I$2,1)=0,"",MROUND('T2'!H10*'T6'!I$2,5)) | I10: 13175 | J10: =IF(MROUND('T2'!J10*'T6'!$C$2,1)<1,"",MROUND('T2'!J10*'T6'!$C$2,5)) | L10: 18522 | O10: 19617 | R10: =SUM(C10,F10,I10,L10,O10) -> 62645
A11: 2021 | B11: =IF(MROUND('T2'!B11*'T6'!$C$2,1)=0,"",MROUND('T2'!B11*'T6'!C$2,5)) | C11: 3386 | D11: =IF(MROUND('T2'!D11*'T6'!$C$2,1)<1,"",MROUND('T2'!D11*'T6'!$C$2,5)) | E11: =IF(MROUND('T2'!E11*'T6'!F$2,1)=0,"",MROUND('T2'!E11*'T6'!F$2,5)) | F11: 9942 | G11: =IF(MROUND('T2'!G11*'T6'!$C$2,1)<1,"",MROUND('T2'!G11*'T6'!$C$2,5)) | H11: =IF(MROUND('T2'!H11*'T6'!I$2,1)=0,"",MROUND('T2'!H11*'T6'!I$2,5)) | I11: 13654 | J11: =IF(MROUND('T2'!J11*'T6'!$C$2,1)<1,"",MROUND('T2'!J11*'T6'!$C$2,5)) | L11: 17563 | O11: 19626 | R11: =SUM(C11,F11,I11,L11,O11) -> 64171
A12: 2022 | B12: =IF(MROUND('T2'!B12*'T6'!$C$2,1)=0,"",MROUND('T2'!B12*'T6'!C$2,5)) | C12: 3226 | D12: =IF(MROUND('T2'!D12*'T6'!$C$2,1)<1,"",MROUND('T2'!D12*'T6'!$C$2,5)) | E12: =IF(MROUND('T2'!E12*'T6'!F$2,1)=0,"",MROUND('T2'!E12*'T6'!F$2,5)) | F12: 9542 | G12: =IF(MROUND('T2'!G12*'T6'!$C$2,1)<1,"",MROUND('T2'!G12*'T6'!$C$2,5)) | H12: =IF(MROUND('T2'!H12*'T6'!I$2,1)=0,"",MROUND('T2'!H12*'T6'!I$2,5)) | I12: 12891 | J12: =IF(MROUND('T2'!J12*'T6'!$C$2,1)<1,"",MROUND('T2'!J12*'T6'!$C$2,5)) | L12: 16046 | O12: 17231 | R12: =SUM(C12,F12,I12,L12,O12) -> 58936
A13: 2023 | B13: =IF(MROUND('T2'!B13*'T6'!$C$2,1)=0,"",MROUND('T2'!B13*'T6'!C$2,5)) | C13: 3063 | D13: =IF(MROUND('T2'!D13*'T6'!$C$2,1)<1,"",MROUND('T2'!D13*'T6'!$C$2,5)) | E13: =IF(MROUND('T2'!E13*'T6'!F$2,1)=0,"",MROUND('T2'!E13*'T6'!F$2,5)) | F13: 10484 | G13: =IF(MROUND('T2'!G13*'T6'!$C$2,1)<1,"",MROUND('T2'!G13*'T6'!$C$2,5)) | H13: =IF(MROUND('T2'!H13*'T6'!I$2,1)=0,"",MROUND('T2'!H13*'T6'!I$2,5)) | I13: 14290 | J13: =IF(MROUND('T2'!J13*'T6'!$C$2,1)<1,"",MROUND('T2'!J13*'T6'!$C$2,5)) | L13: 17651 | O13: 18366 | R13: =SUM(C13,F13,I13,L13,O13) -> 63854
A14: 2024 | B14: =IF(MROUND('T2'!B14*'T6'!$C$2,1)=0,"",MROUND('T2'!B14*'T6'!C$2,5)) | C14: 3141 | D14: =IF(MROUND('T2'!D14*'T6'!$C$2,1)<1,"",MROUND('T2'!D14*'T6'!$C$2,5)) | E14: =IF(MROUND('T2'!E14*'T6'!F$2,1)=0,"",MROUND('T2'!E14*'T6'!F$2,5)) | F14: 9703 | G14: =IF(MROUND('T2'!G14*'T6'!$C$2,1)<1,"",MROUND('T2'!G14*'T6'!$C$2,5)) | H14: =IF(MROUND('T2'!H14*'T6'!I$2,1)=0,"",MROUND('T2'!H14*'T6'!I$2,5)) | I14: 15203 | J14: =IF(MROUND('T2'!J14*'T6'!$C$2,1)<1,"",MROUND('T2'!J14*'T6'!$C$2,5)) | L14: 18447 | O14: 19561 | Q14: =R14 -> 66055 | R14: =SUM(C14,F14,I14,L14,O14) -> 66055 | S14: =R14 -> 66055 | T14: =R14 -> 66055
A15: 2025 | B15: =IF(MROUND('T3'!B15*'T7'!$C$2,1)=0,"",MROUND('T3'!B15*'T7'!C$2,5)) -> 2885 | C15: =IF(MROUND('T3'!C15*'T7'!$C$2,1)<1,"",MROUND('T3'!C15*'T7'!$C$2,5)) -> 2985 | D15: =IF(MROUND('T3'!D15*'T7'!$C$2,1)<1,"",MROUND('T3'!D15*'T7'!$C$2,5)) -> 3015 | E15: =IF(MROUND('T3'!E15*'T7'!F$2,1)=0,"",MROUND('T3'!E15*'T7'!F$2,5)) -> 8560 | F15: =IF(MROUND('T3'!F15*'T7'!F$2,1)<1,"",MROUND('T3'!F15*'T7'!F$2,5)) -> 8700 | G15: =IF(MROUND('T3'!G15*'T7'!F$2,1)<1,"",MROUND('T3'!G15*'T7'!F$2,5)) -> 8790 | H15: =IF(MROUND('T3'!H15*'T7'!I$2,1)=0,"",MROUND('T3'!H15*'T7'!I$2,5)) -> 12400 | I15: =IF(MROUND('T3'!I15*'T7'!I$2,1)<1,"",MROUND('T3'!I15*'T7'!I$2,5)) -> 12605 | J15: =IF(MROUND('T3'!J15*'T7'!I$2,1)<1,"",MROUND('T3'!J15*'T7'!I$2,5)) -> 12735 | K15: =IF(MROUND('T3'!K15*'T7'!L$2,1)=0,"",MROUND('T3'!K15*'T7'!L$2,5)) -> 17625 | L15: =IF(MROUND('T3'!L15*'T7'!L$2,1)<1,"",MROUND('T3'!L15*'T7'!L$2,5)) -> 17915 | M15: =IF(MROUND('T3'!M15*'T6'!L$2,1)<1,"",MROUND('T3'!M15*'T6'!L$2,5)) -> 16210 | N15: =IF(MROUND('T3'!N15*'T7'!O$2,1)=0,"",MROUND('T3'!N15*'T7'!O$2,5)) -> 18905 | O15: =IF(MROUND('T3'!O15*'T7'!O$2,1)<1,"",MROUND('T3'!O15*'T7'!O$2,5)) -> 19225 | P15: =IF(MROUND('T3'!P15*'T7'!O$2,1)<1,"",MROUND('T3'!P15*'T7'!O$2,5)) -> 19425 | Q15: =SUM(B15,F15,I15,L15,O15) -> 61330 | S15: =SUM(C15,F15,I15,L15,O15) -> 61430 | T15: =SUM(O15,L15,I15,F15,D15) -> 61460
A16: 2026 | B16: =IF(MROUND('T3'!B16*'T7'!$C$2,1)=0,"",MROUND('T3'!B16*'T7'!C$2,5)) -> 2845 | C16: =IF(MROUND('T3'!C16*'T7'!$C$2,1)<1,"",MROUND('T3'!C16*'T7'!$C$2,5)) -> 2985 | D16: =IF(MROUND('T3'!D16*'T7'!$C$2,1)<1,"",MROUND('T3'!D16*'T7'!$C$2,5)) -> 3020 | E16: =IF(MROUND('T3'!E16*'T7'!F$2,1)=0,"",MROUND('T3'!E16*'T7'!F$2,5)) -> 8515 | F16: =IF(MROUND('T3'!F16*'T7'!F$2,1)<1,"",MROUND('T3'!F16*'T7'!F$2,5)) -> 8865 | G16: =IF(MROUND('T3'!G16*'T7'!F$2,1)<1,"",MROUND('T3'!G16*'T7'!F$2,5)) -> 8960 | H16: =IF(MROUND('T3'!H16*'T7'!I$2,1)=0,"",MROUND('T3'!H16*'T7'!I$2,5)) -> 12345 | I16: =IF(MROUND('T3'!I16*'T7'!I$2,1)<1,"",MROUND('T3'!I16*'T7'!I$2,5)) -> 12580 | J16: =IF(MROUND('T3'!J16*'T7'!I$2,1)<1,"",MROUND('T3'!J16*'T7'!I$2,5)) -> 12710 | K16: =IF(MROUND('T3'!K16*'T7'!L$2,1)=0,"",MROUND('T3'!K16*'T7'!L$2,5)) -> 16360 | L16: =IF(MROUND('T3'!L16*'T7'!L$2,1)<1,"",MROUND('T3'!L16*'T7'!L$2,5)) -> 16680 | M16: =IF(MROUND('T3'!M16*'T6'!L$2,1)<1,"",MROUND('T3'!M16*'T6'!L$2,5)) -> 15090 | N16: =IF(MROUND('T3'!N16*'T7'!O$2,1)=0,"",MROUND('T3'!N16*'T7'!O$2,5)) -> 18705 | O16: =IF(MROUND('T3'!O16*'T7'!O$2,1)<1,"",MROUND('T3'!O16*'T7'!O$2,5)) -> 19075 | P16: =IF(MROUND('T3'!P16*'T7'!O$2,1)<1,"",MROUND('T3'!P16*'T7'!O$2,5)) -> 19270 | Q16: =SUM(B16,E16,I16,L16,O16) -> 59695 | S16: =SUM(C16,F16,I16,L16,O16) -> 60185 | T16: =SUM(O16,L16,I16,G16,D16) -> 60315
A17: 2027 | B17: =IF(MROUND('T3'!B17*'T7'!$C$2,1)=0,"",MROUND('T3'!B17*'T7'!C$2,5)) -> 2815 | C17: =IF(MROUND('T3'!C17*'T7'!$C$2,1)<1,"",MROUND('T3'!C17*'T7'!$C$2,5)) -> 2985 | D17: =IF(MROUND('T3'!D17*'T7'!$C$2,1)<1,"",MROUND('T3'!D17*'T7'!$C$2,5)) -> 3015 | E17: =IF(MROUND('T3'!E17*'T7'!F$2,1)=0,"",MROUND('T3'!E17*'T7'!F$2,5)) -> 8455 | F17: =IF(MROUND('T3'!F17*'T7'!F$2,1)<1,"",MROUND('T3'!F17*'T7'!F$2,5)) -> 8875 | G17: =IF(MROUND('T3'!G17*'T7'!F$2,1)<1,"",MROUND('T3'!G17*'T7'!F$2,5)) -> 8965 | H17: =IF(MROUND('T3'!H17*'T7'!I$2,1)=0,"",MROUND('T3'!H17*'T7'!I$2,5)) -> 12315 | I17: =IF(MROUND('T3'!I17*'T7'!I$2,1)<1,"",MROUND('T3'!I17*'T7'!I$2,5)) -> 12825 | J17: =IF(MROUND('T3'!J17*'T7'!I$2,1)<1,"",MROUND('T3'!J17*'T7'!I$2,5)) -> 12960 | K17: =IF(MROUND('T3'!K17*'T7'!L$2,1)=0,"",MROUND('T3'!K17*'T7'!L$2,5)) -> 16295 | L17: =IF(MROUND('T3'!L17*'T7'!L$2,1)<1,"",MROUND('T3'!L17*'T7'!L$2,5)) -> 16655 | M17: =IF(MROUND('T3'!M17*'T6'!L$2,1)<1,"",MROUND('T3'!M17*'T6'!L$2,5)) -> 15070 | N17: =IF(MROUND('T3'!N17*'T7'!O$2,1)=0,"",MROUND('T3'!N17*'T7'!O$2,5)) -> 17375 | O17: =IF(MROUND('T3'!O17*'T7'!O$2,1)<1,"",MROUND('T3'!O17*'T7'!O$2,5)) -> 17775 | P17: =IF(MROUND('T3'!P17*'T7'!O$2,1)<1,"",MROUND('T3'!P17*'T7'!O$2,5)) -> 17965 | Q17: =SUM(O17,L17,H17,E17,B17) -> 58015 | S17: =SUM(C17,F17,I17,L17,O17) -> 59115 | T17: =SUM(O17,L17,J17,G17,D17) -> 59370
A18: 2028 | B18: =IF(MROUND('T3'!B18*'T7'!$C$2,1)=0,"",MROUND('T3'!B18*'T7'!C$2,5)) -> 2795 | C18: =IF(MROUND('T3'!C18*'T7'!$C$2,1)<1,"",MROUND('T3'!C18*'T7'!$C$2,5)) -> 2985 | D18: =IF(MROUND('T3'!D18*'T7'!$C$2,1)<1,"",MROUND('T3'!D18*'T7'!$C$2,5)) -> 3015 | E18: =IF(MROUND('T3'!E18*'T7'!F$2,1)=0,"",MROUND('T3'!E18*'T7'!F$2,5)) -> 8360 | F18: =IF(MROUND('T3'!F18*'T7'!F$2,1)<1,"",MROUND('T3'!F18*'T7'!F$2,5)) -> 8875 | G18: =IF(MROUND('T3'!G18*'T7'!F$2,1)<1,"",MROUND('T3'!G18*'T7'!F$2,5)) -> 8965 | H18: =IF(MROUND('T3'!H18*'T7'!I$2,1)=0,"",MROUND('T3'!H18*'T7'!I$2,5)) -> 12230 | I18: =IF(MROUND('T3'!I18*'T7'!I$2,1)<1,"",MROUND('T3'!I18*'T7'!I$2,5)) -> 12840 | J18: =IF(MROUND('T3'!J18*'T7'!I$2,1)<1,"",MROUND('T3'!J18*'T7'!I$2,5)) -> 12975 | K18: =IF(MROUND('T3'!K18*'T7'!L$2,1)=0,"",MROUND('T3'!K18*'T7'!L$2,5)) -> 16300 | L18: =IF(MROUND('T3'!L18*'T7'!L$2,1)<1,"",MROUND('T3'!L18*'T7'!L$2,5)) -> 16990 | M18: =IF(MROUND('T3'!M18*'T6'!L$2,1)<1,"",MROUND('T3'!M18*'T6'!L$2,5)) -> 15370 | N18: =IF(MROUND('T3'!N18*'T7'!O$2,1)=0,"",MROUND('T3'!N18*'T7'!O$2,5)) -> 17325 | O18: =IF(MROUND('T3'!O18*'T7'!O$2,1)<1,"",MROUND('T3'!O18*'T7'!O$2,5)) -> 17760 | P18: =IF(MROUND('T3'!P18*'T7'!O$2,1)<1,"",MROUND('T3'!P18*'T7'!O$2,5)) -> 17950 | Q18: =SUM(O18,K18,H18,E18,B18) -> 57445 | S18: =SUM(C18,F18,I18,L18,O18) -> 59450 | T18: =SUM(O18,M18,J18,G18,D18) -> 58085
A19: 2029 | B19: =IF(MROUND('T3'!B19*'T7'!$C$2,1)=0,"",MROUND('T3'!B19*'T7'!C$2,5)) -> 2775 | C19: =IF(MROUND('T3'!C19*'T7'!$C$2,1)<1,"",MROUND('T3'!C19*'T7'!$C$2,5)) -> 2985 | D19: =IF(MROUND('T3'!D19*'T7'!$C$2,1)<1,"",MROUND('T3'!D19*'T7'!$C$2,5)) -> 3015 | E19: =IF(MROUND('T3'!E19*'T7'!F$2,1)=0,"",MROUND('T3'!E19*'T7'!F$2,5)) -> 8300 | F19: =IF(MROUND('T3'!F19*'T7'!F$2,1)<1,"",MROUND('T3'!F19*'T7'!F$2,5)) -> 8875 | G19: =IF(MROUND('T3'!G19*'T7'!F$2,1)<1,"",MROUND('T3'!G19*'T7'!F$2,5)) -> 8965 | H19: =IF(MROUND('T3'!H19*'T7'!I$2,1)=0,"",MROUND('T3'!H19*'T7'!I$2,5)) -> 12120 | I19: =IF(MROUND('T3'!I19*'T7'!I$2,1)<1,"",MROUND('T3'!I19*'T7'!I$2,5)) -> 12845 | J19: =IF(MROUND('T3'!J19*'T7'!I$2,1)<1,"",MROUND('T3'!J19*'T7'!I$2,5)) -> 12980 | K19: =IF(MROUND('T3'!K19*'T7'!L$2,1)=0,"",MROUND('T3'!K19*'T7'!L$2,5)) -> 16195 | L19: =IF(MROUND('T3'!L19*'T7'!L$2,1)<1,"",MROUND('T3'!L19*'T7'!L$2,5)) -> 17015 | M19: =IF(MROUND('T3'!M19*'T6'!L$2,1)<1,"",MROUND('T3'!M19*'T6'!L$2,5)) -> 15395 | N19: =IF(MROUND('T3'!N19*'T7'!O$2,1)=0,"",MROUND('T3'!N19*'T7'!O$2,5)) -> 17380 | O19: =IF(MROUND('T3'!O19*'T7'!O$2,1)<1,"",MROUND('T3'!O19*'T7'!O$2,5)) -> 18120 | P19: =IF(MROUND('T3'!P19*'T7'!O$2,1)<1,"",MROUND('T3'!P19*'T7'!O$2,5)) -> 18310 | Q19: =SUM(N19,K19,H19,E19,B19) -> 56770 | S19: =SUM(C19,F19,I19,L19,O19) -> 59840 | T19: =SUM(P19,M19,J19,G19,D19) -> 58665
A20: 2030 | B20: =IF(MROUND('T3'!B20*'T7'!$C$2,1)=0,"",MROUND('T3'!B20*'T7'!C$2,5)) -> 2760 | C20: =IF(MROUND('T3'!C20*'T7'!$C$2,1)<1,"",MROUND('T3'!C20*'T7'!$C$2,5)) -> 2980 | D20: =IF(MROUND('T3'!D20*'T7'!$C$2,1)<1,"",MROUND('T3'!D20*'T7'!$C$2,5)) -> 3015 | E20: =IF(MROUND('T3'!E20*'T7'!F$2,1)=0,"",MROUND('T3'!E20*'T7'!F$2,5)) -> 8255 | F20: =IF(MROUND('T3'!F20*'T7'!F$2,1)<1,"",MROUND('T3'!F20*'T7'!F$2,5)) -> 8870 | G20: =IF(MROUND('T3'!G20*'T7'!F$2,1)<1,"",MROUND('T3'!G20*'T7'!F$2,5)) -> 8960 | H20: =IF(MROUND('T3'!H20*'T7'!I$2,1)=0,"",MROUND('T3'!H20*'T7'!I$2,5)) -> 12020 | I20: =IF(MROUND('T3'!I20*'T7'!I$2,1)<1,"",MROUND('T3'!I20*'T7'!I$2,5)) -> 12845 | J20: =IF(MROUND('T3'!J20*'T7'!I$2,1)<1,"",MROUND('T3'!J20*'T7'!I$2,5)) -> 12980 | K20: =IF(MROUND('T3'!K20*'T7'!L$2,1)=0,"",MROUND('T3'!K20*'T7'!L$2,5)) -> 16070 | L20: =IF(MROUND('T3'!L20*'T7'!L$2,1)<1,"",MROUND('T3'!L20*'T7'!L$2,5)) -> 17025 | M20: =IF(MROUND('T3'!M20*'T6'!L$2,1)<1,"",MROUND('T3'!M20*'T6'!L$2,5)) -> 15405 | N20: =IF(MROUND('T3'!N20*'T7'!O$2,1)=0,"",MROUND('T3'!N20*'T7'!O$2,5)) -> 17265 | O20: =IF(MROUND('T3'!O20*'T7'!O$2,1)<1,"",MROUND('T3'!O20*'T7'!O$2,5)) -> 18155 | P20: =IF(MROUND('T3'!P20*'T7'!O$2,1)<1,"",MROUND('T3'!P20*'T7'!O$2,5)) -> 18345 | Q20: =SUM(N20,K20,H20,E20,B20) -> 56370 | S20: =SUM(C20,F20,I20,L20,O20) -> 59875 | T20: =SUM(P20,M20,J20,G20,D20) -> 58705
A21: 2031 | B21: =IF(MROUND('T3'!B21*'T7'!$C$2,1)=0,"",MROUND('T3'!B21*'T7'!C$2,5)) -> 2735 | C21: =IF(MROUND('T3'!C21*'T7'!$C$2,1)<1,"",MROUND('T3'!C21*'T7'!$C$2,5)) -> 2980 | D21: =IF(MROUND('T3'!D21*'T7'!$C$2,1)<1,"",MROUND('T3'!D21*'T7'!$C$2,5)) -> 3015 | E21: =IF(MROUND('T3'!E21*'T7'!F$2,1)=0,"",MROUND('T3'!E21*'T7'!F$2,5)) -> 8205 | F21: =IF(MROUND('T3'!F21*'T7'!F$2,1)<1,"",MROUND('T3'!F21*'T7'!F$2,5)) -> 8870 | G21: =IF(MROUND('T3'!G21*'T7'!F$2,1)<1,"",MROUND('T3'!G21*'T7'!F$2,5)) -> 8960 | H21: =IF(MROUND('T3'!H21*'T7'!I$2,1)=0,"",MROUND('T3'!H21*'T7'!I$2,5)) -> 11945 | I21: =IF(MROUND('T3'!I21*'T7'!I$2,1)<1,"",MROUND('T3'!I21*'T7'!I$2,5)) -> 12840 | J21: =IF(MROUND('T3'!J21*'T7'!I$2,1)<1,"",MROUND('T3'!J21*'T7'!I$2,5)) -> 12975 | K21: =IF(MROUND('T3'!K21*'T7'!L$2,1)=0,"",MROUND('T3'!K21*'T7'!L$2,5)) -> 15940 | L21: =IF(MROUND('T3'!L21*'T7'!L$2,1)<1,"",MROUND('T3'!L21*'T7'!L$2,5)) -> 17030 | M21: =IF(MROUND('T3'!M21*'T6'!L$2,1)<1,"",MROUND('T3'!M21*'T6'!L$2,5)) -> 15405 | N21: =IF(MROUND('T3'!N21*'T7'!O$2,1)=0,"",MROUND('T3'!N21*'T7'!O$2,5)) -> 17155 | O21: =IF(MROUND('T3'!O21*'T7'!O$2,1)<1,"",MROUND('T3'!O21*'T7'!O$2,5)) -> 18170 | P21: =IF(MROUND('T3'!P21*'T7'!O$2,1)<1,"",MROUND('T3'!P21*'T7'!O$2,5)) -> 18360 | Q21: =SUM(N21,K21,H21,E21,B21) -> 55980 | S21: =SUM(C21,F21,I21,L21,O21) -> 59890 | T21: =SUM(P21,M21,J21,G21,D21) -> 58715
A22: 2032 | B22: =IF(MROUND('T3'!B22*'T7'!$C$2,1)=0,"",MROUND('T3'!B22*'T7'!C$2,5)) -> 2730 | C22: =IF(MROUND('T3'!C22*'T7'!$C$2,1)<1,"",MROUND('T3'!C22*'T7'!$C$2,5)) -> 2985 | D22: =IF(MROUND('T3'!D22*'T7'!$C$2,1)<1,"",MROUND('T3'!D22*'T7'!$C$2,5)) -> 3015 | E22: =IF(MROUND('T3'!E22*'T7'!F$2,1)=0,"",MROUND('T3'!E22*'T7'!F$2,5)) -> 8140 | F22: =IF(MROUND('T3'!F22*'T7'!F$2,1)<1,"",MROUND('T3'!F22*'T7'!F$2,5)) -> 8870 | G22: =IF(MROUND('T3'!G22*'T7'!F$2,1)<1,"",MROUND('T3'!G22*'T7'!F$2,5)) -> 8960 | H22: =IF(MROUND('T3'!H22*'T7'!I$2,1)=0,"",MROUND('T3'!H22*'T7'!I$2,5)) -> 11890 | I22: =IF(MROUND('T3'!I22*'T7'!I$2,1)<1,"",MROUND('T3'!I22*'T7'!I$2,5)) -> 12840 | J22: =IF(MROUND('T3'!J22*'T7'!I$2,1)<1,"",MROUND('T3'!J22*'T7'!I$2,5)) -> 12975 | K22: =IF(MROUND('T3'!K22*'T7'!L$2,1)=0,"",MROUND('T3'!K22*'T7'!L$2,5)) -> 15840 | L22: =IF(MROUND('T3'!L22*'T7'!L$2,1)<1,"",MROUND('T3'!L22*'T7'!L$2,5)) -> 17025 | M22: =IF(MROUND('T3'!M22*'T6'!L$2,1)<1,"",MROUND('T3'!M22*'T6'!L$2,5)) -> 15405 | N22: =IF(MROUND('T3'!N22*'T7'!O$2,1)=0,"",MROUND('T3'!N22*'T7'!O$2,5)) -> 17005 | O22: =IF(MROUND('T3'!O22*'T7'!O$2,1)<1,"",MROUND('T3'!O22*'T7'!O$2,5)) -> 18170 | P22: =IF(MROUND('T3'!P22*'T7'!O$2,1)<1,"",MROUND('T3'!P22*'T7'!O$2,5)) -> 18360 | Q22: =SUM(N22,K22,H22,E22,B22) -> 55605 | S22: =SUM(C22,F22,I22,L22,O22) -> 59890 | T22: =SUM(P22,M22,J22,G22,D22) -> 58715
A23: 2033 | B23: =IF(MROUND('T3'!B23*'T7'!$C$2,1)=0,"",MROUND('T3'!B23*'T7'!C$2,5)) -> 2720 | C23: =IF(MROUND('T3'!C23*'T7'!$C$2,1)<1,"",MROUND('T3'!C23*'T7'!$C$2,5)) -> 2990 | D23: =IF(MROUND('T3'!D23*'T7'!$C$2,1)<1,"",MROUND('T3'!D23*'T7'!$C$2,5)) -> 3020 | E23: =IF(MROUND('T3'!E23*'T7'!F$2,1)=0,"",MROUND('T3'!E23*'T7'!F$2,5)) -> 8120 | F23: =IF(MROUND('T3'!F23*'T7'!F$2,1)<1,"",MROUND('T3'!F23*'T7'!F$2,5)) -> 8875 | G23: =IF(MROUND('T3'!G23*'T7'!F$2,1)<1,"",MROUND('T3'!G23*'T7'!F$2,5)) -> 8970 | H23: =IF(MROUND('T3'!H23*'T7'!I$2,1)=0,"",MROUND('T3'!H23*'T7'!I$2,5)) -> 11800 | I23: =IF(MROUND('T3'!I23*'T7'!I$2,1)<1,"",MROUND('T3'!I23*'T7'!I$2,5)) -> 12845 | J23: =IF(MROUND('T3'!J23*'T7'!I$2,1)<1,"",MROUND('T3'!J23*'T7'!I$2,5)) -> 12980 | K23: =IF(MROUND('T3'!K23*'T7'!L$2,1)=0,"",MROUND('T3'!K23*'T7'!L$2,5)) -> 15760 | L23: =IF(MROUND('T3'!L23*'T7'!L$2,1)<1,"",MROUND('T3'!L23*'T7'!L$2,5)) -> 17025 | M23: =IF(MROUND('T3'!M23*'T6'!L$2,1)<1,"",MROUND('T3'!M23*'T6'!L$2,5)) -> 15400 | N23: =IF(MROUND('T3'!N23*'T7'!O$2,1)=0,"",MROUND('T3'!N23*'T7'!O$2,5)) -> 16890 | O23: =IF(MROUND('T3'!O23*'T7'!O$2,1)<1,"",MROUND('T3'!O23*'T7'!O$2,5)) -> 18170 | P23: =IF(MROUND('T3'!P23*'T7'!O$2,1)<1,"",MROUND('T3'!P23*'T7'!O$2,5)) -> 18360 | Q23: =SUM(N23,K23,H23,E23,B23) -> 55290 | S23: =SUM(C23,F23,I23,L23,O23) -> 59905 | T23: =SUM(P23,M23,J23,G23,D23) -> 58730
A24: 2034 | B24: =IF(MROUND('T3'!B24*'T7'!$C$2,1)=0,"",MROUND('T3'!B24*'T7'!C$2,5)) -> 2720 | C24: =IF(MROUND('T3'!C24*'T7'!$C$2,1)<1,"",MROUND('T3'!C24*'T7'!$C$2,5)) -> 3000 | D24: =IF(MROUND('T3'!D24*'T7'!$C$2,1)<1,"",MROUND('T3'!D24*'T7'!$C$2,5)) -> 3030 | E24: =IF(MROUND('T3'!E24*'T7'!F$2,1)=0,"",MROUND('T3'!E24*'T7'!F$2,5)) -> 8090 | F24: =IF(MROUND('T3'!F24*'T7'!F$2,1)<1,"",MROUND('T3'!F24*'T7'!F$2,5)) -> 8895 | G24: =IF(MROUND('T3'!G24*'T7'!F$2,1)<1,"",MROUND('T3'!G24*'T7'!F$2,5)) -> 8985 | H24: =IF(MROUND('T3'!H24*'T7'!I$2,1)=0,"",MROUND('T3'!H24*'T7'!I$2,5)) -> 11760 | I24: =IF(MROUND('T3'!I24*'T7'!I$2,1)<1,"",MROUND('T3'!I24*'T7'!I$2,5)) -> 12855 | J24: =IF(MROUND('T3'!J24*'T7'!I$2,1)<1,"",MROUND('T3'!J24*'T7'!I$2,5)) -> 12990 | K24: =IF(MROUND('T3'!K24*'T7'!L$2,1)=0,"",MROUND('T3'!K24*'T7'!L$2,5)) -> 15650 | L24: =IF(MROUND('T3'!L24*'T7'!L$2,1)<1,"",MROUND('T3'!L24*'T7'!L$2,5)) -> 17030 | M24: =IF(MROUND('T3'!M24*'T6'!L$2,1)<1,"",MROUND('T3'!M24*'T6'!L$2,5)) -> 15405 | N24: =IF(MROUND('T3'!N24*'T7'!O$2,1)=0,"",MROUND('T3'!N24*'T7'!O$2,5)) -> 16805 | O24: =IF(MROUND('T3'!O24*'T7'!O$2,1)<1,"",MROUND('T3'!O24*'T7'!O$2,5)) -> 18170 | P24: =IF(MROUND('T3'!P24*'T7'!O$2,1)<1,"",MROUND('T3'!P24*'T7'!O$2,5)) -> 18360 | Q24: =SUM(N24,K24,H24,E24,B24) -> 55025 | S24: =SUM(C24,F24,I24,L24,O24) -> 59950 | T24: =SUM(P24,M24,J24,G24,D24) -> 58770
A25: 2035 | B25: =IF(MROUND('T3'!B25*'T7'!$C$2,1)=0,"",MROUND('T3'!B25*'T7'!C$2,5)) -> 2715 | C25: =IF(MROUND('T3'!C25*'T7'!$C$2,1)<1,"",MROUND('T3'!C25*'T7'!$C$2,5)) -> 3010 | D25: =IF(MROUND('T3'!D25*'T7'!$C$2,1)<1,"",MROUND('T3'!D25*'T7'!$C$2,5)) -> 3040 | E25: =IF(MROUND('T3'!E25*'T7'!F$2,1)=0,"",MROUND('T3'!E25*'T7'!F$2,5)) -> 8085 | F25: =IF(MROUND('T3'!F25*'T7'!F$2,1)<1,"",MROUND('T3'!F25*'T7'!F$2,5)) -> 8920 | G25: =IF(MROUND('T3'!G25*'T7'!F$2,1)<1,"",MROUND('T3'!G25*'T7'!F$2,5)) -> 9015 | H25: =IF(MROUND('T3'!H25*'T7'!I$2,1)=0,"",MROUND('T3'!H25*'T7'!I$2,5)) -> 11745 | I25: =IF(MROUND('T3'!I25*'T7'!I$2,1)<1,"",MROUND('T3'!I25*'T7'!I$2,5)) -> 12880 | J25: =IF(MROUND('T3'!J25*'T7'!I$2,1)<1,"",MROUND('T3'!J25*'T7'!I$2,5)) -> 13015 | K25: =IF(MROUND('T3'!K25*'T7'!L$2,1)=0,"",MROUND('T3'!K25*'T7'!L$2,5)) -> 15610 | L25: =IF(MROUND('T3'!L25*'T7'!L$2,1)<1,"",MROUND('T3'!L25*'T7'!L$2,5)) -> 17045 | M25: =IF(MROUND('T3'!M25*'T6'!L$2,1)<1,"",MROUND('T3'!M25*'T6'!L$2,5)) -> 15420 | N25: =IF(MROUND('T3'!N25*'T7'!O$2,1)=0,"",MROUND('T3'!N25*'T7'!O$2,5)) -> 16700 | O25: =IF(MROUND('T3'!O25*'T7'!O$2,1)<1,"",MROUND('T3'!O25*'T7'!O$2,5)) -> 18175 | P25: =IF(MROUND('T3'!P25*'T7'!O$2,1)<1,"",MROUND('T3'!P25*'T7'!O$2,5)) -> 18365 | Q25: =SUM(N25,K25,H25,E25,B25) -> 54855 | S25: =SUM(C25,F25,I25,L25,O25) -> 60030 | T25: =SUM(P25,M25,J25,G25,D25) -> 58855
A26: 2036 | B26: =IF(MROUND('T3'!B26*'T7'!$C$2,1)=0,"",MROUND('T3'!B26*'T7'!C$2,5)) -> 2720 | C26: =IF(MROUND('T3'!C26*'T7'!$C$2,1)<1,"",MROUND('T3'!C26*'T7'!$C$2,5)) -> 3025 | D26: =IF(MROUND('T3'!D26*'T7'!$C$2,1)<1,"",MROUND('T3'!D26*'T7'!$C$2,5)) -> 3060 | E26: =IF(MROUND('T3'!E26*'T7'!F$2,1)=0,"",MROUND('T3'!E26*'T7'!F$2,5)) -> 8080 | F26: =IF(MROUND('T3'!F26*'T7'!F$2,1)<1,"",MROUND('T3'!F26*'T7'!F$2,5)) -> 8960 | G26: =IF(MROUND('T3'!G26*'T7'!F$2,1)<1,"",MROUND('T3'!G26*'T7'!F$2,5)) -> 9050 | H26: =IF(MROUND('T3'!H26*'T7'!I$2,1)=0,"",MROUND('T3'!H26*'T7'!I$2,5)) -> 11710 | I26: =IF(MROUND('T3'!I26*'T7'!I$2,1)<1,"",MROUND('T3'!I26*'T7'!I$2,5)) -> 12920 | J26: =IF(MROUND('T3'!J26*'T7'!I$2,1)<1,"",MROUND('T3'!J26*'T7'!I$2,5)) -> 13055 | K26: =IF(MROUND('T3'!K26*'T7'!L$2,1)=0,"",MROUND('T3'!K26*'T7'!L$2,5)) -> 15575 | L26: =IF(MROUND('T3'!L26*'T7'!L$2,1)<1,"",MROUND('T3'!L26*'T7'!L$2,5)) -> 17080 | M26: =IF(MROUND('T3'!M26*'T6'!L$2,1)<1,"",MROUND('T3'!M26*'T6'!L$2,5)) -> 15450 | N26: =IF(MROUND('T3'!N26*'T7'!O$2,1)=0,"",MROUND('T3'!N26*'T7'!O$2,5)) -> 16655 | O26: =IF(MROUND('T3'!O26*'T7'!O$2,1)<1,"",MROUND('T3'!O26*'T7'!O$2,5)) -> 18195 | P26: =IF(MROUND('T3'!P26*'T7'!O$2,1)<1,"",MROUND('T3'!P26*'T7'!O$2,5)) -> 18385 | Q26: =SUM(N26,K26,H26,E26,B26) -> 54740 | S26: =SUM(C26,F26,I26,L26,O26) -> 60180 | T26: =SUM(P26,M26,J26,G26,D26) -> 59000
A27: 2037 | B27: =IF(MROUND('T3'!B27*'T7'!$C$2,1)=0,"",MROUND('T3'!B27*'T7'!C$2,5)) -> 2725 | C27: =IF(MROUND('T3'!C27*'T7'!$C$2,1)<1,"",MROUND('T3'!C27*'T7'!$C$2,5)) -> 3045 | D27: =IF(MROUND('T3'!D27*'T7'!$C$2,1)<1,"",MROUND('T3'!D27*'T7'!$C$2,5)) -> 3080 | E27: =IF(MROUND('T3'!E27*'T7'!F$2,1)=0,"",MROUND('T3'!E27*'T7'!F$2,5)) -> 8075 | F27: =IF(MROUND('T3'!F27*'T7'!F$2,1)<1,"",MROUND('T3'!F27*'T7'!F$2,5)) -> 9010 | G27: =IF(MROUND('T3'!G27*'T7'!F$2,1)<1,"",MROUND('T3'!G27*'T7'!F$2,5)) -> 9100 | H27: =IF(MROUND('T3'!H27*'T7'!I$2,1)=0,"",MROUND('T3'!H27*'T7'!I$2,5)) -> 11710 | I27: =IF(MROUND('T3'!I27*'T7'!I$2,1)<1,"",MROUND('T3'!I27*'T7'!I$2,5)) -> 12975 | J27: =IF(MROUND('T3'!J27*'T7'!I$2,1)<1,"",MROUND('T3'!J27*'T7'!I$2,5)) -> 13110 | K27: =IF(MROUND('T3'!K27*'T7'!L$2,1)=0,"",MROUND('T3'!K27*'T7'!L$2,5)) -> 15530 | L27: =IF(MROUND('T3'!L27*'T7'!L$2,1)<1,"",MROUND('T3'!L27*'T7'!L$2,5)) -> 17135 | M27: =IF(MROUND('T3'!M27*'T6'!L$2,1)<1,"",MROUND('T3'!M27*'T6'!L$2,5)) -> 15500 | N27: =IF(MROUND('T3'!N27*'T7'!O$2,1)=0,"",MROUND('T3'!N27*'T7'!O$2,5)) -> 16640 | O27: =IF(MROUND('T3'!O27*'T7'!O$2,1)<1,"",MROUND('T3'!O27*'T7'!O$2,5)) -> 18230 | P27: =IF(MROUND('T3'!P27*'T7'!O$2,1)<1,"",MROUND('T3'!P27*'T7'!O$2,5)) -> 18420 | Q27: =SUM(N27,K27,H27,E27,B27) -> 54680 | S27: =SUM(C27,F27,I27,L27,O27) -> 60395 | T27: =SUM(P27,M27,J27,G27,D27) -> 59210
A28: 2038 | B28: =IF(MROUND('T3'!B28*'T7'!$C$2,1)=0,"",MROUND('T3'!B28*'T7'!C$2,5)) -> 2740 | C28: =IF(MROUND('T3'!C28*'T7'!$C$2,1)<1,"",MROUND('T3'!C28*'T7'!$C$2,5)) -> 3070 | D28: =IF(MROUND('T3'!D28*'T7'!$C$2,1)<1,"",MROUND('T3'!D28*'T7'!$C$2,5)) -> 3100 | E28: =IF(MROUND('T3'!E28*'T7'!F$2,1)=0,"",MROUND('T3'!E28*'T7'!F$2,5)) -> 8125 | F28: =IF(MROUND('T3'!F28*'T7'!F$2,1)<1,"",MROUND('T3'!F28*'T7'!F$2,5)) -> 9065 | G28: =IF(MROUND('T3'!G28*'T7'!F$2,1)<1,"",MROUND('T3'!G28*'T7'!F$2,5)) -> 9160 | H28: =IF(MROUND('T3'!H28*'T7'!I$2,1)=0,"",MROUND('T3'!H28*'T7'!I$2,5)) -> 11715 | I28: =IF(MROUND('T3'!I28*'T7'!I$2,1)<1,"",MROUND('T3'!I28*'T7'!I$2,5)) -> 13045 | J28: =IF(MROUND('T3'!J28*'T7'!I$2,1)<1,"",MROUND('T3'!J28*'T7'!I$2,5)) -> 13185 | K28: =IF(MROUND('T3'!K28*'T7'!L$2,1)=0,"",MROUND('T3'!K28*'T7'!L$2,5)) -> 15530 | L28: =IF(MROUND('T3'!L28*'T7'!L$2,1)<1,"",MROUND('T3'!L28*'T7'!L$2,5)) -> 17205 | M28: =IF(MROUND('T3'!M28*'T6'!L$2,1)<1,"",MROUND('T3'!M28*'T6'!L$2,5)) -> 15565 | N28: =IF(MROUND('T3'!N28*'T7'!O$2,1)=0,"",MROUND('T3'!N28*'T7'!O$2,5)) -> 16600 | O28: =IF(MROUND('T3'!O28*'T7'!O$2,1)<1,"",MROUND('T3'!O28*'T7'!O$2,5)) -> 18290 | P28: =IF(MROUND('T3'!P28*'T7'!O$2,1)<1,"",MROUND('T3'!P28*'T7'!O$2,5)) -> 18480 | Q28: =SUM(N28,K28,H28,E28,B28) -> 54710 | S28: =SUM(C28,F28,I28,L28,O28) -> 60675 | T28: =SUM(P28,M28,J28,G28,D28) -> 59490

Sheet T8
A1: HIGH PARTICIPATION IN ECE
A2: Applied rate of participation | C2: 0.16240112 | F2: 0.4975795 | I2: 0.70433171 | L2: 0.90942877 | O2: 0.9481147
B3: 0 years* | E3: 1 years | H3: 2 years | K3: 3 years | N3: 4 years | Q3: Total
A4: Year | B4: Low | C4: Medium | D4: High | E4: Low | F4: Medium | G4: High | H4: Low | I4: Medium | J4: High | K4: Low | L4: Medium | M4: High | N4: Low | O4: Medium | P4: High | Q4: Low | R4: Actual | S4: Medium | T4: High
A5: 2015 | B5: =IF(MROUND('T2'!B5*'T6'!$C$2,1)=0,"",MROUND('T2'!B5*'T6'!C$2,5)) | C5: 3382 | D5: =IF(MROUND('T2'!D5*'T6'!$C$2,1)<1,"",MROUND('T2'!D5*'T6'!$C$2,5)) | E5: =IF(MROUND('T2'!E5*'T6'!F$2,1)=0,"",MROUND('T2'!E5*'T6'!F$2,5)) | F5: 8632 | G5: =IF(MROUND('T2'!G5*'T6'!$C$2,1)<1,"",MROUND('T2'!G5*'T6'!$C$2,5)) | H5: =IF(MROUND('T2'!H5*'T6'!I$2,1)=0,"",MROUND('T2'!H5*'T6'!I$2,5)) | I5: 13342 | J5: =IF(MROUND('T2'!J5*'T6'!$C$2,1)<1,"",MROUND('T2'!J5*'T6'!$C$2,5)) | L5: 19543 | O5: 21050 | R5: =SUM(C5,F5,I5,L5,O5) -> 65949
A6: 2016 | B6: =IF(MROUND('T2'!B6*'T6'!$C$2,1)=0,"",MROUND('T2'!B6*'T6'!C$2,5)) | C6: 3126 | D6: =IF(MROUND('T2'!D6*'T6'!$C$2,1)<1,"",MROUND('T2'!D6*'T6'!$C$2,5)) | E6: =IF(MROUND('T2'!E6*'T6'!F$2,1)=0,"",MROUND('T2'!E6*'T6'!F$2,5)) | F6: 9347 | G6: =IF(MROUND('T2'!G6*'T6'!$C$2,1)<1,"",MROUND('T2'!G6*'T6'!$C$2,5)) | H6: =IF(MROUND('T2'!H6*'T6'!I$2,1)=0,"",MROUND('T2'!H6*'T6'!I$2,5)) | I6: 13603 | J6: =IF(MROUND('T2'!J6*'T6'!$C$2,1)<1,"",MROUND('T2'!J6*'T6'!$C$2,5)) | L6: 20047 | O6: 21220 | R6: =SUM(C6,F6,I6,L6,O6) -> 67343
A7: 2017 | B7: =IF(MROUND('T2'!B7*'T6'!$C$2,1)=0,"",MROUND('T2'!B7*'T6'!C$2,5)) | C7: 3490 | D7: =IF(MROUND('T2'!D7*'T6'!$C$2,1)<1,"",MROUND('T2'!D7*'T6'!$C$2,5)) | E7: =IF(MROUND('T2'!E7*'T6'!F$2,1)=0,"",MROUND('T2'!E7*'T6'!F$2,5)) | F7: 9261 | G7: =IF(MROUND('T2'!G7*'T6'!$C$2,1)<1,"",MROUND('T2'!G7*'T6'!$C$2,5)) | H7: =IF(MROUND('T2'!H7*'T6'!I$2,1)=0,"",MROUND('T2'!H7*'T6'!I$2,5)) | I7: 14333 | J7: =IF(MROUND('T2'!J7*'T6'!$C$2,1)<1,"",MROUND('T2'!J7*'T6'!$C$2,5)) | L7: 19477 | O7: 21397 | R7: =SUM(C7,F7,I7,L7,O7) -> 67958
A8: 2018 | B8: =IF(MROUND('T2'!B8*'T6'!$C$2,1)=0,"",MROUND('T2'!B8*'T6'!C$2,5)) | C8: 3111 | D8: =IF(MROUND('T2'!D8*'T6'!$C$2,1)<1,"",MROUND('T2'!D8*'T6'!$C$2,5)) | E8: =IF(MROUND('T2'!E8*'T6'!F$2,1)=0,"",MROUND('T2'!E8*'T6'!F$2,5)) | F8: 9727 | G8: =IF(MROUND('T2'!G8*'T6'!$C$2,1)<1,"",MROUND('T2'!G8*'T6'!$C$2,5)) | H8: =IF(MROUND('T2'!H8*'T6'!I$2,1)=0,"",MROUND('T2'!H8*'T6'!I$2,5)) | I8: 14107 | J8: =IF(MROUND('T2'!J8*'T6'!$C$2,1)<1,"",MROUND('T2'!J8*'T6'!$C$2,5)) | L8: 19821 | O8: 20744 | R8: =SUM(C8,F8,I8,L8,O8) -> 67510
A9: 2019 | B9: =IF(MROUND('T2'!B9*'T6'!$C$2,1)=0,"",MROUND('T2'!B9*'T6'!C$2,5)) | C9: 3138 | D9: =IF(MROUND('T2'!D9*'T6'!$C$2,1)<1,"",MROUND('T2'!D9*'T6'!$C$2,5)) | E9: =IF(MROUND('T2'!E9*'T6'!F$2,1)=0,"",MROUND('T2'!E9*'T6'!F$2,5)) | F9: 9531 | G9: =IF(MROUND('T2'!G9*'T6'!$C$2,1)<1,"",MROUND('T2'!G9*'T6'!$C$2,5)) | H9: =IF(MROUND('T2'!H9*'T6'!I$2,1)=0,"",MROUND('T2'!H9*'T6'!I$2,5)) | I9: 14641 | J9: =IF(MROUND('T2'!J9*'T6'!$C$2,1)<1,"",MROUND('T2'!J9*'T6'!$C$2,5)) | L9: 19007 | O9: 20996 | R9: =SUM(C9,F9,I9,L9,O9) -> 67313
A10: 2020 | B10: =IF(MROUND('T2'!B10*'T6'!$C$2,1)=0,"",MROUND('T2'!B10*'T6'!C$2,5)) | C10: 2632 | D10: =IF(MROUND('T2'!D10*'T6'!$C$2,1)<1,"",MROUND('T2'!D10*'T6'!$C$2,5)) | E10: =IF(MROUND('T2'!E10*'T6'!F$2,1)=0,"",MROUND('T2'!E10*'T6'!F$2,5)) | F10: 8699 | G10: =IF(MROUND('T2'!G10*'T6'!$C$2,1)<1,"",MROUND('T2'!G10*'T6'!$C$2,5)) | H10: =IF(MROUND('T2'!H10*'T6'!I$2,1)=0,"",MROUND('T2'!H10*'T6'!I$2,5)) | I10: 13175 | J10: =IF(MROUND('T2'!J10*'T6'!$C$2,1)<1,"",MROUND('T2'!J10*'T6'!$C$2,5)) | L10: 18522 | O10: 19617 | R10: =SUM(C10,F10,I10,L10,O10) -> 62645
A11: 2021 | B11: =IF(MROUND('T2'!B11*'T6'!$C$2,1)=0,"",MROUND('T2'!B11*'T6'!C$2,5)) | C11: 3386 | D11: =IF(MROUND('T2'!D11*'T6'!$C$2,1)<1,"",MROUND('T2'!D11*'T6'!$C$2,5)) | E11: =IF(MROUND('T2'!E11*'T6'!F$2,1)=0,"",MROUND('T2'!E11*'T6'!F$2,5)) | F11: 9942 | G11: =IF(MROUND('T2'!G11*'T6'!$C$2,1)<1,"",MROUND('T2'!G11*'T6'!$C$2,5)) | H11: =IF(MROUND('T2'!H11*'T6'!I$2,1)=0,"",MROUND('T2'!H11*'T6'!I$2,5)) | I11: 13654 | J11: =IF(MROUND('T2'!J11*'T6'!$C$2,1)<1,"",MROUND('T2'!J11*'T6'!$C$2,5)) | L11: 17563 | O11: 19626 | R11: =SUM(C11,F11,I11,L11,O11) -> 64171
A12: 2022 | B12: =IF(MROUND('T2'!B12*'T6'!$C$2,1)=0,"",MROUND('T2'!B12*'T6'!C$2,5)) | C12: 3226 | D12: =IF(MROUND('T2'!D12*'T6'!$C$2,1)<1,"",MROUND('T2'!D12*'T6'!$C$2,5)) | E12: =IF(MROUND('T2'!E12*'T6'!F$2,1)=0,"",MROUND('T2'!E12*'T6'!F$2,5)) | F12: 9542 | G12: =IF(MROUND('T2'!G12*'T6'!$C$2,1)<1,"",MROUND('T2'!G12*'T6'!$C$2,5)) | H12: =IF(MROUND('T2'!H12*'T6'!I$2,1)=0,"",MROUND('T2'!H12*'T6'!I$2,5)) | I12: 12891 | J12: =IF(MROUND('T2'!J12*'T6'!$C$2,1)<1,"",MROUND('T2'!J12*'T6'!$C$2,5)) | L12: 16046 | O12: 17231 | R12: =SUM(C12,F12,I12,L12,O12) -> 58936
A13: 2023 | B13: =IF(MROUND('T2'!B13*'T6'!$C$2,1)=0,"",MROUND('T2'!B13*'T6'!C$2,5)) | C13: 3063 | D13: =IF(MROUND('T2'!D13*'T6'!$C$2,1)<1,"",MROUND('T2'!D13*'T6'!$C$2,5)) | E13: =IF(MROUND('T2'!E13*'T6'!F$2,1)=0,"",MROUND('T2'!E13*'T6'!F$2,5)) | F13: 10484 | G13: =IF(MROUND('T2'!G13*'T6'!$C$2,1)<1,"",MROUND('T2'!G13*'T6'!$C$2,5)) | H13: =IF(MROUND('T2'!H13*'T6'!I$2,1)=0,"",MROUND('T2'!H13*'T6'!I$2,5)) | I13: 14290 | J13: =IF(MROUND('T2'!J13*'T6'!$C$2,1)<1,"",MROUND('T2'!J13*'T6'!$C$2,5)) | L13: 17651 | O13: 18366 | R13: =SUM(C13,F13,I13,L13,O13) -> 63854
A14: 2024 | B14: =IF(MROUND('T2'!B14*'T6'!$C$2,1)=0,"",MROUND('T2'!B14*'T6'!C$2,5)) | C14: 3141 | D14: =IF(MROUND('T2'!D14*'T6'!$C$2,1)<1,"",MROUND('T2'!D14*'T6'!$C$2,5)) | E14: =IF(MROUND('T2'!E14*'T6'!F$2,1)=0,"",MROUND('T2'!E14*'T6'!F$2,5)) | F14: 9703 | G14: =IF(MROUND('T2'!G14*'T6'!$C$2,1)<1,"",MROUND('T2'!G14*'T6'!$C$2,5)) | H14: =IF(MROUND('T2'!H14*'T6'!I$2,1)=0,"",MROUND('T2'!H14*'T6'!I$2,5)) | I14: 15203 | J14: =IF(MROUND('T2'!J14*'T6'!$C$2,1)<1,"",MROUND('T2'!J14*'T6'!$C$2,5)) | L14: 18447 | O14: 19561 | Q14: =R14 -> 66055 | R14: =SUM(C14,F14,I14,L14,O14) -> 66055 | S14: =R14 -> 66055 | T14: =R14 -> 66055
A15: 2025 | B15: =IF(MROUND('T3'!B15*'T8'!C$2,1)=0,"",MROUND('T3'!B15*'T8'!C$2,5)) -> 3080 | C15: =IF(MROUND('T3'!C15*'T8'!C$2,1)<1,"",MROUND('T3'!C15*'T8'!C$2,5)) -> 3185 | D15: =IF(MROUND('T3'!D15*'T8'!C$2,1)<1,"",MROUND('T3'!D15*'T8'!C$2,5)) -> 3220 | E15: =IF(MROUND('T3'!E15*'T8'!F$2,1)=0,"",MROUND('T3'!E15*'T8'!F$2,5)) -> 9420 | F15: =IF(MROUND('T3'!F15*'T8'!F$2,1)<1,"",MROUND('T3'!F15*'T8'!F$2,5)) -> 9580 | G15: =IF(MROUND('T3'!G15*'T8'!F$2,1)<1,"",MROUND('T3'!G15*'T8'!F$2,5)) -> 9680 | H15: =IF(MROUND('T3'!H15*'T8'!I$2,1)=0,"",MROUND('T3'!H15*'T8'!I$2,5)) -> 13420 | I15: =IF(MROUND('T3'!I15*'T8'!I$2,1)<1,"",MROUND('T3'!I15*'T8'!I$2,5)) -> 13640 | J15: =IF(MROUND('T3'!J15*'T8'!I$2,1)<1,"",MROUND('T3'!J15*'T8'!I$2,5)) -> 13785 | K15: =IF(MROUND('T3'!K15*'T8'!L$2,1)=0,"",MROUND('T3'!K15*'T8'!L$2,5)) -> 18715 | L15: =IF(MROUND('T3'!L15*'T7'!L$2,1)<1,"",MROUND('T3'!L15*'T7'!L$2,5)) -> 17915 | M15: =IF(MROUND('T3'!M15*'T8'!L$2,1)<1,"",MROUND('T3'!M15*'T8'!L$2,5)) -> 19225 | N15: =IF(MROUND('T3'!N15*'T8'!O$2,1)=0,"",MROUND('T3'!N15*'T8'!O$2,5)) -> 19795 | O15: =IF(MROUND('T3'!O15*'T8'!O$2,1)<1,"",MROUND('T3'!O15*'T8'!O$2,5)) -> 20125 | P15: =IF(MROUND('T3'!P15*'T8'!O$2,1)<1,"",MROUND('T3'!P15*'T8'!O$2,5)) -> 20335 | Q15: =SUM(B15,F15,I15,L15,O15) -> 64340 | S15: =SUM(C15,F15,I15,L15,O15) -> 64445 | T15: =SUM(O15,L15,I15,F15,D15) -> 64480
A16: 2026 | B16: =IF(MROUND('T3'!B16*'T8'!C$2,1)=0,"",MROUND('T3'!B16*'T8'!C$2,5)) -> 3040 | C16: =IF(MROUND('T3'!C16*'T8'!C$2,1)<1,"",MROUND('T3'!C16*'T8'!C$2,5)) -> 3185 | D16: =IF(MROUND('T3'!D16*'T8'!C$2,1)<1,"",MROUND('T3'!D16*'T8'!C$2,5)) -> 3220 | E16: =IF(MROUND('T3'!E16*'T8'!F$2,1)=0,"",MROUND('T3'!E16*'T8'!F$2,5)) -> 9375 | F16: =IF(MROUND('T3'!F16*'T8'!F$2,1)<1,"",MROUND('T3'!F16*'T8'!F$2,5)) -> 9760 | G16: =IF(MROUND('T3'!G16*'T8'!F$2,1)<1,"",MROUND('T3'!G16*'T8'!F$2,5)) -> 9865 | H16: =IF(MROUND('T3'!H16*'T8'!I$2,1)=0,"",MROUND('T3'!H16*'T8'!I$2,5)) -> 13360 | I16: =IF(MROUND('T3'!I16*'T8'!I$2,1)<1,"",MROUND('T3'!I16*'T8'!I$2,5)) -> 13610 | J16: =IF(MROUND('T3'!J16*'T8'!I$2,1)<1,"",MROUND('T3'!J16*'T8'!I$2,5)) -> 13755 | K16: =IF(MROUND('T3'!K16*'T8'!L$2,1)=0,"",MROUND('T3'!K16*'T8'!L$2,5)) -> 17370 | L16: =IF(MROUND('T3'!L16*'T7'!L$2,1)<1,"",MROUND('T3'!L16*'T7'!L$2,5)) -> 16680 | M16: =IF(MROUND('T3'!M16*'T8'!L$2,1)<1,"",MROUND('T3'!M16*'T8'!L$2,5)) -> 17895 | N16: =IF(MROUND('T3'!N16*'T8'!O$2,1)=0,"",MROUND('T3'!N16*'T8'!O$2,5)) -> 19585 | O16: =IF(MROUND('T3'!O16*'T8'!O$2,1)<1,"",MROUND('T3'!O16*'T8'!O$2,5)) -> 19970 | P16: =IF(MROUND('T3'!P16*'T8'!O$2,1)<1,"",MROUND('T3'!P16*'T8'!O$2,5)) -> 20175 | Q16: =SUM(B16,E16,I16,L16,O16) -> 62675 | S16: =SUM(C16,F16,I16,L16,O16) -> 63205 | T16: =SUM(O16,L16,I16,G16,D16) -> 63345
A17: 2027 | B17: =IF(MROUND('T3'!B17*'T8'!C$2,1)=0,"",MROUND('T3'!B17*'T8'!C$2,5)) -> 3005 | C17: =IF(MROUND('T3'!C17*'T8'!C$2,1)<1,"",MROUND('T3'!C17*'T8'!C$2,5)) -> 3185 | D17: =IF(MROUND('T3'!D17*'T8'!C$2,1)<1,"",MROUND('T3'!D17*'T8'!C$2,5)) -> 3220 | E17: =IF(MROUND('T3'!E17*'T8'!F$2,1)=0,"",MROUND('T3'!E17*'T8'!F$2,5)) -> 9305 | F17: =IF(MROUND('T3'!F17*'T8'!F$2,1)<1,"",MROUND('T3'!F17*'T8'!F$2,5)) -> 9770 | G17: =IF(MROUND('T3'!G17*'T8'!F$2,1)<1,"",MROUND('T3'!G17*'T8'!F$2,5)) -> 9870 | H17: =IF(MROUND('T3'!H17*'T8'!I$2,1)=0,"",MROUND('T3'!H17*'T8'!I$2,5)) -> 13330 | I17: =IF(MROUND('T3'!I17*'T8'!I$2,1)<1,"",MROUND('T3'!I17*'T8'!I$2,5)) -> 13880 | J17: =IF(MROUND('T3'!J17*'T8'!I$2,1)<1,"",MROUND('T3'!J17*'T8'!I$2,5)) -> 14025 | K17: =IF(MROUND('T3'!K17*'T8'!L$2,1)=0,"",MROUND('T3'!K17*'T8'!L$2,5)) -> 17300 | L17: =IF(MROUND('T3'!L17*'T7'!L$2,1)<1,"",MROUND('T3'!L17*'T7'!L$2,5)) -> 16655 | M17: =IF(MROUND('T3'!M17*'T8'!L$2,1)<1,"",MROUND('T3'!M17*'T8'!L$2,5)) -> 17870 | N17: =IF(MROUND('T3'!N17*'T8'!O$2,1)=0,"",MROUND('T3'!N17*'T8'!O$2,5)) -> 18190 | O17: =IF(MROUND('T3'!O17*'T8'!O$2,1)<1,"",MROUND('T3'!O17*'T8'!O$2,5)) -> 18610 | P17: =IF(MROUND('T3'!P17*'T8'!O$2,1)<1,"",MROUND('T3'!P17*'T8'!O$2,5)) -> 18805 | Q17: =SUM(O17,L17,H17,E17,B17) -> 60905 | S17: =SUM(C17,F17,I17,L17,O17) -> 62100 | T17: =SUM(O17,L17,J17,G17,D17) -> 62380
A18: 2028 | B18: =IF(MROUND('T3'!B18*'T8'!C$2,1)=0,"",MROUND('T3'!B18*'T8'!C$2,5)) -> 2985 | C18: =IF(MROUND('T3'!C18*'T8'!C$2,1)<1,"",MROUND('T3'!C18*'T8'!C$2,5)) -> 3185 | D18: =IF(MROUND('T3'!D18*'T8'!C$2,1)<1,"",MROUND('T3'!D18*'T8'!C$2,5)) -> 3220 | E18: =IF(MROUND('T3'!E18*'T8'!F$2,1)=0,"",MROUND('T3'!E18*'T8'!F$2,5)) -> 9205 | F18: =IF(MROUND('T3'!F18*'T8'!F$2,1)<1,"",MROUND('T3'!F18*'T8'!F$2,5)) -> 9770 | G18: =IF(MROUND('T3'!G18*'T8'!F$2,1)<1,"",MROUND('T3'!G18*'T8'!F$2,5)) -> 9870 | H18: =IF(MROUND('T3'!H18*'T8'!I$2,1)=0,"",MROUND('T3'!H18*'T8'!I$2,5)) -> 13235 | I18: =IF(MROUND('T3'!I18*'T8'!I$2,1)<1,"",MROUND('T3'!I18*'T8'!I$2,5)) -> 13895 | J18: =IF(MROUND('T3'!J18*'T8'!I$2,1)<1,"",MROUND('T3'!J18*'T8'!I$2,5)) -> 14040 | K18: =IF(MROUND('T3'!K18*'T8'!L$2,1)=0,"",MROUND('T3'!K18*'T8'!L$2,5)) -> 17310 | L18: =IF(MROUND('T3'!L18*'T7'!L$2,1)<1,"",MROUND('T3'!L18*'T7'!L$2,5)) -> 16990 | M18: =IF(MROUND('T3'!M18*'T8'!L$2,1)<1,"",MROUND('T3'!M18*'T8'!L$2,5)) -> 18230 | N18: =IF(MROUND('T3'!N18*'T8'!O$2,1)=0,"",MROUND('T3'!N18*'T8'!O$2,5)) -> 18135 | O18: =IF(MROUND('T3'!O18*'T8'!O$2,1)<1,"",MROUND('T3'!O18*'T8'!O$2,5)) -> 18595 | P18: =IF(MROUND('T3'!P18*'T8'!O$2,1)<1,"",MROUND('T3'!P18*'T8'!O$2,5)) -> 18790 | Q18: =SUM(O18,K18,H18,E18,B18) -> 61330 | S18: =SUM(C18,F18,I18,L18,O18) -> 62435 | T18: =SUM(O18,M18,J18,G18,D18) -> 63955
A19: 2029 | B19: =IF(MROUND('T3'!B19*'T8'!C$2,1)=0,"",MROUND('T3'!B19*'T8'!C$2,5)) -> 2965 | C19: =IF(MROUND('T3'!C19*'T8'!C$2,1)<1,"",MROUND('T3'!C19*'T8'!C$2,5)) -> 3185 | D19: =IF(MROUND('T3'!D19*'T8'!C$2,1)<1,"",MROUND('T3'!D19*'T8'!C$2,5)) -> 3215 | E19: =IF(MROUND('T3'!E19*'T8'!F$2,1)=0,"",MROUND('T3'!E19*'T8'!F$2,5)) -> 9140 | F19: =IF(MROUND('T3'!F19*'T8'!F$2,1)<1,"",MROUND('T3'!F19*'T8'!F$2,5)) -> 9770 | G19: =IF(MROUND('T3'!G19*'T8'!F$2,1)<1,"",MROUND('T3'!G19*'T8'!F$2,5)) -> 9870 | H19: =IF(MROUND('T3'!H19*'T8'!I$2,1)=0,"",MROUND('T3'!H19*'T8'!I$2,5)) -> 13115 | I19: =IF(MROUND('T3'!I19*'T8'!I$2,1)<1,"",MROUND('T3'!I19*'T8'!I$2,5)) -> 13900 | J19: =IF(MROUND('T3'!J19*'T8'!I$2,1)<1,"",MROUND('T3'!J19*'T8'!I$2,5)) -> 14050 | K19: =IF(MROUND('T3'!K19*'T8'!L$2,1)=0,"",MROUND('T3'!K19*'T8'!L$2,5)) -> 17195 | L19: =IF(MROUND('T3'!L19*'T7'!L$2,1)<1,"",MROUND('T3'!L19*'T7'!L$2,5)) -> 17015 | M19: =IF(MROUND('T3'!M19*'T8'!L$2,1)<1,"",MROUND('T3'!M19*'T8'!L$2,5)) -> 18255 | N19: =IF(MROUND('T3'!N19*'T8'!O$2,1)=0,"",MROUND('T3'!N19*'T8'!O$2,5)) -> 18195 | O19: =IF(MROUND('T3'!O19*'T8'!O$2,1)<1,"",MROUND('T3'!O19*'T8'!O$2,5)) -> 18970 | P19: =IF(MROUND('T3'!P19*'T8'!O$2,1)<1,"",MROUND('T3'!P19*'T8'!O$2,5)) -> 19170 | Q19: =SUM(N19,K19,H19,E19,B19) -> 60610 | S19: =SUM(C19,F19,I19,L19,O19) -> 62840 | T19: =SUM(P19,M19,J19,G19,D19) -> 64560
A20: 2030 | B20: =IF(MROUND('T3'!B20*'T8'!C$2,1)=0,"",MROUND('T3'!B20*'T8'!C$2,5)) -> 2945 | C20: =IF(MROUND('T3'!C20*'T8'!C$2,1)<1,"",MROUND('T3'!C20*'T8'!C$2,5)) -> 3180 | D20: =IF(MROUND('T3'!D20*'T8'!C$2,1)<1,"",MROUND('T3'!D20*'T8'!C$2,5)) -> 3215 | E20: =IF(MROUND('T3'!E20*'T8'!F$2,1)=0,"",MROUND('T3'!E20*'T8'!F$2,5)) -> 9090 | F20: =IF(MROUND('T3'!F20*'T8'!F$2,1)<1,"",MROUND('T3'!F20*'T8'!F$2,5)) -> 9765 | G20: =IF(MROUND('T3'!G20*'T8'!F$2,1)<1,"",MROUND('T3'!G20*'T8'!F$2,5)) -> 9865 | H20: =IF(MROUND('T3'!H20*'T8'!I$2,1)=0,"",MROUND('T3'!H20*'T8'!I$2,5)) -> 13010 | I20: =IF(MROUND('T3'!I20*'T8'!I$2,1)<1,"",MROUND('T3'!I20*'T8'!I$2,5)) -> 13900 | J20: =IF(MROUND('T3'!J20*'T8'!I$2,1)<1,"",MROUND('T3'!J20*'T8'!I$2,5)) -> 14050 | K20: =IF(MROUND('T3'!K20*'T8'!L$2,1)=0,"",MROUND('T3'!K20*'T8'!L$2,5)) -> 17065 | L20: =IF(MROUND('T3'!L20*'T7'!L$2,1)<1,"",MROUND('T3'!L20*'T7'!L$2,5)) -> 17025 | M20: =IF(MROUND('T3'!M20*'T8'!L$2,1)<1,"",MROUND('T3'!M20*'T8'!L$2,5)) -> 18270 | N20: =IF(MROUND('T3'!N20*'T8'!O$2,1)=0,"",MROUND('T3'!N20*'T8'!O$2,5)) -> 18075 | O20: =IF(MROUND('T3'!O20*'T8'!O$2,1)<1,"",MROUND('T3'!O20*'T8'!O$2,5)) -> 19005 | P20: =IF(MROUND('T3'!P20*'T8'!O$2,1)<1,"",MROUND('T3'!P20*'T8'!O$2,5)) -> 19205 | Q20: =SUM(N20,K20,H20,E20,B20) -> 60185 | S20: =SUM(C20,F20,I20,L20,O20) -> 62875 | T20: =SUM(P20,M20,J20,G20,D20) -> 64605
A21: 2031 | B21: =IF(MROUND('T3'!B21*'T8'!C$2,1)=0,"",MROUND('T3'!B21*'T8'!C$2,5)) -> 2920 | C21: =IF(MROUND('T3'!C21*'T8'!C$2,1)<1,"",MROUND('T3'!C21*'T8'!C$2,5)) -> 3185 | D21: =IF(MROUND('T3'!D21*'T8'!C$2,1)<1,"",MROUND('T3'!D21*'T8'!C$2,5)) -> 3215 | E21: =IF(MROUND('T3'!E21*'T8'!F$2,1)=0,"",MROUND('T3'!E21*'T8'!F$2,5)) -> 9035 | F21: =IF(MROUND('T3'!F21*'T8'!F$2,1)<1,"",MROUND('T3'!F21*'T8'!F$2,5)) -> 9765 | G21: =IF(MROUND('T3'!G21*'T8'!F$2,1)<1,"",MROUND('T3'!G21*'T8'!F$2,5)) -> 9865 | H21: =IF(MROUND('T3'!H21*'T8'!I$2,1)=0,"",MROUND('T3'!H21*'T8'!I$2,5)) -> 12930 | I21: =IF(MROUND('T3'!I21*'T8'!I$2,1)<1,"",MROUND('T3'!I21*'T8'!I$2,5)) -> 13900 | J21: =IF(MROUND('T3'!J21*'T8'!I$2,1)<1,"",MROUND('T3'!J21*'T8'!I$2,5)) -> 14045 | K21: =IF(MROUND('T3'!K21*'T8'!L$2,1)=0,"",MROUND('T3'!K21*'T8'!L$2,5)) -> 16925 | L21: =IF(MROUND('T3'!L21*'T7'!L$2,1)<1,"",MROUND('T3'!L21*'T7'!L$2,5)) -> 17030 | M21: =IF(MROUND('T3'!M21*'T8'!L$2,1)<1,"",MROUND('T3'!M21*'T8'!L$2,5)) -> 18270 | N21: =IF(MROUND('T3'!N21*'T8'!O$2,1)=0,"",MROUND('T3'!N21*'T8'!O$2,5)) -> 17960 | O21: =IF(MROUND('T3'!O21*'T8'!O$2,1)<1,"",MROUND('T3'!O21*'T8'!O$2,5)) -> 19020 | P21: =IF(MROUND('T3'!P21*'T8'!O$2,1)<1,"",MROUND('T3'!P21*'T8'!O$2,5)) -> 19220 | Q21: =SUM(N21,K21,H21,E21,B21) -> 59770 | S21: =SUM(C21,F21,I21,L21,O21) -> 62900 | T21: =SUM(P21,M21,J21,G21,D21) -> 64615
A22: 2032 | B22: =IF(MROUND('T3'!B22*'T8'!C$2,1)=0,"",MROUND('T3'!B22*'T8'!C$2,5)) -> 2910 | C22: =IF(MROUND('T3'!C22*'T8'!C$2,1)<1,"",MROUND('T3'!C22*'T8'!C$2,5)) -> 3185 | D22: =IF(MROUND('T3'!D22*'T8'!C$2,1)<1,"",MROUND('T3'!D22*'T8'!C$2,5)) -> 3220 | E22: =IF(MROUND('T3'!E22*'T8'!F$2,1)=0,"",MROUND('T3'!E22*'T8'!F$2,5)) -> 8960 | F22: =IF(MROUND('T3'!F22*'T8'!F$2,1)<1,"",MROUND('T3'!F22*'T8'!F$2,5)) -> 9765 | G22: =IF(MROUND('T3'!G22*'T8'!F$2,1)<1,"",MROUND('T3'!G22*'T8'!F$2,5)) -> 9865 | H22: =IF(MROUND('T3'!H22*'T8'!I$2,1)=0,"",MROUND('T3'!H22*'T8'!I$2,5)) -> 12865 | I22: =IF(MROUND('T3'!I22*'T8'!I$2,1)<1,"",MROUND('T3'!I22*'T8'!I$2,5)) -> 13895 | J22: =IF(MROUND('T3'!J22*'T8'!I$2,1)<1,"",MROUND('T3'!J22*'T8'!I$2,5)) -> 14040 | K22: =IF(MROUND('T3'!K22*'T8'!L$2,1)=0,"",MROUND('T3'!K22*'T8'!L$2,5)) -> 16820 | L22: =IF(MROUND('T3'!L22*'T7'!L$2,1)<1,"",MROUND('T3'!L22*'T7'!L$2,5)) -> 17025 | M22: =IF(MROUND('T3'!M22*'T8'!L$2,1)<1,"",MROUND('T3'!M22*'T8'!L$2,5)) -> 18270 | N22: =IF(MROUND('T3'!N22*'T8'!O$2,1)=0,"",MROUND('T3'!N22*'T8'!O$2,5)) -> 17800 | O22: =IF(MROUND('T3'!O22*'T8'!O$2,1)<1,"",MROUND('T3'!O22*'T8'!O$2,5)) -> 19025 | P22: =IF(MROUND('T3'!P22*'T8'!O$2,1)<1,"",MROUND('T3'!P22*'T8'!O$2,5)) -> 19225 | Q22: =SUM(N22,K22,H22,E22,B22) -> 59355 | S22: =SUM(C22,F22,I22,L22,O22) -> 62895 | T22: =SUM(P22,M22,J22,G22,D22) -> 64620
A23: 2033 | B23: =IF(MROUND('T3'!B23*'T8'!C$2,1)=0,"",MROUND('T3'!B23*'T8'!C$2,5)) -> 2900 | C23: =IF(MROUND('T3'!C23*'T8'!C$2,1)<1,"",MROUND('T3'!C23*'T8'!C$2,5)) -> 3190 | D23: =IF(MROUND('T3'!D23*'T8'!C$2,1)<1,"",MROUND('T3'!D23*'T8'!C$2,5)) -> 3225 | E23: =IF(MROUND('T3'!E23*'T8'!F$2,1)=0,"",MROUND('T3'!E23*'T8'!F$2,5)) -> 8940 | F23: =IF(MROUND('T3'!F23*'T8'!F$2,1)<1,"",MROUND('T3'!F23*'T8'!F$2,5)) -> 9775 | G23: =IF(MROUND('T3'!G23*'T8'!F$2,1)<1,"",MROUND('T3'!G23*'T8'!F$2,5)) -> 9875 | H23: =IF(MROUND('T3'!H23*'T8'!I$2,1)=0,"",MROUND('T3'!H23*'T8'!I$2,5)) -> 12770 | I23: =IF(MROUND('T3'!I23*'T8'!I$2,1)<1,"",MROUND('T3'!I23*'T8'!I$2,5)) -> 13900 | J23: =IF(MROUND('T3'!J23*'T8'!I$2,1)<1,"",MROUND('T3'!J23*'T8'!I$2,5)) -> 14045 | K23: =IF(MROUND('T3'!K23*'T8'!L$2,1)=0,"",MROUND('T3'!K23*'T8'!L$2,5)) -> 16730 | L23: =IF(MROUND('T3'!L23*'T7'!L$2,1)<1,"",MROUND('T3'!L23*'T7'!L$2,5)) -> 17025 | M23: =IF(MROUND('T3'!M23*'T8'!L$2,1)<1,"",MROUND('T3'!M23*'T8'!L$2,5)) -> 18265 | N23: =IF(MROUND('T3'!N23*'T8'!O$2,1)=0,"",MROUND('T3'!N23*'T8'!O$2,5)) -> 17680 | O23: =IF(MROUND('T3'!O23*'T8'!O$2,1)<1,"",MROUND('T3'!O23*'T8'!O$2,5)) -> 19020 | P23: =IF(MROUND('T3'!P23*'T8'!O$2,1)<1,"",MROUND('T3'!P23*'T8'!O$2,5)) -> 19220 | Q23: =SUM(N23,K23,H23,E23,B23) -> 59020 | S23: =SUM(C23,F23,I23,L23,O23) -> 62910 | T23: =SUM(P23,M23,J23,G23,D23) -> 64630
A24: 2034 | B24: =IF(MROUND('T3'!B24*'T8'!C$2,1)=0,"",MROUND('T3'!B24*'T8'!C$2,5)) -> 2905 | C24: =IF(MROUND('T3'!C24*'T8'!C$2,1)<1,"",MROUND('T3'!C24*'T8'!C$2,5)) -> 3200 | D24: =IF(MROUND('T3'!D24*'T8'!C$2,1)<1,"",MROUND('T3'!D24*'T8'!C$2,5)) -> 3235 | E24: =IF(MROUND('T3'!E24*'T8'!F$2,1)=0,"",MROUND('T3'!E24*'T8'!F$2,5)) -> 8910 | F24: =IF(MROUND('T3'!F24*'T8'!F$2,1)<1,"",MROUND('T3'!F24*'T8'!F$2,5)) -> 9790 | G24: =IF(MROUND('T3'!G24*'T8'!F$2,1)<1,"",MROUND('T3'!G24*'T8'!F$2,5)) -> 9895 | H24: =IF(MROUND('T3'!H24*'T8'!I$2,1)=0,"",MROUND('T3'!H24*'T8'!I$2,5)) -> 12725 | I24: =IF(MROUND('T3'!I24*'T8'!I$2,1)<1,"",MROUND('T3'!I24*'T8'!I$2,5)) -> 13910 | J24: =IF(MROUND('T3'!J24*'T8'!I$2,1)<1,"",MROUND('T3'!J24*'T8'!I$2,5)) -> 14055 | K24: =IF(MROUND('T3'!K24*'T8'!L$2,1)=0,"",MROUND('T3'!K24*'T8'!L$2,5)) -> 16615 | L24: =IF(MROUND('T3'!L24*'T7'!L$2,1)<1,"",MROUND('T3'!L24*'T7'!L$2,5)) -> 17030 | M24: =IF(MROUND('T3'!M24*'T8'!L$2,1)<1,"",MROUND('T3'!M24*'T8'!L$2,5)) -> 18270 | N24: =IF(MROUND('T3'!N24*'T8'!O$2,1)=0,"",MROUND('T3'!N24*'T8'!O$2,5)) -> 17595 | O24: =IF(MROUND('T3'!O24*'T8'!O$2,1)<1,"",MROUND('T3'!O24*'T8'!O$2,5)) -> 19020 | P24: =IF(MROUND('T3'!P24*'T8'!O$2,1)<1,"",MROUND('T3'!P24*'T8'!O$2,5)) -> 19220 | Q24: =SUM(N24,K24,H24,E24,B24) -> 58750 | S24: =SUM(C24,F24,I24,L24,O24) -> 62950 | T24: =SUM(P24,M24,J24,G24,D24) -> 64675
A25: 2035 | B25: =IF(MROUND('T3'!B25*'T8'!C$2,1)=0,"",MROUND('T3'!B25*'T8'!C$2,5)) -> 2895 | C25: =IF(MROUND('T3'!C25*'T8'!C$2,1)<1,"",MROUND('T3'!C25*'T8'!C$2,5)) -> 3215 | D25: =IF(MROUND('T3'!D25*'T8'!C$2,1)<1,"",MROUND('T3'!D25*'T8'!C$2,5)) -> 3245 | E25: =IF(MROUND('T3'!E25*'T8'!F$2,1)=0,"",MROUND('T3'!E25*'T8'!F$2,5)) -> 8905 | F25: =IF(MROUND('T3'!F25*'T8'!F$2,1)<1,"",MROUND('T3'!F25*'T8'!F$2,5)) -> 9820 | G25: =IF(MROUND('T3'!G25*'T8'!F$2,1)<1,"",MROUND('T3'!G25*'T8'!F$2,5)) -> 9920 | H25: =IF(MROUND('T3'!H25*'T8'!I$2,1)=0,"",MROUND('T3'!H25*'T8'!I$2,5)) -> 12710 | I25: =IF(MROUND('T3'!I25*'T8'!I$2,1)<1,"",MROUND('T3'!I25*'T8'!I$2,5)) -> 13940 | J25: =IF(MROUND('T3'!J25*'T8'!I$2,1)<1,"",MROUND('T3'!J25*'T8'!I$2,5)) -> 14085 | K25: =IF(MROUND('T3'!K25*'T8'!L$2,1)=0,"",MROUND('T3'!K25*'T8'!L$2,5)) -> 16575 | L25: =IF(MROUND('T3'!L25*'T7'!L$2,1)<1,"",MROUND('T3'!L25*'T7'!L$2,5)) -> 17045 | M25: =IF(MROUND('T3'!M25*'T8'!L$2,1)<1,"",MROUND('T3'!M25*'T8'!L$2,5)) -> 18290 | N25: =IF(MROUND('T3'!N25*'T8'!O$2,1)=0,"",MROUND('T3'!N25*'T8'!O$2,5)) -> 17485 | O25: =IF(MROUND('T3'!O25*'T8'!O$2,1)<1,"",MROUND('T3'!O25*'T8'!O$2,5)) -> 19030 | P25: =IF(MROUND('T3'!P25*'T8'!O$2,1)<1,"",MROUND('T3'!P25*'T8'!O$2,5)) -> 19225 | Q25: =SUM(N25,K25,H25,E25,B25) -> 58570 | S25: =SUM(C25,F25,I25,L25,O25) -> 63050 | T25: =SUM(P25,M25,J25,G25,D25) -> 64765
A26: 2036 | B26: =IF(MROUND('T3'!B26*'T8'!C$2,1)=0,"",MROUND('T3'!B26*'T8'!C$2,5)) -> 2900 | C26: =IF(MROUND('T3'!C26*'T8'!C$2,1)<1,"",MROUND('T3'!C26*'T8'!C$2,5)) -> 3230 | D26: =IF(MROUND('T3'!D26*'T8'!C$2,1)<1,"",MROUND('T3'!D26*'T8'!C$2,5)) -> 3265 | E26: =IF(MROUND('T3'!E26*'T8'!F$2,1)=0,"",MROUND('T3'!E26*'T8'!F$2,5)) -> 8895 | F26: =IF(MROUND('T3'!F26*'T8'!F$2,1)<1,"",MROUND('T3'!F26*'T8'!F$2,5)) -> 9860 | G26: =IF(MROUND('T3'!G26*'T8'!F$2,1)<1,"",MROUND('T3'!G26*'T8'!F$2,5)) -> 9965 | H26: =IF(MROUND('T3'!H26*'T8'!I$2,1)=0,"",MROUND('T3'!H26*'T8'!I$2,5)) -> 12675 | I26: =IF(MROUND('T3'!I26*'T8'!I$2,1)<1,"",MROUND('T3'!I26*'T8'!I$2,5)) -> 13980 | J26: =IF(MROUND('T3'!J26*'T8'!I$2,1)<1,"",MROUND('T3'!J26*'T8'!I$2,5)) -> 14125 | K26: =IF(MROUND('T3'!K26*'T8'!L$2,1)=0,"",MROUND('T3'!K26*'T8'!L$2,5)) -> 16540 | L26: =IF(MROUND('T3'!L26*'T7'!L$2,1)<1,"",MROUND('T3'!L26*'T7'!L$2,5)) -> 17080 | M26: =IF(MROUND('T3'!M26*'T8'!L$2,1)<1,"",MROUND('T3'!M26*'T8'!L$2,5)) -> 18325 | N26: =IF(MROUND('T3'!N26*'T8'!O$2,1)=0,"",MROUND('T3'!N26*'T8'!O$2,5)) -> 17435 | O26: =IF(MROUND('T3'!O26*'T8'!O$2,1)<1,"",MROUND('T3'!O26*'T8'!O$2,5)) -> 19050 | P26: =IF(MROUND('T3'!P26*'T8'!O$2,1)<1,"",MROUND('T3'!P26*'T8'!O$2,5)) -> 19250 | Q26: =SUM(N26,K26,H26,E26,B26) -> 58445 | S26: =SUM(C26,F26,I26,L26,O26) -> 63200 | T26: =SUM(P26,M26,J26,G26,D26) -> 64930
A27: 2037 | B27: =IF(MROUND('T3'!B27*'T8'!C$2,1)=0,"",MROUND('T3'!B27*'T8'!C$2,5)) -> 2910 | C27: =IF(MROUND('T3'!C27*'T8'!C$2,1)<1,"",MROUND('T3'!C27*'T8'!C$2,5)) -> 3250 | D27: =IF(MROUND('T3'!D27*'T8'!C$2,1)<1,"",MROUND('T3'!D27*'T8'!C$2,5)) -> 3285 | E27: =IF(MROUND('T3'!E27*'T8'!F$2,1)=0,"",MROUND('T3'!E27*'T8'!F$2,5)) -> 8890 | F27: =IF(MROUND('T3'!F27*'T8'!F$2,1)<1,"",MROUND('T3'!F27*'T8'!F$2,5)) -> 9915 | G27: =IF(MROUND('T3'!G27*'T8'!F$2,1)<1,"",MROUND('T3'!G27*'T8'!F$2,5)) -> 10020 | H27: =IF(MROUND('T3'!H27*'T8'!I$2,1)=0,"",MROUND('T3'!H27*'T8'!I$2,5)) -> 12670 | I27: =IF(MROUND('T3'!I27*'T8'!I$2,1)<1,"",MROUND('T3'!I27*'T8'!I$2,5)) -> 14040 | J27: =IF(MROUND('T3'!J27*'T8'!I$2,1)<1,"",MROUND('T3'!J27*'T8'!I$2,5)) -> 14185 | K27: =IF(MROUND('T3'!K27*'T8'!L$2,1)=0,"",MROUND('T3'!K27*'T8'!L$2,5)) -> 16495 | L27: =IF(MROUND('T3'!L27*'T7'!L$2,1)<1,"",MROUND('T3'!L27*'T7'!L$2,5)) -> 17135 | M27: =IF(MROUND('T3'!M27*'T8'!L$2,1)<1,"",MROUND('T3'!M27*'T8'!L$2,5)) -> 18385 | N27: =IF(MROUND('T3'!N27*'T8'!O$2,1)=0,"",MROUND('T3'!N27*'T8'!O$2,5)) -> 17420 | O27: =IF(MROUND('T3'!O27*'T8'!O$2,1)<1,"",MROUND('T3'!O27*'T8'!O$2,5)) -> 19085 | P27: =IF(MROUND('T3'!P27*'T8'!O$2,1)<1,"",MROUND('T3'!P27*'T8'!O$2,5)) -> 19285 | Q27: =SUM(N27,K27,H27,E27,B27) -> 58385 | S27: =SUM(C27,F27,I27,L27,O27) -> 63425 | T27: =SUM(P27,M27,J27,G27,D27) -> 65160
A28: 2038 | B28: =IF(MROUND('T3'!B28*'T8'!C$2,1)=0,"",MROUND('T3'!B28*'T8'!C$2,5)) -> 2925 | C28: =IF(MROUND('T3'!C28*'T8'!C$2,1)<1,"",MROUND('T3'!C28*'T8'!C$2,5)) -> 3275 | D28: =IF(MROUND('T3'!D28*'T8'!C$2,1)<1,"",MROUND('T3'!D28*'T8'!C$2,5)) -> 3310 | E28: =IF(MROUND('T3'!E28*'T8'!F$2,1)=0,"",MROUND('T3'!E28*'T8'!F$2,5)) -> 8945 | F28: =IF(MROUND('T3'!F28*'T8'!F$2,1)<1,"",MROUND('T3'!F28*'T8'!F$2,5)) -> 9980 | G28: =IF(MROUND('T3'!G28*'T8'!F$2,1)<1,"",MROUND('T3'!G28*'T8'!F$2,5)) -> 10085 | H28: =IF(MROUND('T3'!H28*'T8'!I$2,1)=0,"",MROUND('T3'!H28*'T8'!I$2,5)) -> 12675 | I28: =IF(MROUND('T3'!I28*'T8'!I$2,1)<1,"",MROUND('T3'!I28*'T8'!I$2,5)) -> 14120 | J28: =IF(MROUND('T3'!J28*'T8'!I$2,1)<1,"",MROUND('T3'!J28*'T8'!I$2,5)) -> 14265 | K28: =IF(MROUND('T3'!K28*'T8'!L$2,1)=0,"",MROUND('T3'!K28*'T8'!L$2,5)) -> 16490 | L28: =IF(MROUND('T3'!L28*'T7'!L$2,1)<1,"",MROUND('T3'!L28*'T7'!L$2,5)) -> 17205 | M28: =IF(MROUND('T3'!M28*'T8'!L$2,1)<1,"",MROUND('T3'!M28*'T8'!L$2,5)) -> 18460 | N28: =IF(MROUND('T3'!N28*'T8'!O$2,1)=0,"",MROUND('T3'!N28*'T8'!O$2,5)) -> 17380 | O28: =IF(MROUND('T3'!O28*'T8'!O$2,1)<1,"",MROUND('T3'!O28*'T8'!O$2,5)) -> 19145 | P28: =IF(MROUND('T3'!P28*'T8'!O$2,1)<1,"",MROUND('T3'!P28*'T8'!O$2,5)) -> 19345 | Q28: =SUM(N28,K28,H28,E28,B28) -> 58415 | S28: =SUM(C28,F28,I28,L28,O28) -> 63725 | T28: =SUM(P28,M28,J28,G28,D28) -> 65465

Sheet T15
A1: HYBRID: LOW AS LOW/LOW, MEDIUM AS MEDIUM/MEDIUM, HIGH AS HIGH/HIGH
A2: Applied rate of participation | B2: 0.12647765 | C2: 0.15217914 | D2: 0.16240112 | E2: 0.40803593 | F2: 0.45197924 | G2: 0.4975795 | H2: 0.60728266 | I2: 0.65084254 | J2: 0.70433171 | K2: 0.76683393 | L2: 0.8564703 | M2: 0.90942877 | N2: 0.81915855 | O2: 0.90559171 | P2: 0.9481147
B3: 0 years* | E3: 1 years | H3: 2 years | K3: 3 years | N3: 4 years | Q3: Total | U3: Total under 2s | Y3: Total 2+s
A4: Year | B4: Low | C4: Medium | D4: High | E4: Low | F4: Medium | G4: High | H4: Low | I4: Medium | J4: High | K4: Low | L4: Medium | M4: High | N4: Low | O4: Medium | P4: High | Q4: Low | R4: Actual | S4: Medium | T4: High | U4: Low | V4: Actual | W4: Medium | X4: High | Y4: Low | Z4: Actual | AA4: Medium | AB4: High
A5: 2015 | B5: =IF(MROUND('T2'!B5*'T6'!$C$2,1)=0,"",MROUND('T2'!B5*'T6'!C$2,5)) | C5: 3382 | D5: =IF(MROUND('T2'!D5*'T6'!$C$2,1)<1,"",MROUND('T2'!D5*'T6'!$C$2,5)) | E5: =IF(MROUND('T2'!E5*'T6'!F$2,1)=0,"",MROUND('T2'!E5*'T6'!F$2,5)) | F5: 8632 | G5: =IF(MROUND('T2'!G5*'T6'!$C$2,1)<1,"",MROUND('T2'!G5*'T6'!$C$2,5)) | H5: =IF(MROUND('T2'!H5*'T6'!I$2,1)=0,"",MROUND('T2'!H5*'T6'!I$2,5)) | I5: 13342 | J5: =IF(MROUND('T2'!J5*'T6'!$C$2,1)<1,"",MROUND('T2'!J5*'T6'!$C$2,5)) | L5: 19543 | O5: 21050 | R5: =SUM(C5,F5,I5,L5,O5) -> 65949 | V5: =SUM(C5,F5) -> 12014 | Z5: =SUM(I5,L5,O5) -> 53935
A6: 2016 | B6: =IF(MROUND('T2'!B6*'T6'!$C$2,1)=0,"",MROUND('T2'!B6*'T6'!C$2,5)) | C6: 3126 | D6: =IF(MROUND('T2'!D6*'T6'!$C$2,1)<1,"",MROUND('T2'!D6*'T6'!$C$2,5)) | E6: =IF(MROUND('T2'!E6*'T6'!F$2,1)=0,"",MROUND('T2'!E6*'T6'!F$2,5)) | F6: 9347 | G6: =IF(MROUND('T2'!G6*'T6'!$C$2,1)<1,"",MROUND('T2'!G6*'T6'!$C$2,5)) | H6: =IF(MROUND('T2'!H6*'T6'!I$2,1)=0,"",MROUND('T2'!H6*'T6'!I$2,5)) | I6: 13603 | J6: =IF(MROUND('T2'!J6*'T6'!$C$2,1)<1,"",MROUND('T2'!J6*'T6'!$C$2,5)) | L6: 20047 | O6: 21220 | R6: =SUM(C6,F6,I6,L6,O6) -> 67343 | V6: =SUM(C6,F6) -> 12473 | Z6: =SUM(I6,L6,O6) -> 54870
A7: 2017 | B7: =IF(MROUND('T2'!B7*'T6'!$C$2,1)=0,"",MROUND('T2'!B7*'T6'!C$2,5)) | C7: 3490 | D7: =IF(MROUND('T2'!D7*'T6'!$C$2,1)<1,"",MROUND('T2'!D7*'T6'!$C$2,5)) | E7: =IF(MROUND('T2'!E7*'T6'!F$2,1)=0,"",MROUND('T2'!E7*'T6'!F$2,5)) | F7: 9261 | G7: =IF(MROUND('T2'!G7*'T6'!$C$2,1)<1,"",MROUND('T2'!G7*'T6'!$C$2,5)) | H7: =IF(MROUND('T2'!H7*'T6'!I$2,1)=0,"",MROUND('T2'!H7*'T6'!I$2,5)) | I7: 14333 | J7: =IF(MROUND('T2'!J7*'T6'!$C$2,1)<1,"",MROUND('T2'!J7*'T6'!$C$2,5)) | L7: 19477 | O7: 21397 | R7: =SUM(C7,F7,I7,L7,O7) -> 67958 | V7: =SUM(C7,F7) -> 12751 | Z7: =SUM(I7,L7,O7) -> 55207
A8: 2018 | B8: =IF(MROUND('T2'!B8*'T6'!$C$2,1)=0,"",MROUND('T2'!B8*'T6'!C$2,5)) | C8: 3111 | D8: =IF(MROUND('T2'!D8*'T6'!$C$2,1)<1,"",MROUND('T2'!D8*'T6'!$C$2,5)) | E8: =IF(MROUND('T2'!E8*'T6'!F$2,1)=0,"",MROUND('T2'!E8*'T6'!F$2,5)) | F8: 9727 | G8: =IF(MROUND('T2'!G8*'T6'!$C$2,1)<1,"",MROUND('T2'!G8*'T6'!$C$2,5)) | H8: =IF(MROUND('T2'!H8*'T6'!I$2,1)=0,"",MROUND('T2'!H8*'T6'!I$2,5)) | I8: 14107 | J8: =IF(MROUND('T2'!J8*'T6'!$C$2,1)<1,"",MROUND('T2'!J8*'T6'!$C$2,5)) | L8: 19821 | O8: 20744 | R8: =SUM(C8,F8,I8,L8,O8) -> 67510 | V8: =SUM(C8,F8) -> 12838 | Z8: =SUM(I8,L8,O8) -> 54672
A9: 2019 | B9: =IF(MROUND('T2'!B9*'T6'!$C$2,1)=0,"",MROUND('T2'!B9*'T6'!C$2,5)) | C9: 3138 | D9: =IF(MROUND('T2'!D9*'T6'!$C$2,1)<1,"",MROUND('T2'!D9*'T6'!$C$2,5)) | E9: =IF(MROUND('T2'!E9*'T6'!F$2,1)=0,"",MROUND('T2'!E9*'T6'!F$2,5)) | F9: 9531 | G9: =IF(MROUND('T2'!G9*'T6'!$C$2,1)<1,"",MROUND('T2'!G9*'T6'!$C$2,5)) | H9: =IF(MROUND('T2'!H9*'T6'!I$2,1)=0,"",MROUND('T2'!H9*'T6'!I$2,5)) | I9: 14641 | J9: =IF(MROUND('T2'!J9*'T6'!$C$2,1)<1,"",MROUND('T2'!J9*'T6'!$C$2,5)) | L9: 19007 | O9: 20996 | R9: =SUM(C9,F9,I9,L9,O9) -> 67313 | V9: =SUM(C9,F9) -> 12669 | Z9: =SUM(I9,L9,O9) -> 54644
A10: 2020 | B10: =IF(MROUND('T2'!B10*'T6'!$C$2,1)=0,"",MROUND('T2'!B10*'T6'!C$2,5)) | C10: 2632 | D10: =IF(MROUND('T2'!D10*'T6'!$C$2,1)<1,"",MROUND('T2'!D10*'T6'!$C$2,5)) | E10: =IF(MROUND('T2'!E10*'T6'!F$2,1)=0,"",MROUND('T2'!E10*'T6'!F$2,5)) | F10: 8699 | G10: =IF(MROUND('T2'!G10*'T6'!$C$2,1)<1,"",MROUND('T2'!G10*'T6'!$C$2,5)) | H10: =IF(MROUND('T2'!H10*'T6'!I$2,1)=0,"",MROUND('T2'!H10*'T6'!I$2,5)) | I10: 13175 | J10: =IF(MROUND('T2'!J10*'T6'!$C$2,1)<1,"",MROUND('T2'!J10*'T6'!$C$2,5)) | L10: 18522 | O10: 19617 | R10: =SUM(C10,F10,I10,L10,O10) -> 62645 | V10: =SUM(C10,F10) -> 11331 | Z10: =SUM(I10,L10,O10) -> 51314
A11: 2021 | B11: =IF(MROUND('T2'!B11*'T6'!$C$2,1)=0,"",MROUND('T2'!B11*'T6'!C$2,5)) | C11: 3386 | D11: =IF(MROUND('T2'!D11*'T6'!$C$2,1)<1,"",MROUND('T2'!D11*'T6'!$C$2,5)) | E11: =IF(MROUND('T2'!E11*'T6'!F$2,1)=0,"",MROUND('T2'!E11*'T6'!F$2,5)) | F11: 9942 | G11: =IF(MROUND('T2'!G11*'T6'!$C$2,1)<1,"",MROUND('T2'!G11*'T6'!$C$2,5)) | H11: =IF(MROUND('T2'!H11*'T6'!I$2,1)=0,"",MROUND('T2'!H11*'T6'!I$2,5)) | I11: 13654 | J11: =IF(MROUND('T2'!J11*'T6'!$C$2,1)<1,"",MROUND('T2'!J11*'T6'!$C$2,5)) | L11: 17563 | O11: 19626 | R11: =SUM(C11,F11,I11,L11,O11) -> 64171 | V11: =SUM(C11,F11) -> 13328 | Z11: =SUM(I11,L11,O11) -> 50843
A12: 2022 | B12: =IF(MROUND('T2'!B12*'T6'!$C$2,1)=0,"",MROUND('T2'!B12*'T6'!C$2,5)) | C12: 3226 | D12: =IF(MROUND('T2'!D12*'T6'!$C$2,1)<1,"",MROUND('T2'!D12*'T6'!$C$2,5)) | E12: =IF(MROUND('T2'!E12*'T6'!F$2,1)=0,"",MROUND('T2'!E12*'T6'!F$2,5)) | F12: 9542 | G12: =IF(MROUND('T2'!G12*'T6'!$C$2,1)<1,"",MROUND('T2'!G12*'T6'!$C$2,5)) | H12: =IF(MROUND('T2'!H12*'T6'!I$2,1)=0,"",MROUND('T2'!H12*'T6'!I$2,5)) | I12: 12891 | J12: =IF(MROUND('T2'!J12*'T6'!$C$2,1)<1,"",MROUND('T2'!J12*'T6'!$C$2,5)) | L12: 16046 | O12: 17231 | R12: =SUM(C12,F12,I12,L12,O12) -> 58936 | V12: =SUM(C12,F12) -> 12768 | Z12: =SUM(I12,L12,O12) -> 46168
A13: 2023 | B13: =IF(MROUND('T2'!B13*'T6'!$C$2,1)=0,"",MROUND('T2'!B13*'T6'!C$2,5)) | C13: 3063 | D13: =IF(MROUND('T2'!D13*'T6'!$C$2,1)<1,"",MROUND('T2'!D13*'T6'!$C$2,5)) | E13: =IF(MROUND('T2'!E13*'T6'!F$2,1)=0,"",MROUND('T2'!E13*'T6'!F$2,5)) | F13: 10484 | G13: =IF(MROUND('T2'!G13*'T6'!$C$2,1)<1,"",MROUND('T2'!G13*'T6'!$C$2,5)) | H13: =IF(MROUND('T2'!H13*'T6'!I$2,1)=0,"",MROUND('T2'!H13*'T6'!I$2,5)) | I13: 14290 | J13: =IF(MROUND('T2'!J13*'T6'!$C$2,1)<1,"",MROUND('T2'!J13*'T6'!$C$2,5)) | L13: 17651 | O13: 18366 | R13: =SUM(C13,F13,I13,L13,O13) -> 63854 | V13: =SUM(C13,F13) -> 13547 | Z13: =SUM(I13,L13,O13) -> 50307
A14: 2024 | B14: =IF(MROUND('T2'!B14*'T6'!$C$2,1)=0,"",MROUND('T2'!B14*'T6'!C$2,5)) | C14: 3141 | D14: =IF(MROUND('T2'!D14*'T6'!$C$2,1)<1,"",MROUND('T2'!D14*'T6'!$C$2,5)) | E14: =IF(MROUND('T2'!E14*'T6'!F$2,1)=0,"",MROUND('T2'!E14*'T6'!F$2,5)) | F14: 9703 | G14: =IF(MROUND('T2'!G14*'T6'!$C$2,1)<1,"",MROUND('T2'!G14*'T6'!$C$2,5)) | H14: =IF(MROUND('T2'!H14*'T6'!I$2,1)=0,"",MROUND('T2'!H14*'T6'!I$2,5)) | I14: 15203 | J14: =IF(MROUND('T2'!J14*'T6'!$C$2,1)<1,"",MROUND('T2'!J14*'T6'!$C$2,5)) | L14: 18447 | O14: 19561 | Q14: =R14 -> 66055 | R14: =SUM(C14,F14,I14,L14,O14) -> 66055 | S14: =R14 -> 66055 | T14: =R14 -> 66055 | U14: 37534 | V14: =SUM(C14,F14) -> 12844 | W14: 37534 | X14: 37534 | Y14: 153829 | Z14: =SUM(I14,L14,O14) -> 53211 | AA14: 153829 | AB14: 153829
A15: 2025 | B15: =IF(MROUND('T3'!B15*B$2,1)=0,"",MROUND('T3'!B15*'T15'!B$2,5)) -> 2395 | C15: =IF(MROUND('T3'!C15*'T15'!C$2,1)<1,"",MROUND('T3'!C15*'T15'!C$2,5)) -> 2985 | D15: =IF(MROUND('T3'!D15*'T15'!D$2,1)<1,"",MROUND('T3'!D15*'T15'!D$2,5)) -> 3220 | E15: =IF(MROUND('T3'!E15*'T15'!E$2,1)=0,"",MROUND('T3'!E15*'T15'!E$2,5)) -> 7725 | F15: =IF(MROUND('T3'!F15*'T15'!F$2,1)<1,"",MROUND('T3'!F15*'T15'!F$2,5)) -> 8700 | G15: =IF(MROUND('T3'!G15*'T15'!G$2,1)<1,"",MROUND('T3'!G15*'T15'!G$2,5)) -> 9680 | H15: =IF(MROUND('T3'!H15*'T15'!H$2,1)=0,"",MROUND('T3'!H15*'T15'!H$2,5)) -> 11570 | I15: =IF(MROUND('T3'!I15*'T15'!I$2,1)<1,"",MROUND('T3'!I15*'T15'!I$2,5)) -> 12605 | J15: =IF(MROUND('T3'!J15*'T15'!J$2,1)<1,"",MROUND('T3'!J15*'T15'!J$2,5)) -> 13785 | K15: =IF(MROUND('T3'!K15*'T15'!K$2,1)=0,"",MROUND('T3'!K15*'T15'!K$2,5)) -> 15780 | L15: =IF(MROUND('T3'!L15*'T15'!L$2,1)<1,"",MROUND('T3'!L15*'T15'!L$2,5)) -> 17915 | M15: =IF(MROUND('T3'!M15*'T15'!M$2,1)<1,"",MROUND('T3'!M15*'T15'!M$2,5)) -> 19225 | N15: =IF(MROUND('T3'!N15*'T15'!N$2,1)=0,"",MROUND('T3'!N15*'T15'!N$2,5)) -> 17100 | O15: =IF(MROUND('T3'!O15*'T15'!O$2,1)<1,"",MROUND('T3'!O15*'T15'!O$2,5)) -> 19225 | P15: =IF(MROUND('T3'!P15*'T15'!P$2,1)<1,"",MROUND('T3'!P15*'T15'!P$2,5)) -> 20335 | Q15: =SUM(B15,E15,H15,K15,N15) -> 54570 | S15: =SUM(C15,F15,I15,L15,O15) -> 61430 | T15: =SUM(D15,G15,J15,M15,P15) -> 66245 | U15: =SUM(B15,E15) -> 10120 | W15: =SUM(C15,F15) -> 11685 | X15: =SUM(D15,G15) -> 12900 | Y15: =SUM(H15,K15,N15) -> 44450 | AA15: =SUM(I15,L15,O15) -> 49745 | AB15: =SUM(J15,M15,P15) -> 53345
A16: 2026 | B16: =IF(MROUND('T3'!B16*B$2,1)=0,"",MROUND('T3'!B16*'T15'!B$2,5)) -> 2365 | C16: =IF(MROUND('T3'!C16*'T15'!C$2,1)<1,"",MROUND('T3'!C16*'T15'!C$2,5)) -> 2985 | D16: =IF(MROUND('T3'!D16*'T15'!D$2,1)<1,"",MROUND('T3'!D16*'T15'!D$2,5)) -> 3220 | E16: =IF(MROUND('T3'!E16*'T15'!E$2,1)=0,"",MROUND('T3'!E16*'T15'!E$2,5)) -> 7690 | F16: =IF(MROUND('T3'!F16*'T15'!F$2,1)<1,"",MROUND('T3'!F16*'T15'!F$2,5)) -> 8865 | G16: =IF(MROUND('T3'!G16*'T15'!G$2,1)<1,"",MROUND('T3'!G16*'T15'!G$2,5)) -> 9865 | H16: =IF(MROUND('T3'!H16*'T15'!H$2,1)=0,"",MROUND('T3'!H16*'T15'!H$2,5)) -> 11515 | I16: =IF(MROUND('T3'!I16*'T15'!I$2,1)<1,"",MROUND('T3'!I16*'T15'!I$2,5)) -> 12580 | J16: =IF(MROUND('T3'!J16*'T15'!J$2,1)<1,"",MROUND('T3'!J16*'T15'!J$2,5)) -> 13755 | K16: =IF(MROUND('T3'!K16*'T15'!K$2,1)=0,"",MROUND('T3'!K16*'T15'!K$2,5)) -> 14650 | L16: =IF(MROUND('T3'!L16*'T15'!L$2,1)<1,"",MROUND('T3'!L16*'T15'!L$2,5)) -> 16680 | M16: =IF(MROUND('T3'!M16*'T15'!M$2,1)<1,"",MROUND('T3'!M16*'T15'!M$2,5)) -> 17895 | N16: =IF(MROUND('T3'!N16*'T15'!N$2,1)=0,"",MROUND('T3'!N16*'T15'!N$2,5)) -> 16920 | O16: =IF(MROUND('T3'!O16*'T15'!O$2,1)<1,"",MROUND('T3'!O16*'T15'!O$2,5)) -> 19075 | P16: =IF(MROUND('T3'!P16*'T15'!P$2,1)<1,"",MROUND('T3'!P16*'T15'!P$2,5)) -> 20175 | Q16: =SUM(B16,E16,H16,K16,N16) -> 53140 | S16: =SUM(C16,F16,I16,L16,O16) -> 60185 | T16: =SUM(D16,G16,J16,M16,P16) -> 64910 | U16: =SUM(B16,E16) -> 10055 | W16: =SUM(C16,F16) -> 11850 | X16: =SUM(D16,G16) -> 13085 | Y16: =SUM(H16,K16,N16) -> 43085 | AA16: =SUM(I16,L16,O16) -> 48335 | AB16: =SUM(J16,M16,P16) -> 51825
A17: 2027 | B17: =IF(MROUND('T3'!B17*B$2,1)=0,"",MROUND('T3'!B17*'T15'!B$2,5)) -> 2340 | C17: =IF(MROUND('T3'!C17*'T15'!C$2,1)<1,"",MROUND('T3'!C17*'T15'!C$2,5)) -> 2985 | D17: =IF(MROUND('T3'!D17*'T15'!D$2,1)<1,"",MROUND('T3'!D17*'T15'!D$2,5)) -> 3220 | E17: =IF(MROUND('T3'!E17*'T15'!E$2,1)=0,"",MROUND('T3'!E17*'T15'!E$2,5)) -> 7630 | F17: =IF(MROUND('T3'!F17*'T15'!F$2,1)<1,"",MROUND('T3'!F17*'T15'!F$2,5)) -> 8875 | G17: =IF(MROUND('T3'!G17*'T15'!G$2,1)<1,"",MROUND('T3'!G17*'T15'!G$2,5)) -> 9870 | H17: =IF(MROUND('T3'!H17*'T15'!H$2,1)=0,"",MROUND('T3'!H17*'T15'!H$2,5)) -> 11490 | I17: =IF(MROUND('T3'!I17*'T15'!I$2,1)<1,"",MROUND('T3'!I17*'T15'!I$2,5)) -> 12825 | J17: =IF(MROUND('T3'!J17*'T15'!J$2,1)<1,"",MROUND('T3'!J17*'T15'!J$2,5)) -> 14025 | K17: =IF(MROUND('T3'!K17*'T15'!K$2,1)=0,"",MROUND('T3'!K17*'T15'!K$2,5)) -> 14590 | L17: =IF(MROUND('T3'!L17*'T15'!L$2,1)<1,"",MROUND('T3'!L17*'T15'!L$2,5)) -> 16655 | M17: =IF(MROUND('T3'!M17*'T15'!M$2,1)<1,"",MROUND('T3'!M17*'T15'!M$2,5)) -> 17870 | N17: =IF(MROUND('T3'!N17*'T15'!N$2,1)=0,"",MROUND('T3'!N17*'T15'!N$2,5)) -> 15715 | O17: =IF(MROUND('T3'!O17*'T15'!O$2,1)<1,"",MROUND('T3'!O17*'T15'!O$2,5)) -> 17775 | P17: =IF(MROUND('T3'!P17*'T15'!P$2,1)<1,"",MROUND('T3'!P17*'T15'!P$2,5)) -> 18805 | Q17: =SUM(B17,E17,H17,K17,N17) -> 51765 | S17: =SUM(C17,F17,I17,L17,O17) -> 59115 | T17: =SUM(D17,G17,J17,M17,P17) -> 63790 | U17: =SUM(B17,E17) -> 9970 | W17: =SUM(C17,F17) -> 11860 | X17: =SUM(D17,G17) -> 13090 | Y17: =SUM(H17,K17,N17) -> 41795 | AA17: =SUM(I17,L17,O17) -> 47255 | AB17: =SUM(J17,M17,P17) -> 50700
A18: 2028 | B18: =IF(MROUND('T3'!B18*B$2,1)=0,"",MROUND('T3'!B18*'T15'!B$2,5)) -> 2325 | C18: =IF(MROUND('T3'!C18*'T15'!C$2,1)<1,"",MROUND('T3'!C18*'T15'!C$2,5)) -> 2985 | D18: =IF(MROUND('T3'!D18*'T15'!D$2,1)<1,"",MROUND('T3'!D18*'T15'!D$2,5)) -> 3220 | E18: =IF(MROUND('T3'!E18*'T15'!E$2,1)=0,"",MROUND('T3'!E18*'T15'!E$2,5)) -> 7545 | F18: =IF(MROUND('T3'!F18*'T15'!F$2,1)<1,"",MROUND('T3'!F18*'T15'!F$2,5)) -> 8875 | G18: =IF(MROUND('T3'!G18*'T15'!G$2,1)<1,"",MROUND('T3'!G18*'T15'!G$2,5)) -> 9870 | H18: =IF(MROUND('T3'!H18*'T15'!H$2,1)=0,"",MROUND('T3'!H18*'T15'!H$2,5)) -> 11410 | I18: =IF(MROUND('T3'!I18*'T15'!I$2,1)<1,"",MROUND('T3'!I18*'T15'!I$2,5)) -> 12840 | J18: =IF(MROUND('T3'!J18*'T15'!J$2,1)<1,"",MROUND('T3'!J18*'T15'!J$2,5)) -> 14040 | K18: =IF(MROUND('T3'!K18*'T15'!K$2,1)=0,"",MROUND('T3'!K18*'T15'!K$2,5)) -> 14595 | L18: =IF(MROUND('T3'!L18*'T15'!L$2,1)<1,"",MROUND('T3'!L18*'T15'!L$2,5)) -> 16990 | M18: =IF(MROUND('T3'!M18*'T15'!M$2,1)<1,"",MROUND('T3'!M18*'T15'!M$2,5)) -> 18230 | N18: =IF(MROUND('T3'!N18*'T15'!N$2,1)=0,"",MROUND('T3'!N18*'T15'!N$2,5)) -> 15670 | O18: =IF(MROUND('T3'!O18*'T15'!O$2,1)<1,"",MROUND('T3'!O18*'T15'!O$2,5)) -> 17760 | P18: =IF(MROUND('T3'!P18*'T15'!P$2,1)<1,"",MROUND('T3'!P18*'T15'!P$2,5)) -> 18790 | Q18: =SUM(B18,E18,H18,K18,N18) -> 51545 | S18: =SUM(C18,F18,I18,L18,O18) -> 59450 | T18: =SUM(D18,G18,J18,M18,P18) -> 64150 | U18: =SUM(B18,E18) -> 9870 | W18: =SUM(C18,F18) -> 11860 | X18: =SUM(D18,G18) -> 13090 | Y18: =SUM(H18,K18,N18) -> 41675 | AA18: =SUM(I18,L18,O18) -> 47590 | AB18: =SUM(J18,M18,P18) -> 51060
A19: 2029 | B19: =IF(MROUND('T3'!B19*B$2,1)=0,"",MROUND('T3'!B19*'T15'!B$2,5)) -> 2305 | C19: =IF(MROUND('T3'!C19*'T15'!C$2,1)<1,"",MROUND('T3'!C19*'T15'!C$2,5)) -> 2985 | D19: =IF(MROUND('T3'!D19*'T15'!D$2,1)<1,"",MROUND('T3'!D19*'T15'!D$2,5)) -> 3215 | E19: =IF(MROUND('T3'!E19*'T15'!E$2,1)=0,"",MROUND('T3'!E19*'T15'!E$2,5)) -> 7495 | F19: =IF(MROUND('T3'!F19*'T15'!F$2,1)<1,"",MROUND('T3'!F19*'T15'!F$2,5)) -> 8875 | G19: =IF(MROUND('T3'!G19*'T15'!G$2,1)<1,"",MROUND('T3'!G19*'T15'!G$2,5)) -> 9870 | H19: =IF(MROUND('T3'!H19*'T15'!H$2,1)=0,"",MROUND('T3'!H19*'T15'!H$2,5)) -> 11305 | I19: =IF(MROUND('T3'!I19*'T15'!I$2,1)<1,"",MROUND('T3'!I19*'T15'!I$2,5)) -> 12845 | J19: =IF(MROUND('T3'!J19*'T15'!J$2,1)<1,"",MROUND('T3'!J19*'T15'!J$2,5)) -> 14050 | K19: =IF(MROUND('T3'!K19*'T15'!K$2,1)=0,"",MROUND('T3'!K19*'T15'!K$2,5)) -> 14500 | L19: =IF(MROUND('T3'!L19*'T15'!L$2,1)<1,"",MROUND('T3'!L19*'T15'!L$2,5)) -> 17015 | M19: =IF(MROUND('T3'!M19*'T15'!M$2,1)<1,"",MROUND('T3'!M19*'T15'!M$2,5)) -> 18255 | N19: =IF(MROUND('T3'!N19*'T15'!N$2,1)=0,"",MROUND('T3'!N19*'T15'!N$2,5)) -> 15720 | O19: =IF(MROUND('T3'!O19*'T15'!O$2,1)<1,"",MROUND('T3'!O19*'T15'!O$2,5)) -> 18120 | P19: =IF(MROUND('T3'!P19*'T15'!P$2,1)<1,"",MROUND('T3'!P19*'T15'!P$2,5)) -> 19170 | Q19: =SUM(B19,E19,H19,K19,N19) -> 51325 | S19: =SUM(C19,F19,I19,L19,O19) -> 59840 | T19: =SUM(D19,G19,J19,M19,P19) -> 64560 | U19: =SUM(B19,E19) -> 9800 | W19: =SUM(C19,F19) -> 11860 | X19: =SUM(D19,G19) -> 13085 | Y19: =SUM(H19,K19,N19) -> 41525 | AA19: =SUM(I19,L19,O19) -> 47980 | AB19: =SUM(J19,M19,P19) -> 51475
A20: 2030 | B20: =IF(MROUND('T3'!B20*B$2,1)=0,"",MROUND('T3'!B20*'T15'!B$2,5)) -> 2295 | C20: =IF(MROUND('T3'!C20*'T15'!C$2,1)<1,"",MROUND('T3'!C20*'T15'!C$2,5)) -> 2980 | D20: =IF(MROUND('T3'!D20*'T15'!D$2,1)<1,"",MROUND('T3'!D20*'T15'!D$2,5)) -> 3215 | E20: =IF(MROUND('T3'!E20*'T15'!E$2,1)=0,"",MROUND('T3'!E20*'T15'!E$2,5)) -> 7455 | F20: =IF(MROUND('T3'!F20*'T15'!F$2,1)<1,"",MROUND('T3'!F20*'T15'!F$2,5)) -> 8870 | G20: =IF(MROUND('T3'!G20*'T15'!G$2,1)<1,"",MROUND('T3'!G20*'T15'!G$2,5)) -> 9865 | H20: =IF(MROUND('T3'!H20*'T15'!H$2,1)=0,"",MROUND('T3'!H20*'T15'!H$2,5)) -> 11215 | I20: =IF(MROUND('T3'!I20*'T15'!I$2,1)<1,"",MROUND('T3'!I20*'T15'!I$2,5)) -> 12845 | J20: =IF(MROUND('T3'!J20*'T15'!J$2,1)<1,"",MROUND('T3'!J20*'T15'!J$2,5)) -> 14050 | K20: =IF(MROUND('T3'!K20*'T15'!K$2,1)=0,"",MROUND('T3'!K20*'T15'!K$2,5)) -> 14385 | L20: =IF(MROUND('T3'!L20*'T15'!L$2,1)<1,"",MROUND('T3'!L20*'T15'!L$2,5)) -> 17025 | M20: =IF(MROUND('T3'!M20*'T15'!M$2,1)<1,"",MROUND('T3'!M20*'T15'!M$2,5)) -> 18270 | N20: =IF(MROUND('T3'!N20*'T15'!N$2,1)=0,"",MROUND('T3'!N20*'T15'!N$2,5)) -> 15615 | O20: =IF(MROUND('T3'!O20*'T15'!O$2,1)<1,"",MROUND('T3'!O20*'T15'!O$2,5)) -> 18155 | P20: =IF(MROUND('T3'!P20*'T15'!P$2,1)<1,"",MROUND('T3'!P20*'T15'!P$2,5)) -> 19205 | Q20: =SUM(B20,E20,H20,K20,N20) -> 50965 | S20: =SUM(C20,F20,I20,L20,O20) -> 59875 | T20: =SUM(D20,G20,J20,M20,P20) -> 64605 | U20: =SUM(B20,E20) -> 9750 | W20: =SUM(C20,F20) -> 11850 | X20: =SUM(D20,G20) -> 13080 | Y20: =SUM(H20,K20,N20) -> 41215 | AA20: =SUM(I20,L20,O20) -> 48025 | AB20: =SUM(J20,M20,P20) -> 51525
A21: 2031 | B21: =IF(MROUND('T3'!B21*B$2,1)=0,"",MROUND('T3'!B21*'T15'!B$2,5)) -> 2275 | C21: =IF(MROUND('T3'!C21*'T15'!C$2,1)<1,"",MROUND('T3'!C21*'T15'!C$2,5)) -> 2980 | D21: =IF(MROUND('T3'!D21*'T15'!D$2,1)<1,"",MROUND('T3'!D21*'T15'!D$2,5)) -> 3215 | E21: =IF(MROUND('T3'!E21*'T15'!E$2,1)=0,"",MROUND('T3'!E21*'T15'!E$2,5)) -> 7410 | F21: =IF(MROUND('T3'!F21*'T15'!F$2,1)<1,"",MROUND('T3'!F21*'T15'!F$2,5)) -> 8870 | G21: =IF(MROUND('T3'!G21*'T15'!G$2,1)<1,"",MROUND('T3'!G21*'T15'!G$2,5)) -> 9865 | H21: =IF(MROUND('T3'!H21*'T15'!H$2,1)=0,"",MROUND('T3'!H21*'T15'!H$2,5)) -> 11145 | I21: =IF(MROUND('T3'!I21*'T15'!I$2,1)<1,"",MROUND('T3'!I21*'T15'!I$2,5)) -> 12840 | J21: =IF(MROUND('T3'!J21*'T15'!J$2,1)<1,"",MROUND('T3'!J21*'T15'!J$2,5)) -> 14045 | K21: =IF(MROUND('T3'!K21*'T15'!K$2,1)=0,"",MROUND('T3'!K21*'T15'!K$2,5)) -> 14270 | L21: =IF(MROUND('T3'!L21*'T15'!L$2,1)<1,"",MROUND('T3'!L21*'T15'!L$2,5)) -> 17030 | M21: =IF(MROUND('T3'!M21*'T15'!M$2,1)<1,"",MROUND('T3'!M21*'T15'!M$2,5)) -> 18270 | N21: =IF(MROUND('T3'!N21*'T15'!N$2,1)=0,"",MROUND('T3'!N21*'T15'!N$2,5)) -> 15515 | O21: =IF(MROUND('T3'!O21*'T15'!O$2,1)<1,"",MROUND('T3'!O21*'T15'!O$2,5)) -> 18170 | P21: =IF(MROUND('T3'!P21*'T15'!P$2,1)<1,"",MROUND('T3'!P21*'T15'!P$2,5)) -> 19220 | Q21: =SUM(B21,E21,H21,K21,N21) -> 50615 | S21: =SUM(C21,F21,I21,L21,O21) -> 59890 | T21: =SUM(D21,G21,J21,M21,P21) -> 64615 | U21: =SUM(B21,E21) -> 9685 | W21: =SUM(C21,F21) -> 11850 | X21: =SUM(D21,G21) -> 13080 | Y21: =SUM(H21,K21,N21) -> 40930 | AA21: =SUM(I21,L21,O21) -> 48040 | AB21: =SUM(J21,M21,P21) -> 51535
A22: 2032 | B22: =IF(MROUND('T3'!B22*B$2,1)=0,"",MROUND('T3'!B22*'T15'!B$2,5)) -> 2265 | C22: =IF(MROUND('T3'!C22*'T15'!C$2,1)<1,"",MROUND('T3'!C22*'T15'!C$2,5)) -> 2985 | D22: =IF(MROUND('T3'!D22*'T15'!D$2,1)<1,"",MROUND('T3'!D22*'T15'!D$2,5)) -> 3220 | E22: =IF(MROUND('T3'!E22*'T15'!E$2,1)=0,"",MROUND('T3'!E22*'T15'!E$2,5)) -> 7350 | F22: =IF(MROUND('T3'!F22*'T15'!F$2,1)<1,"",MROUND('T3'!F22*'T15'!F$2,5)) -> 8870 | G22: =IF(MROUND('T3'!G22*'T15'!G$2,1)<1,"",MROUND('T3'!G22*'T15'!G$2,5)) -> 9865 | H22: =IF(MROUND('T3'!H22*'T15'!H$2,1)=0,"",MROUND('T3'!H22*'T15'!H$2,5)) -> 11095 | I22: =IF(MROUND('T3'!I22*'T15'!I$2,1)<1,"",MROUND('T3'!I22*'T15'!I$2,5)) -> 12840 | J22: =IF(MROUND('T3'!J22*'T15'!J$2,1)<1,"",MROUND('T3'!J22*'T15'!J$2,5)) -> 14040 | K22: =IF(MROUND('T3'!K22*'T15'!K$2,1)=0,"",MROUND('T3'!K22*'T15'!K$2,5)) -> 14185 | L22: =IF(MROUND('T3'!L22*'T15'!L$2,1)<1,"",MROUND('T3'!L22*'T15'!L$2,5)) -> 17025 | M22: =IF(MROUND('T3'!M22*'T15'!M$2,1)<1,"",MROUND('T3'!M22*'T15'!M$2,5)) -> 18270 | N22: =IF(MROUND('T3'!N22*'T15'!N$2,1)=0,"",MROUND('T3'!N22*'T15'!N$2,5)) -> 15380 | O22: =IF(MROUND('T3'!O22*'T15'!O$2,1)<1,"",MROUND('T3'!O22*'T15'!O$2,5)) -> 18170 | P22: =IF(MROUND('T3'!P22*'T15'!P$2,1)<1,"",MROUND('T3'!P22*'T15'!P$2,5)) -> 19225 | Q22: =SUM(B22,E22,H22,K22,N22) -> 50275 | S22: =SUM(C22,F22,I22,L22,O22) -> 59890 | T22: =SUM(D22,G22,J22,M22,P22) -> 64620 | U22: =SUM(B22,E22) -> 9615 | W22: =SUM(C22,F22) -> 11855 | X22: =SUM(D22,G22) -> 13085 | Y22: =SUM(H22,K22,N22) -> 40660 | AA22: =SUM(I22,L22,O22) -> 48035 | AB22: =SUM(J22,M22,P22) -> 51535
A23: 2033 | B23: =IF(MROUND('T3'!B23*B$2,1)=0,"",MROUND('T3'!B23*'T15'!B$2,5)) -> 2260 | C23: =IF(MROUND('T3'!C23*'T15'!C$2,1)<1,"",MROUND('T3'!C23*'T15'!C$2,5)) -> 2990 | D23: =IF(MROUND('T3'!D23*'T15'!D$2,1)<1,"",MROUND('T3'!D23*'T15'!D$2,5)) -> 3225 | E23: =IF(MROUND('T3'!E23*'T15'!E$2,1)=0,"",MROUND('T3'!E23*'T15'!E$2,5)) -> 7330 | F23: =IF(MROUND('T3'!F23*'T15'!F$2,1)<1,"",MROUND('T3'!F23*'T15'!F$2,5)) -> 8875 | G23: =IF(MROUND('T3'!G23*'T15'!G$2,1)<1,"",MROUND('T3'!G23*'T15'!G$2,5)) -> 9875 | H23: =IF(MROUND('T3'!H23*'T15'!H$2,1)=0,"",MROUND('T3'!H23*'T15'!H$2,5)) -> 11010 | I23: =IF(MROUND('T3'!I23*'T15'!I$2,1)<1,"",MROUND('T3'!I23*'T15'!I$2,5)) -> 12845 | J23: =IF(MROUND('T3'!J23*'T15'!J$2,1)<1,"",MROUND('T3'!J23*'T15'!J$2,5)) -> 14045 | K23: =IF(MROUND('T3'!K23*'T15'!K$2,1)=0,"",MROUND('T3'!K23*'T15'!K$2,5)) -> 14110 | L23: =IF(MROUND('T3'!L23*'T15'!L$2,1)<1,"",MROUND('T3'!L23*'T15'!L$2,5)) -> 17025 | M23: =IF(MROUND('T3'!M23*'T15'!M$2,1)<1,"",MROUND('T3'!M23*'T15'!M$2,5)) -> 18265 | N23: =IF(MROUND('T3'!N23*'T15'!N$2,1)=0,"",MROUND('T3'!N23*'T15'!N$2,5)) -> 15275 | O23: =IF(MROUND('T3'!O23*'T15'!O$2,1)<1,"",MROUND('T3'!O23*'T15'!O$2,5)) -> 18170 | P23: =IF(MROUND('T3'!P23*'T15'!P$2,1)<1,"",MROUND('T3'!P23*'T15'!P$2,5)) -> 19220 | Q23: =SUM(B23,E23,H23,K23,N23) -> 49985 | S23: =SUM(C23,F23,I23,L23,O23) -> 59905 | T23: =SUM(D23,G23,J23,M23,P23) -> 64630 | U23: =SUM(B23,E23) -> 9590 | W23: =SUM(C23,F23) -> 11865 | X23: =SUM(D23,G23) -> 13100 | Y23: =SUM(H23,K23,N23) -> 40395 | AA23: =SUM(I23,L23,O23) -> 48040 | AB23: =SUM(J23,M23,P23) -> 51530
A24: 2034 | B24: =IF(MROUND('T3'!B24*B$2,1)=0,"",MROUND('T3'!B24*'T15'!B$2,5)) -> 2260 | C24: =IF(MROUND('T3'!C24*'T15'!C$2,1)<1,"",MROUND('T3'!C24*'T15'!C$2,5)) -> 3000 | D24: =IF(MROUND('T3'!D24*'T15'!D$2,1)<1,"",MROUND('T3'!D24*'T15'!D$2,5)) -> 3235 | E24: =IF(MROUND('T3'!E24*'T15'!E$2,1)=0,"",MROUND('T3'!E24*'T15'!E$2,5)) -> 7305 | F24: =IF(MROUND('T3'!F24*'T15'!F$2,1)<1,"",MROUND('T3'!F24*'T15'!F$2,5)) -> 8895 | G24: =IF(MROUND('T3'!G24*'T15'!G$2,1)<1,"",MROUND('T3'!G24*'T15'!G$2,5)) -> 9895 | H24: =IF(MROUND('T3'!H24*'T15'!H$2,1)=0,"",MROUND('T3'!H24*'T15'!H$2,5)) -> 10970 | I24: =IF(MROUND('T3'!I24*'T15'!I$2,1)<1,"",MROUND('T3'!I24*'T15'!I$2,5)) -> 12855 | J24: =IF(MROUND('T3'!J24*'T15'!J$2,1)<1,"",MROUND('T3'!J24*'T15'!J$2,5)) -> 14055 | K24: =IF(MROUND('T3'!K24*'T15'!K$2,1)=0,"",MROUND('T3'!K24*'T15'!K$2,5)) -> 14010 | L24: =IF(MROUND('T3'!L24*'T15'!L$2,1)<1,"",MROUND('T3'!L24*'T15'!L$2,5)) -> 17030 | M24: =IF(MROUND('T3'!M24*'T15'!M$2,1)<1,"",MROUND('T3'!M24*'T15'!M$2,5)) -> 18270 | N24: =IF(MROUND('T3'!N24*'T15'!N$2,1)=0,"",MROUND('T3'!N24*'T15'!N$2,5)) -> 15205 | O24: =IF(MROUND('T3'!O24*'T15'!O$2,1)<1,"",MROUND('T3'!O24*'T15'!O$2,5)) -> 18170 | P24: =IF(MROUND('T3'!P24*'T15'!P$2,1)<1,"",MROUND('T3'!P24*'T15'!P$2,5)) -> 19220 | Q24: =SUM(B24,E24,H24,K24,N24) -> 49750 | S24: =SUM(C24,F24,I24,L24,O24) -> 59950 | T24: =SUM(D24,G24,J24,M24,P24) -> 64675 | U24: =SUM(B24,E24) -> 9565 | W24: =SUM(C24,F24) -> 11895 | X24: =SUM(D24,G24) -> 13130 | Y24: =SUM(H24,K24,N24) -> 40185 | AA24: =SUM(I24,L24,O24) -> 48055 | AB24: =SUM(J24,M24,P24) -> 51545
A25: 2035 | B25: =IF(MROUND('T3'!B25*B$2,1)=0,"",MROUND('T3'!B25*'T15'!B$2,5)) -> 2255 | C25: =IF(MROUND('T3'!C25*'T15'!C$2,1)<1,"",MROUND('T3'!C25*'T15'!C$2,5)) -> 3010 | D25: =IF(MROUND('T3'!D25*'T15'!D$2,1)<1,"",MROUND('T3'!D25*'T15'!D$2,5)) -> 3245 | E25: =IF(MROUND('T3'!E25*'T15'!E$2,1)=0,"",MROUND('T3'!E25*'T15'!E$2,5)) -> 7300 | F25: =IF(MROUND('T3'!F25*'T15'!F$2,1)<1,"",MROUND('T3'!F25*'T15'!F$2,5)) -> 8920 | G25: =IF(MROUND('T3'!G25*'T15'!G$2,1)<1,"",MROUND('T3'!G25*'T15'!G$2,5)) -> 9920 | H25: =IF(MROUND('T3'!H25*'T15'!H$2,1)=0,"",MROUND('T3'!H25*'T15'!H$2,5)) -> 10960 | I25: =IF(MROUND('T3'!I25*'T15'!I$2,1)<1,"",MROUND('T3'!I25*'T15'!I$2,5)) -> 12880 | J25: =IF(MROUND('T3'!J25*'T15'!J$2,1)<1,"",MROUND('T3'!J25*'T15'!J$2,5)) -> 14085 | K25: =IF(MROUND('T3'!K25*'T15'!K$2,1)=0,"",MROUND('T3'!K25*'T15'!K$2,5)) -> 13975 | L25: =IF(MROUND('T3'!L25*'T15'!L$2,1)<1,"",MROUND('T3'!L25*'T15'!L$2,5)) -> 17045 | M25: =IF(MROUND('T3'!M25*'T15'!M$2,1)<1,"",MROUND('T3'!M25*'T15'!M$2,5)) -> 18290 | N25: =IF(MROUND('T3'!N25*'T15'!N$2,1)=0,"",MROUND('T3'!N25*'T15'!N$2,5)) -> 15105 | O25: =IF(MROUND('T3'!O25*'T15'!O$2,1)<1,"",MROUND('T3'!O25*'T15'!O$2,5)) -> 18175 | P25: =IF(MROUND('T3'!P25*'T15'!P$2,1)<1,"",MROUND('T3'!P25*'T15'!P$2,5)) -> 19225 | Q25: =SUM(B25,E25,H25,K25,N25) -> 49595 | S25: =SUM(C25,F25,I25,L25,O25) -> 60030 | T25: =SUM(D25,G25,J25,M25,P25) -> 64765 | U25: =SUM(B25,E25) -> 9555 | W25: =SUM(C25,F25) -> 11930 | X25: =SUM(D25,G25) -> 13165 | Y25: =SUM(H25,K25,N25) -> 40040 | AA25: =SUM(I25,L25,O25) -> 48100 | AB25: =SUM(J25,M25,P25) -> 51600
A26: 2036 | B26: =IF(MROUND('T3'!B26*B$2,1)=0,"",MROUND('T3'!B26*'T15'!B$2,5)) -> 2260 | C26: =IF(MROUND('T3'!C26*'T15'!C$2,1)<1,"",MROUND('T3'!C26*'T15'!C$2,5)) -> 3025 | D26: =IF(MROUND('T3'!D26*'T15'!D$2,1)<1,"",MROUND('T3'!D26*'T15'!D$2,5)) -> 3265 | E26: =IF(MROUND('T3'!E26*'T15'!E$2,1)=0,"",MROUND('T3'!E26*'T15'!E$2,5)) -> 7295 | F26: =IF(MROUND('T3'!F26*'T15'!F$2,1)<1,"",MROUND('T3'!F26*'T15'!F$2,5)) -> 8960 | G26: =IF(MROUND('T3'!G26*'T15'!G$2,1)<1,"",MROUND('T3'!G26*'T15'!G$2,5)) -> 9965 | H26: =IF(MROUND('T3'!H26*'T15'!H$2,1)=0,"",MROUND('T3'!H26*'T15'!H$2,5)) -> 10930 | I26: =IF(MROUND('T3'!I26*'T15'!I$2,1)<1,"",MROUND('T3'!I26*'T15'!I$2,5)) -> 12920 | J26: =IF(MROUND('T3'!J26*'T15'!J$2,1)<1,"",MROUND('T3'!J26*'T15'!J$2,5)) -> 14125 | K26: =IF(MROUND('T3'!K26*'T15'!K$2,1)=0,"",MROUND('T3'!K26*'T15'!K$2,5)) -> 13945 | L26: =IF(MROUND('T3'!L26*'T15'!L$2,1)<1,"",MROUND('T3'!L26*'T15'!L$2,5)) -> 17080 | M26: =IF(MROUND('T3'!M26*'T15'!M$2,1)<1,"",MROUND('T3'!M26*'T15'!M$2,5)) -> 18325 | N26: =IF(MROUND('T3'!N26*'T15'!N$2,1)=0,"",MROUND('T3'!N26*'T15'!N$2,5)) -> 15065 | O26: =IF(MROUND('T3'!O26*'T15'!O$2,1)<1,"",MROUND('T3'!O26*'T15'!O$2,5)) -> 18195 | P26: =IF(MROUND('T3'!P26*'T15'!P$2,1)<1,"",MROUND('T3'!P26*'T15'!P$2,5)) -> 19250 | Q26: =SUM(B26,E26,H26,K26,N26) -> 49495 | S26: =SUM(C26,F26,I26,L26,O26) -> 60180 | T26: =SUM(D26,G26,J26,M26,P26) -> 64930 | U26: =SUM(B26,E26) -> 9555 | W26: =SUM(C26,F26) -> 11985 | X26: =SUM(D26,G26) -> 13230 | Y26: =SUM(H26,K26,N26) -> 39940 | AA26: =SUM(I26,L26,O26) -> 48195 | AB26: =SUM(J26,M26,P26) -> 51700
... A28: 2038 | B28: =IF(MROUND('T3'!B28*B$2,1)=0,"",MROUND('T3'!B28*'T15'!B$2,5)) -> 2275 | C28: =IF(MROUND('T3'!C28*'T15'!C$2,1)<1,"",MROUND('T3'!C28*'T15'!C$2,5)) -> 3070 | D28: =IF(MROUND('T3'!D28*'T15'!D$2,1)<1,"",MROUND('T3'!D28*'T15'!D$2,5)) -> 3310 | E28: =IF(MROUND('T3'!E28*'T15'!E$2,1)=0,"",MROUND('T3'!E28*'T15'!E$2,5)) -> 7335 | F28: =IF(MROUND('T3'!F28*'T15'!F$2,1)<1,"",MROUND('T3'!F28*'T15'!F$2,5)) -> 9065 | G28: =IF(MROUND('T3'!G28*'T15'!G$2,1)<1,"",MROUND('T3'!G28*'T15'!G$2,5)) -> 10085 | H28: =IF(MROUND('T3'!H28*'T15'!H$2,1)=0,"",MROUND('T3'!H28*'T15'!H$2,5)) -> 10930 | I28: =IF(MROUND('T3'!I28*'T15'!I$2,1)<1,"",MROUND('T3'!I28*'T15'!I$2,5)) -> 13045 | J28: =IF(MROUND('T3'!J28*'T15'!J$2,1)<1,"",MROUND('T3'!J28*'T15'!J$2,5)) -> 14265 | K28: =IF(MROUND('T3'!K28*'T15'!K$2,1)=0,"",MROUND('T3'!K28*'T15'!K$2,5)) -> 13905 | L28: =IF(MROUND('T3'!L28*'T15'!L$2,1)<1,"",MROUND('T3'!L28*'T15'!L$2,5)) -> 17205 | M28: =IF(MROUND('T3'!M28*'T15'!M$2,1)<1,"",MROUND('T3'!M28*'T15'!M$2,5)) -> 18460 | N28: =IF(MROUND('T3'!N28*'T15'!N$2,1)=0,"",MROUND('T3'!N28*'T15'!N$2,5)) -> 15015 | O28: =IF(MROUND('T3'!O28*'T15'!O$2,1)<1,"",MROUND('T3'!O28*'T15'!O$2,5)) -> 18290 | P28: =IF(MROUND('T3'!P28*'T15'!P$2,1)<1,"",MROUND('T3'!P28*'T15'!P$2,5)) -> 19345 | Q28: =SUM(B28,E28,H28,K28,N28) -> 49460 | S28: =SUM(C28,F28,I28,L28,O28) -> 60675 | T28: =SUM(D28,G28,J28,M28,P28) -> 65465 | U28: =SUM(B28,E28) -> 9610 | W28: =SUM(C28,F28) -> 12135 | X28: =SUM(D28,G28) -> 13395 | Y28: =SUM(H28,K28,N28) -> 39850 | AA28: =SUM(I28,L28,O28) -> 48540 | AB28: =SUM(J28,M28,P28) -> 52070

Sheet T16
A1: Ratio requirements
A2: Service Type | B2: Age Group | C2: Required Adult:Child Ratio | D2: min | E2: mean | F2: % qualified teachers (min) | G2: Min. qualified teachers
A3: Kindergarten (all day or sessional) | B3: Under 2 years | C3: 1:5 | D3: 0.2 | E3: =1/4.38 -> 0.2283105 | F3: 1 | G3: 1
A4: Kindergarten (all day) | B4: 2 years and over | C4: 1:10 | D4: =1/10 -> 0.1 | E4: =1/6.21 -> 0.1610306 | F4: 1 | G4: 1
A5: Education & Care | B5: Under 2 years | C5: 1:5 | D5: 0.2 | E5: =1/3.84 -> 0.26041667 | F5: 0.5 | G5: 1
A6: Education & Care | B6: 2 years and over | C6: 1:10 | D6: 0.1 | E6: =1/5.77 -> 0.17331023 | F6: 0.5 | G6: 1
A7: Home-based Services | B7: All ages | C7: 1:4 | D7: 0.25 | F7: 1 | G7: 1
A8: Hospital-based Services | B8: 2 years and over | C8: 1:10 | D8: =1/10 -> 0.1 | F8: 0.5 | G8: 1
A9: Hospital-based Services | B9: Under 2 years | C9: 1:5 | D9: =1/5 -> 0.2 | F9: 0.5 | G9: 1
A10: Playcentre | B10: All ages | C10: 1:5 | D10: =1/5 -> 0.2 | F10: 0 | G10: 0
A11: Kōhanga Reo | B11: Under 2 years | C11: 1:4 | D11: 0.25 | F11: 0.5 | G11: 0
A12: Kōhanga Reo | B12: 2 years and over | C12: 1:6 | D12: =1/6 -> 0.16666667 | F12: 0.5 | G12: 0
A13: Kindergarten (sessional) | B13: 2 years and over | C13: 1:15 | D13: =1/15 -> 0.066666667 | F13: 1 | G13: 1

Sheet T17
A1: Participation share and teacher demand for centre-based, teacher-led services
A2: Participation share by service type and size
A3: Year | B3: Education & Care | C3: Kindergarten | D3: Te Kōhanga Reo*
A4: 2000
A5: 2001
A6: 2002
A7: 2003
A8: 2004
A9: 2005
A10: 2006 | B10: 0.6446508 | C10: 0.23096161 | D10: 0.026525634
A11: 2007 | B11: 0.65067585 | C11: 0.22244652 | D11: 0.024718478
A12: 2008 | B12: 0.66107866 | C12: 0.20890541 | D12: 0.024273686
A13: 2009 | B13: 0.66800563 | C13: 0.19880789 | D13: 0.023268298
A14: 2010 | B14: 0.69015304 | C14: 0.17601527 | D14: 0.021878203
A15: 2011 | B15: 0.70292483 | C15: 0.16386498 | D15: 0.022164983
A16: 2012 | B16: 0.71315043 | C16: 0.15643342 | D16: 0.021038053
A17: 2013 | B17: 0.72966816 | C17: 0.13896545 | D17: 0.019690621
A18: 2014 | B18: 0.74188322 | C18: 0.12003712 | D18: 0.019112188
A19: 2015 | B19: 0.71357053 | C19: 0.11246201 | D19: 0.018207283
A20: 2016 | B20: 0.72259735 | C20: 0.10983127 | D20: 0.01749121
A21: 2017 | B21: 0.72589416 | C21: 0.1031986 | D21: 0.017606862
... A28: 2024 | B28: 0.78464895 | C28: 0.094682635 | D28: 0.016591722
A29: 2025* | B29: =SUMIF('Source-AKL-service-directory'!A4:A1415,"Education & Care Service",'Source-AKL-service-directory'!K4:K1415)/SUM('Source-AKL-service-directory'!K4:K1415) -> 0.75989331 | C29: =SUMIF('Source-AKL-service-directory'!A4:A1415,"Free Kindergarten",'Source-AKL-service-directory'!K4:K1415)/SUM('Source-AKL-service-directory'!K4:K1415) -> 0.096145152 | D29: =SUMIF('Source-AKL-service-directory'!A4:A1415,"Te Kōhanga Reo",'Source-AKL-service-directory'!K4:K1415)/SUM('Source-AKL-service-directory'!K4:K1415) -> 0.016260285
A31: Year-on-year market share change by service type
A32: Year | B32: Education & Care | C32: Kindergarten | D32: Te Kōhanga Reo*
A33: 2001
A34: 2002
A35: 2003
A36: 2004
A37: 2005
A38: 2006 | B38: =B10-B9 -> 0.6446508 | C38: =C10-C9 -> 0.23096161 | D38: =D10-D9 -> 0.026525634
A39: 2007 | B39: =B11-B10 -> 0.006025049 | C39: =C11-C10 -> -0.0085150896 | D39: =D11-D10 -> -0.0018071554
A40: 2008 | B40: =B12-B11 -> 0.010402812 | C40: =C12-C11 -> -0.013541107 | D40: =D12-D11 -> -0.00044479269
A41: 2009 | B41: =B13-B12 -> 0.0069269654 | C41: =C13-C12 -> -0.010097515 | D41: =D13-D12 -> -0.0010053877
A42: 2010 | B42: =B14-B13 -> 0.022147414 | C42: =C14-C13 -> -0.022792624 | D42: =D14-D13 -> -0.001390095
A43: 2011 | B43: =B15-B14 -> 0.012771787 | C43: =C15-C14 -> -0.012150292 | D43: =D15-D14 -> 0.0002867803
A44: 2012 | B44: =B16-B15 -> 0.010225603 | C44: =C16-C15 -> -0.0074315531 | D44: =D16-D15 -> -0.0011269302
A45: 2013 | B45: =B17-B16 -> 0.016517727 | C45: =C17-C16 -> -0.017467978 | D45: =D17-D16 -> -0.0013474317
A46: 2014 | B46: =B18-B17 -> 0.01221506 | C46: =C18-C17 -> -0.018928323 | D46: =D18-D17 -> -0.00057843371
A47: 2015 | B47: =B19-B18 -> -0.028312684 | C47: =C19-C18 -> -0.0075751172 | D47: =D19-D18 -> -0.00090490484
A48: 2016 | B48: =B20-B19 -> 0.0090268145 | C48: =C20-C19 -> -0.0026307396 | D48: =D20-D19 -> -0.00071607265
A49: 2017 | B49: =B21-B20 -> 0.0032968062 | C49: =C21-C20 -> -0.0066326622 | D49: =D21-D20 -> 0.0001156522
... A57: 2025 | B57: =B29-B28 -> -0.024755641 | C57: =C29-C28 -> 0.001462517 | D57: =D29-D28 -> -0.00033143683
A59: Market share forecasting ranges | F59: Attendance levels | K59: Qualified staff count multipliers
B60: Education & Care | C60: Kindergarten | D60: Te Kōhanga Reo* | F60: Measure | G60: Education & Care | H60: Kindergarten | I60: Te Kōhanga Reo* | K60: Target | L60: Education & Care | M60: Kindergarten
A61: 2000-2025 | F61: Hours | G61: 24.8 | H61: 18.4 | I61: 24 | K61: Low | L61: 0.5 | M61: 1
A62: Min | B62: =MIN(MarketShare[Education & Care]) -> 0.6446508 | C62: =MIN(MarketShare[Kindergarten]) -> 0.087867968 | D62: =MIN(MarketShare[Te Kōhanga Reo*]) -> 0.016215745 | F62: FTE | G62: =G61/40 -> 0.62 | H62: =H61/40 -> 0.46 | I62: =I61/40 -> 0.6 | K62: Medium | L62: =AVERAGE('Source-fte_qualstus_x_servtype'!K14:AA14) -> 0.64082428 | M62: 1
A63: Mean | B63: =AVERAGE(MarketShare[Education & Care]) -> 0.72311073 | C63: =AVERAGE(MarketShare[Kindergarten]) -> 0.13506062 | D63: =AVERAGE(MarketShare[Te Kōhanga Reo*]) -> 0.019396104 | K63: High | L63: 1 | M63: 1
A64: Median | B64: =MEDIAN(MarketShare[Education & Care]) -> 0.72778116 | C64: =MEDIAN(MarketShare[Kindergarten]) -> 0.11114664 | D64: =MEDIAN(MarketShare[Te Kōhanga Reo*]) -> 0.017907073 | F64: Adult:Child ratio multipliers
A65: Max | B65: =MAX(MarketShare[Education & Care]) -> 0.78895751 | C65: =MAX(MarketShare[Kindergarten]) -> 0.23096161 | D65: =MAX(MarketShare[Te Kōhanga Reo*]) -> 0.026525634 | F65: Group | G65: Education & Care | H65: Kindergarten | I65: Te Kōhanga Reo
A66: Range | B66: =B65-B62 -> 0.14430671 | C66: =C65-C62 -> 0.14309364 | D66: =D65-D62 -> 0.010309889 | F66: Under 2s (regulated) | G66: =1/5 -> 0.2 | H66: =1/5 -> 0.2 | I66: =1/4 -> 0.25
A67: 2016-2025 | F67: 2+ (regulated) | G67: =1/10 -> 0.1 | H67: =1/10 -> 0.1 | I67: =1/6 -> 0.16666667
A68: Min | B68: =MIN(B20:B29) -> 0.72259735 | C68: =MIN(C20:C29) -> 0.087867968 | D68: =MIN(D20:D29) -> 0.016215745 | F68: Under 2s (observed) | G68: =1/4.02 -> 0.24875622 | H68: =1/4.49 -> 0.22271715
A69: Mean | B69: =AVERAGE(B20:B29) -> 0.75464535 | C69: =AVERAGE(C20:C29) -> 0.097231276 | D69: =AVERAGE(D20:D29) -> 0.016704466 | F69: 2 (observed) | G69: =1/5.17 -> 0.1934236 | H69: =1/5.73 -> 0.17452007
A70: Median | B70: =MEDIAN(B20:B29) -> 0.75475645 | C70: =MEDIAN(C20:C29) -> 0.096676618 | D70: =MEDIAN(D20:D29) -> 0.016504645 | F70: 3+ (observed) | G70: =1/6.08 -> 0.16447368 | H70: =1/6.87 -> 0.14556041
A71: Max | B71: =MAX(B20:B29) -> 0.78895751 | C71: =MAX(C20:C29) -> 0.10983127 | D71: =MAX(D20:D29) -> 0.017606862
A72: Range | B72: =B71-B68 -> 0.066360157 | C72: =C71-C68 -> 0.021963298 | D72: =D71-D68 -> 0.0013911175 | F72: Market breakdown multipliers
A73: 2021-2025 | F73: Group | G73: Education & Care | H73: Kindergarten | I73: Te Kōhanga Reo
A74: Min | B74: =MIN(B25:B29) -> 0.75989331 | C74: =MIN(C25:C29) -> 0.087867968 | D74: =MIN(D25:D29) -> 0.016260285 | F74: Under 2s (4yr mean) | G74: 0.20973766 | H74: 0.012647468 | I74: 0.25368108
A75: Mean | B75: =AVERAGE(B25:B29) -> 0.77372922 | C75: =AVERAGE(C25:C29) -> 0.09241551 | D75: =AVERAGE(D25:D29) -> 0.016485722 | F75: 2 (4yr mean) | G75: 0.23076762 | H75: 0.14979598 | I75: 0.26121162
A76: Median | B76: =MEDIAN(B25:B29) -> 0.77379126 | C76: =MEDIAN(C25:C29) -> 0.092818272 | D76: =MEDIAN(D25:D29) -> 0.016417567 | F76: 3-4 (4yr mean) | G76: 0.54219369 | H76: 0.81230596 | I76: 0.48510729
A77: Max | B77: =MAX(B25:B29) -> 0.78895751 | C77: =MAX(C25:C29) -> 0.096145152 | D77: =MAX(D25:D29) -> 0.016838946 | F77: 5+ (4yr mean) | G77: 0.016819784 | H77: 0.025250584
A78: Range | B78: =B77-B74 -> 0.0290642 | C78: =C77-C74 -> 0.0082771839 | D78: =D77-D74 -> 0.0005786612
A82: Low scenario estimate - headcount enrolments | F82: Low scenario estimate - workforce FTE required to maintain observed ratios | O82: Low scenario estimate - qualified FTE required to maintain compliance with regulation | U82: Low scenario estimate - unqualified FTE required
A83: Year | B83: Education & Care | C83: Kindergarten | D83: Total | F83: Year | G83: Education & Care (under 2s) | H83: Education & Care (2s) | I83: Education & Care (3+) | J83: Kindergarten (Under 2s) | K83: Kindergarten (2s) | L83: Kindergarten (3+) | M83: Total FTE | O83: Year | P83: Education & Care | Q83: Kindergarten | R83: Total FTE | U83: Year | V83: Education & Care
A84: 2025 | B84: =MROUND(('T15'!$Q15*B$75),5) -> 42220 | C84: =MROUND(('T15'!$Q15*C$75),5) -> 5045 | D84: =SUM(B84:C84) -> 47265 | F84: 2025 | G84: =MROUND(((CentreBasedHeadcountEnrolmentsLow[[#This Row],[Education & Care]]*G$74)*G$68)*'Source-fte_qualstus_x_servtype'!J31,5) -> 1875 | H84: =MROUND(((CentreBasedHeadcountEnrolmentsLow[[#This Row],[Education & Care]]*G$75)*G$69)*'Source-fte_qualstus_x_servtype'!J31,5) -> 1605 | I84: =MROUND(((CentreBasedHeadcountEnrolmentsLow[[#This Row],[Education & Care]]*SUM(G$76:G$77))*G$70)*'Source-fte_qualstus_x_servtype'!J31,5) -> 3305 | J84: =MROUND(((CentreBasedHeadcountEnrolmentsLow[[#This Row],[Kindergarten]]*H$74)*H$68)*'Source-fte_qualstus_x_servtype'!J31,5) -> 10 | K84: =MROUND(((CentreBasedHeadcountEnrolmentsLow[[#This Row],[Kindergarten]]*H$75)*H$69)*'Source-fte_qualstus_x_servtype'!J31,5) -> 110 | L84: =MROUND(((CentreBasedHeadcountEnrolmentsLow[[#This Row],[Kindergarten]]*SUM(H$76:H$77))*H$70)*'Source-fte_qualstus_x_servtype'!J31,5) -> 525 | M84: =SUM(G84:L84) -> 7430 | O84: 2025 | P84: =MROUND(SUM(LowScenarioCentreBasedFTEDemand[[#This Row],[Education & Care (under 2s)]:[Education & Care (3+)]])*L$61,5) -> 3395 | Q84: =MROUND(SUM(LowScenarioCentreBasedFTEDemand[[#This Row],[Kindergarten (Under 2s)]:[Kindergarten (3+)]])*M$61,5) -> 645 | R84: =SUM(P84:Q84) -> 4040 | U84: 2025 | V84: =SUM(LowScenarioCentreBasedFTEDemand[[#This Row],[Education & Care (under 2s)]:[Education & Care (3+)]])-LowScenarioQualifedFTE[[#This Row],[Education & Care]] -> 3390
A85: 2026 | B85: =MROUND(('T15'!$Q16*B$75),5) -> 41115 | C85: =MROUND(('T15'!$Q16*C$75),5) -> 4910 | D85: =SUM(B85:C85) -> 46025 | F85: 2026 | G85: =MROUND(((CentreBasedHeadcountEnrolmentsLow[[#This Row],[Education & Care]]*G$74)*G$68)*'Source-fte_qualstus_x_servtype'!J32,5) -> 1835 | H85: =MROUND(((CentreBasedHeadcountEnrolmentsLow[[#This Row],[Education & Care]]*G$75)*G$69)*'Source-fte_qualstus_x_servtype'!J32,5) -> 1570 | I85: =MROUND(((CentreBasedHeadcountEnrolmentsLow[[#This Row],[Education & Care]]*SUM(G$76:G$77))*G$70)*'Source-fte_qualstus_x_servtype'!J32,5) -> 3235 | J85: =MROUND(((CentreBasedHeadcountEnrolmentsLow[[#This Row],[Kindergarten]]*H$74)*H$68)*'Source-fte_qualstus_x_servtype'!J32,5) -> 10 | K85: =MROUND(((CentreBasedHeadcountEnrolmentsLow[[#This Row],[Kindergarten]]*H$75)*H$69)*'Source-fte_qualstus_x_servtype'!J32,5) -> 110 | L85: =MROUND(((CentreBasedHeadcountEnrolmentsLow[[#This Row],[Kindergarten]]*SUM(H$76:H$77))*H$70)*'Source-fte_qualstus_x_servtype'!J32,5) -> 510 | M85: =SUM(G85:L85) -> 7270 | O85: 2026 | P85: =MROUND(SUM(LowScenarioCentreBasedFTEDemand[[#This Row],[Education & Care (under 2s)]:[Education & Care (3+)]])*L$61,5) -> 3320 | Q85: =MROUND(SUM(LowScenarioCentreBasedFTEDemand[[#This Row],[Kindergarten (Under 2s)]:[Kindergarten (3+)]])*M$61,5) -> 630 | R85: =SUM(P85:Q85) -> 3950 | U85: 2026 | V85: =SUM(LowScenarioCentreBasedFTEDemand[[#This Row],[Education & Care (under 2s)]:[Education & Care (3+)]])-LowScenarioQualifedFTE[[#This Row],[Education & Care]] -> 3320
A86: 2027 | B86: =MROUND(('T15'!$Q17*B$75),5) -> 40050 | C86: =MROUND(('T15'!$Q17*C$75),5) -> 4785 | D86: =SUM(B86:C86) -> 44835 | F86: 2027 | G86: =MROUND(((CentreBasedHeadcountEnrolmentsLow[[#This Row],[Education & Care]]*G$74)*G$68)*'Source-fte_qualstus_x_servtype'!J33,5) -> 1795 | H86: =MROUND(((CentreBasedHeadcountEnrolmentsLow[[#This Row],[Education & Care]]*G$75)*G$69)*'Source-fte_qualstus_x_servtype'!J33,5) -> 1535 | I86: =MROUND(((CentreBasedHeadcountEnrolmentsLow[[#This Row],[Education & Care]]*SUM(G$76:G$77))*G$70)*'Source-fte_qualstus_x_servtype'!J33,5) -> 3165 | J86: =MROUND(((CentreBasedHeadcountEnrolmentsLow[[#This Row],[Kindergarten]]*H$74)*H$68)*'Source-fte_qualstus_x_servtype'!J33,5) -> 10 | K86: =MROUND(((CentreBasedHeadcountEnrolmentsLow[[#This Row],[Kindergarten]]*H$75)*H$69)*'Source-fte_qualstus_x_servtype'!J33,5) -> 105 | L86: =MROUND(((CentreBasedHeadcountEnrolmentsLow[[#This Row],[Kindergarten]]*SUM(H$76:H$77))*H$70)*'Source-fte_qualstus_x_servtype'!J33,5) -> 500 | M86: =SUM(G86:L86) -> 7110 | O86: 2027 | P86: =MROUND(SUM(LowScenarioCentreBasedFTEDemand[[#This Row],[Education & Care (under 2s)]:[Education & Care (3+)]])*L$61,5) -> 3250 | Q86: =MROUND(SUM(LowScenarioCentreBasedFTEDemand[[#This Row],[Kindergarten (Under 2s)]:[Kindergarten (3+)]])*M$61,5) -> 615 | R86: =SUM(P86:Q86) -> 3865 | U86: 2027 | V86: =SUM(LowScenarioCentreBasedFTEDemand[[#This Row],[Education & Care (under 2s)]:[Education & Care (3+)]])-LowScenarioQualifedFTE[[#This Row],[Education & Care]] -> 3245
A87: 2028 | B87: =MROUND(('T15'!$Q18*B$75),5) -> 39880 | C87: =MROUND(('T15'!$Q18*C$75),5) -> 4765 | D87: =SUM(B87:C87) -> 44645 | F87: 2028 | G87: =MROUND(((CentreBasedHeadcountEnrolmentsLow[[#This Row],[Education & Care]]*G$74)*G$68)*'Source-fte_qualstus_x_servtype'!J34,5) -> 1795 | H87: =MROUND(((CentreBasedHeadcountEnrolmentsLow[[#This Row],[Education & Care]]*G$75)*G$69)*'Source-fte_qualstus_x_servtype'!J34,5) -> 1535 | I87: =MROUND(((CentreBasedHeadcountEnrolmentsLow[[#This Row],[Education & Care]]*SUM(G$76:G$77))*G$70)*'Source-fte_qualstus_x_servtype'!J34,5) -> 3165 | J87: =MROUND(((CentreBasedHeadcountEnrolmentsLow[[#This Row],[Kindergarten]]*H$74)*H$68)*'Source-fte_qualstus_x_servtype'!J34,5) -> 10 | K87: =MROUND(((CentreBasedHeadcountEnrolmentsLow[[#This Row],[Kindergarten]]*H$75)*H$69)*'Source-fte_qualstus_x_servtype'!J34,5) -> 110 | L87: =MROUND(((CentreBasedHeadcountEnrolmentsLow[[#This Row],[Kindergarten]]*SUM(H$76:H$77))*H$70)*'Source-fte_qualstus_x_servtype'!J34,5) -> 500 | M87: =SUM(G87:L87) -> 7115 | O87: 2028 | P87: =MROUND(SUM(LowScenarioCentreBasedFTEDemand[[#This Row],[Education & Care (under 2s)]:[Education & Care (3+)]])*L$61,5) -> 3250 | Q87: =MROUND(SUM(LowScenarioCentreBasedFTEDemand[[#This Row],[Kindergarten (Under 2s)]:[Kindergarten (3+)]])*M$61,5) -> 620 | R87: =SUM(P87:Q87) -> 3870 | U87: 2028 | V87: =SUM(LowScenarioCentreBasedFTEDemand[[#This Row],[Education & Care (under 2s)]:[Education & Care (3+)]])-LowScenarioQualifedFTE[[#This Row],[Education & Care]] -> 3245
A88: 2029 | B88: =MROUND(('T15'!$Q19*B$75),5) -> 39710 | C88: =MROUND(('T15'!$Q19*C$75),5) -> 4745 | D88: =SUM(B88:C88) -> 44455 | F88: 2029 | G88: =MROUND(((CentreBasedHeadcountEnrolmentsLow[[#This Row],[Education & Care]]*G$74)*G$68)*'Source-fte_qualstus_x_servtype'!J35,5) -> 1795 | H88: =MROUND(((CentreBasedHeadcountEnrolmentsLow[[#This Row],[Education & Care]]*G$75)*G$69)*'Source-fte_qualstus_x_servtype'!J35,5) -> 1535 | I88: =MROUND(((CentreBasedHeadcountEnrolmentsLow[[#This Row],[Education & Care]]*SUM(G$76:G$77))*G$70)*'Source-fte_qualstus_x_servtype'!J35,5) -> 3165 | J88: =MROUND(((CentreBasedHeadcountEnrolmentsLow[[#This Row],[Kindergarten]]*H$74)*H$68)*'Source-fte_qualstus_x_servtype'!J35,5) -> 10 | K88: =MROUND(((CentreBasedHeadcountEnrolmentsLow[[#This Row],[Kindergarten]]*H$75)*H$69)*'Source-fte_qualstus_x_servtype'!J35,5) -> 110 | L88: =MROUND(((CentreBasedHeadcountEnrolmentsLow[[#This Row],[Kindergarten]]*SUM(H$76:H$77))*H$70)*'Source-fte_qualstus_x_servtype'!J35,5) -> 500 | M88: =SUM(G88:L88) -> 7115 | O88: 2029 | P88: =MROUND(SUM(LowScenarioCentreBasedFTEDemand[[#This Row],[Education & Care (under 2s)]:[Education & Care (3+)]])*L$61,5) -> 3250 | Q88: =MROUND(SUM(LowScenarioCentreBasedFTEDemand[[#This Row],[Kindergarten (Under 2s)]:[Kindergarten (3+)]])*M$61,5) -> 620 | R88: =SUM(P88:Q88) -> 3870 | U88: 2029 | V88: =SUM(LowScenarioCentreBasedFTEDemand[[#This Row],[Education & Care (under 2s)]:[Education & Care (3+)]])-LowScenarioQualifedFTE[[#This Row],[Education & Care]] -> 3245
A89: 2030 | B89: =MROUND(('T15'!$Q20*B$75),5) -> 39435 | C89: =MROUND(('T15'!$Q20*C$75),5) -> 4710 | D89: =SUM(B89:C89) -> 44145 | F89: 2030 | G89: =MROUND(((CentreBasedHeadcountEnrolmentsLow[[#This Row],[Education & Care]]*G$74)*G$68)*'Source-fte_qualstus_x_servtype'!J36,5) -> 1790 | H89: =MROUND(((CentreBasedHeadcountEnrolmentsLow[[#This Row],[Education & Care]]*G$75)*G$69)*'Source-fte_qualstus_x_servtype'!J36,5) -> 1530 | I89: =MROUND(((CentreBasedHeadcountEnrolmentsLow[[#This Row],[Education & Care]]*SUM(G$76:G$77))*G$70)*'Source-fte_qualstus_x_servtype'!J36,5) -> 3155 | J89: =MROUND(((CentreBasedHeadcountEnrolmentsLow[[#This Row],[Kindergarten]]*H$74)*H$68)*'Source-fte_qualstus_x_servtype'!J36,5) -> 10 | K89: =MROUND(((CentreBasedHeadcountEnrolmentsLow[[#This Row],[Kindergarten]]*H$75)*H$69)*'Source-fte_qualstus_x_servtype'!J36,5) -> 105 | L89: =MROUND(((CentreBasedHeadcountEnrolmentsLow[[#This Row],[Kindergarten]]*SUM(H$76:H$77))*H$70)*'Source-fte_qualstus_x_servtype'!J36,5) -> 500 | M89: =SUM(G89:L89) -> 7090 | O89: 2030 | P89: =MROUND(SUM(LowScenarioCentreBasedFTEDemand[[#This Row],[Education & Care (under 2s)]:[Education & Care (3+)]])*L$61,5) -> 3240 | Q89: =MROUND(SUM(LowScenarioCentreBasedFTEDemand[[#This Row],[Kindergarten (Under 2s)]:[Kindergarten (3+)]])*M$61,5) -> 615 | R89: =SUM(P89:Q89) -> 3855 | U89: 2030 | V89: =SUM(LowScenarioCentreBasedFTEDemand[[#This Row],[Education & Care (under 2s)]:[Education & Care (3+)]])-LowScenarioQualifedFTE[[#This Row],[Education & Care]] -> 3235
A90: 2031 | B90: =MROUND(('T15'!$Q21*B$75),5) -> 39160 | C90: =MROUND(('T15'!$Q21*C$75),5) -> 4680 | D90: =SUM(B90:C90) -> 43840 | F90: 2031 | G90: =MROUND(((CentreBasedHeadcountEnrolmentsLow[[#This Row],[Education & Care]]*G$74)*G$68)*'Source-fte_qualstus_x_servtype'!J37,5) -> 1785 | H90: =MROUND(((CentreBasedHeadcountEnrolmentsLow[[#This Row],[Education & Care]]*G$75)*G$69)*'Source-fte_qualstus_x_servtype'!J37,5) -> 1530 | I90: =MROUND(((CentreBasedHeadcountEnrolmentsLow[[#This Row],[Education & Care]]*SUM(G$76:G$77))*G$70)*'Source-fte_qualstus_x_servtype'!J37,5) -> 3150 | J90: =MROUND(((CentreBasedHeadcountEnrolmentsLow[[#This Row],[Kindergarten]]*H$74)*H$68)*'Source-fte_qualstus_x_servtype'!J37,5) -> 10 | K90: =MROUND(((CentreBasedHeadcountEnrolmentsLow[[#This Row],[Kindergarten]]*H$75)*H$69)*'Source-fte_qualstus_x_servtype'!J37,5) -> 105 | L90: =MROUND(((CentreBasedHeadcountEnrolmentsLow[[#This Row],[Kindergarten]]*SUM(H$76:H$77))*H$70)*'Source-fte_qualstus_x_servtype'!J37,5) -> 500 | M90: =SUM(G90:L90) -> 7080 | O90: 2031 | P90: =MROUND(SUM(LowScenarioCentreBasedFTEDemand[[#This Row],[Education & Care (under 2s)]:[Education & Care (3+)]])*L$61,5) -> 3235 | Q90: =MROUND(SUM(LowScenarioCentreBasedFTEDemand[[#This Row],[Kindergarten (Under 2s)]:[Kindergarten (3+)]])*M$61,5) -> 615 | R90: =SUM(P90:Q90) -> 3850 | U90: 2031 | V90: =SUM(LowScenarioCentreBasedFTEDemand[[#This Row],[Education & Care (under 2s)]:[Education & Care (3+)]])-LowScenarioQualifedFTE[[#This Row],[Education & Care]] -> 3230
A91: 2032 | B91: =MROUND(('T15'!$Q22*B$75),5) -> 38900 | C91: =MROUND(('T15'!$Q22*C$75),5) -> 4645 | D91: =SUM(B91:C91) -> 43545 | F91: 2032 | G91: =MROUND(((CentreBasedHeadcountEnrolmentsLow[[#This Row],[Education & Care]]*G$74)*G$68)*'Source-fte_qualstus_x_servtype'!J38,5) -> 1780 | H91: =MROUND(((CentreBasedHeadcountEnrolmentsLow[[#This Row],[Education & Care]]*G$75)*G$69)*'Source-fte_qualstus_x_servtype'!J38,5) -> 1525 | I91: =MROUND(((CentreBasedHeadcountEnrolmentsLow[[#This Row],[Education & Care]]*SUM(G$76:G$77))*G$70)*'Source-fte_qualstus_x_servtype'!J38,5) -> 3140 | J91: =MROUND(((CentreBasedHeadcountEnrolmentsLow[[#This Row],[Kindergarten]]*H$74)*H$68)*'Source-fte_qualstus_x_servtype'!J38,5) -> 10 | K91: =MROUND(((CentreBasedHeadcountEnrolmentsLow[[#This Row],[Kindergarten]]*H$75)*H$69)*'Source-fte_qualstus_x_servtype'!J38,5) -> 105 | L91: =MROUND(((CentreBasedHeadcountEnrolmentsLow[[#This Row],[Kindergarten]]*SUM(H$76:H$77))*H$70)*'Source-fte_qualstus_x_servtype'!J38,5) -> 495 | M91: =SUM(G91:L91) -> 7055 | O91: 2032 | P91: =MROUND(SUM(LowScenarioCentreBasedFTEDemand[[#This Row],[Education & Care (under 2s)]:[Education & Care (3+)]])*L$61,5) -> 3225 | Q91: =MROUND(SUM(LowScenarioCentreBasedFTEDemand[[#This Row],[Kindergarten (Under 2s)]:[Kindergarten (3+)]])*M$61,5) -> 610 | R91: =SUM(P91:Q91) -> 3835 | U91: 2032 | V91: =SUM(LowScenarioCentreBasedFTEDemand[[#This Row],[Education & Care (under 2s)]:[Education & Care (3+)]])-LowScenarioQualifedFTE[[#This Row],[Education & Care]] -> 3220
A92: 2033 | B92: =MROUND(('T15'!$Q23*B$75),5) -> 38675 | C92: =MROUND(('T15'!$Q23*C$75),5) -> 4620 | D92: =SUM(B92:C92) -> 43295 | F92: 2033 | G92: =MROUND(((CentreBasedHeadcountEnrolmentsLow[[#This Row],[Education & Care]]*G$74)*G$68)*'Source-fte_qualstus_x_servtype'!J39,5) -> 1780 | H92: =MROUND(((CentreBasedHeadcountEnrolmentsLow[[#This Row],[Education & Care]]*G$75)*G$69)*'Source-fte_qualstus_x_servtype'!J39,5) -> 1525 | I92: =MROUND(((CentreBasedHeadcountEnrolmentsLow[[#This Row],[Education & Care]]*SUM(G$76:G$77))*G$70)*'Source-fte_qualstus_x_servtype'!J39,5) -> 3135 | J92: =MROUND(((CentreBasedHeadcountEnrolmentsLow[[#This Row],[Kindergarten]]*H$74)*H$68)*'Source-fte_qualstus_x_servtype'!J39,5) -> 10 | K92: =MROUND(((CentreBasedHeadcountEnrolmentsLow[[#This Row],[Kindergarten]]*H$75)*H$69)*'Source-fte_qualstus_x_servtype'!J39,5) -> 105 | L92: =MROUND(((CentreBasedHeadcountEnrolmentsLow[[#This Row],[Kindergarten]]*SUM(H$76:H$77))*H$70)*'Source-fte_qualstus_x_servtype'!J39,5) -> 495 | M92: =SUM(G92:L92) -> 7050 | O92: 2033 | P92: =MROUND(SUM(LowScenarioCentreBasedFTEDemand[[#This Row],[Education & Care (under 2s)]:[Education & Care (3+)]])*L$61,5) -> 3220 | Q92: =MROUND(SUM(LowScenarioCentreBasedFTEDemand[[#This Row],[Kindergarten (Under 2s)]:[Kindergarten (3+)]])*M$61,5) -> 610 | R92: =SUM(P92:Q92) -> 3830 | U92: 2033 | V92: =SUM(LowScenarioCentreBasedFTEDemand[[#This Row],[Education & Care (under 2s)]:[Education & Care (3+)]])-LowScenarioQualifedFTE[[#This Row],[Education & Care]] -> 3220
A93: 2034 | B93: =MROUND(('T15'!$Q24*B$75),5) -> 38495 | C93: =MROUND(('T15'!$Q24*C$75),5) -> 4600 | D93: =SUM(B93:C93) -> 43095 | F93: 2034 | G93: =MROUND(((CentreBasedHeadcountEnrolmentsLow[[#This Row],[Education & Care]]*G$74)*G$68)*'Source-fte_qualstus_x_servtype'!J40,5) -> 1780 | H93: =MROUND(((CentreBasedHeadcountEnrolmentsLow[[#This Row],[Education & Care]]*G$75)*G$69)*'Source-fte_qualstus_x_servtype'!J40,5) -> 1520 | I93: =MROUND(((CentreBasedHeadcountEnrolmentsLow[[#This Row],[Education & Care]]*SUM(G$76:G$77))*G$70)*'Source-fte_qualstus_x_servtype'!J40,5) -> 3135 | J93: =MROUND(((CentreBasedHeadcountEnrolmentsLow[[#This Row],[Kindergarten]]*H$74)*H$68)*'Source-fte_qualstus_x_servtype'!J40,5) -> 10 | K93: =MROUND(((CentreBasedHeadcountEnrolmentsLow[[#This Row],[Kindergarten]]*H$75)*H$69)*'Source-fte_qualstus_x_servtype'!J40,5) -> 105 | L93: =MROUND(((CentreBasedHeadcountEnrolmentsLow[[#This Row],[Kindergarten]]*SUM(H$76:H$77))*H$70)*'Source-fte_qualstus_x_servtype'!J40,5) -> 495 | M93: =SUM(G93:L93) -> 7045 | O93: 2034 | P93: =MROUND(SUM(LowScenarioCentreBasedFTEDemand[[#This Row],[Education & Care (under 2s)]:[Education & Care (3+)]])*L$61,5) -> 3220 | Q93: =MROUND(SUM(LowScenarioCentreBasedFTEDemand[[#This Row],[Kindergarten (Under 2s)]:[Kindergarten (3+)]])*M$61,5) -> 610 | R93: =SUM(P93:Q93) -> 3830 | U93: 2034 | V93: =SUM(LowScenarioCentreBasedFTEDemand[[#This Row],[Education & Care (under 2s)]:[Education & Care (3+)]])-LowScenarioQualifedFTE[[#This Row],[Education & Care]] -> 3215
A94: 2035 | B94: =MROUND(('T15'!$Q25*B$75),5) -> 38375 | C94: =MROUND(('T15'!$Q25*C$75),5) -> 4585 | D94: =SUM(B94:C94) -> 42960 | F94: 2035 | G94: =MROUND(((CentreBasedHeadcountEnrolmentsLow[[#This Row],[Education & Care]]*G$74)*G$68)*'Source-fte_qualstus_x_servtype'!J41,5) -> 1780 | H94: =MROUND(((CentreBasedHeadcountEnrolmentsLow[[#This Row],[Education & Care]]*G$75)*G$69)*'Source-fte_qualstus_x_servtype'!J41,5) -> 1525 | I94: =MROUND(((CentreBasedHeadcountEnrolmentsLow[[#This Row],[Education & Care]]*SUM(G$76:G$77))*G$70)*'Source-fte_qualstus_x_servtype'!J41,5) -> 3140 | J94: =MROUND(((CentreBasedHeadcountEnrolmentsLow[[#This Row],[Kindergarten]]*H$74)*H$68)*'Source-fte_qualstus_x_servtype'!J41,5) -> 10 | K94: =MROUND(((CentreBasedHeadcountEnrolmentsLow[[#This Row],[Kindergarten]]*H$75)*H$69)*'Source-fte_qualstus_x_servtype'!J41,5) -> 105 | L94: =MROUND(((CentreBasedHeadcountEnrolmentsLow[[#This Row],[Kindergarten]]*SUM(H$76:H$77))*H$70)*'Source-fte_qualstus_x_servtype'!J41,5) -> 495 | M94: =SUM(G94:L94) -> 7055 | O94: 2035 | P94: =MROUND(SUM(LowScenarioCentreBasedFTEDemand[[#This Row],[Education & Care (under 2s)]:[Education & Care (3+)]])*L$61,5) -> 3225 | Q94: =MROUND(SUM(LowScenarioCentreBasedFTEDemand[[#This Row],[Kindergarten (Under 2s)]:[Kindergarten (3+)]])*M$61,5) -> 610 | R94: =SUM(P94:Q94) -> 3835 | U94: 2035 | V94: =SUM(LowScenarioCentreBasedFTEDemand[[#This Row],[Education & Care (under 2s)]:[Education & Care (3+)]])-LowScenarioQualifedFTE[[#This Row],[Education & Care]] -> 3220
A96: Medium scenario estimate - headcount enrolments | F96: Medium scenario estimate - workforce FTE required to maintain observed ratios | O96: Medium scenario estimate - qualified FTE required to maintain observed ratios (where available) or regulated ratios (where there are no observations available) | U96: Medium scenario estimate - unqualified FTE required
A97: Year | B97: Education & Care | C97: Kindergarten | D97: Total | F97: Year | G97: Education & Care (under 2s) | H97: Education & Care (2s) | I97: Education & Care (3+) | J97: Kindergarten (Under 2s) | K97: Kindergarten (2s) | L97: Kindergarten (3+) | M97: Total FTE | O97: Year | P97: Education & Care | Q97: Kindergarten | R97: Total FTE | U97: Year | V97: Education & Care
